Workbook
Name Aceptar: '8 MAPA RIESGOS'!$AO$20:$AO$20
Name Afectación_Económica: '3 PROBABIL E IMPACTO INHERENTE'!$Y$12:$Y$17
Name Desc_Ejecucion_y_administracion_de_procesos: LISTAS_GUIA7!$F$2:$F$10
Name Desc_Evento_externo: LISTAS_GUIA7!$K$2:$K$5
Name Desc_Infraestructura: LISTAS_GUIA7!$J$2:$J$5
Name Desc_Talento_humano: LISTAS_GUIA7!$H$2:$H$6
Name Desc_Tecnologia: LISTAS_GUIA7!$I$2:$I$6
Name Desc_Transaccion_u_Operacion_aplica_para_LA_FT_FP: LISTAS_GUIA7!$G$2:$G$5
Name Documentacion_Control: LISTAS_GUIA7!$L$2:$L$3
Name E_Relaciones_Laborales: '11 FORMULAS'!$C$12:$C$17
Name Ejecución_administración_de_procesos: LISTAS_GUIA7!$F$2:$F$10
Name Evento_externo: LISTAS_GUIA7!$K$2:$K$5
Name F_Usuarios_Productos_y_Prácticas_Organizacionales: '11 FORMULAS'!$C$18:$C$23
Name Fiscal: '11 FORMULAS'!$B$32:$B$35
Name G_Daños_Activos_Físicos: '11 FORMULAS'!$C$24:$C$26
Name Gestión: '11 FORMULAS'!$A$32:$A$34
Name IMPACTO_PROCESOS: '[1]LISTAS FORMULAS'!$C$3:$C$7
Name IMPACTO_PROCESOS: '[1]LISTAS FORMULAS'!$C$3:$C$7
Name IMPACTO_PROCESOS: '[1]LISTAS FORMULAS'!$C$3:$C$7
Name IMPACTO_PROCESOS: '[1]LISTAS FORMULAS'!$C$3:$C$7
Name IMPACTO_PROCESOS: '[1]LISTAS FORMULAS'!$C$3:$C$7
Name IMPACTO_PROCESOS: '[1]LISTAS FORMULAS'!$C$3:$C$7
Name Infraestructura: LISTAS_GUIA7!$J$2:$J$5
Name Integridad_Pública_Corrupción: '11 FORMULAS'!$D$32:$D$34
Name Integridad_Pública_LA_FT_FP: '11 FORMULAS'!$E$32:$E$34
Name Lista_Documentacion_H5: LISTAS_GUIA7!$O$2:$O$4
Name Lista_Ejecucion_H5: LISTAS_GUIA7!$R$2:$R$4
Name Lista_Evidencia_H5: LISTAS_GUIA7!$Q$2:$Q$3
Name Lista_Factores: LISTAS_GUIA7!$D$2:$D$7
Name Lista_Factores_Riesgo: LISTAS_GUIA7!$D$2:$D$7
Name Lista_Frecuencia_H5: LISTAS_GUIA7!$P$2:$P$7
Name Lista_Implementacion_H5: LISTAS_GUIA7!$N$2:$N$3
Name Lista_Tipo_Control_H5: LISTAS_GUIA7!$M$2:$M$4
Name opciones: '[1]LISTAS FORMULAS'!$F$3:$F$4
Name opciones: '[1]LISTAS FORMULAS'!$F$3:$F$4
Name opciones: '[1]LISTAS FORMULAS'!$F$3:$F$4
Name opciones: '[1]LISTAS FORMULAS'!$F$3:$F$4
Name opciones: '[1]LISTAS FORMULAS'!$F$3:$F$4
Name opciones: '[1]LISTAS FORMULAS'!$F$3:$F$4
Name opciones2: '[1]LISTAS FORMULAS'!$G$3:$G$5
Name opciones2: '[1]LISTAS FORMULAS'!$G$3:$G$5
Name opciones2: '[1]LISTAS FORMULAS'!$G$3:$G$5
Name opciones2: '[1]LISTAS FORMULAS'!$G$3:$G$5
Name opciones2: '[1]LISTAS FORMULAS'!$G$3:$G$5
Name opciones2: '[1]LISTAS FORMULAS'!$G$3:$G$5
Name Quince_Cero: '[1]LISTAS FORMULAS'!$F$14:$F$15
Name Quince_Cero: '[1]LISTAS FORMULAS'!$F$14:$F$15
Name Quince_Cero: '[1]LISTAS FORMULAS'!$F$14:$F$15
Name Quince_Cero: '[1]LISTAS FORMULAS'!$F$14:$F$15
Name Quince_Cero: '[1]LISTAS FORMULAS'!$F$14:$F$15
Name Quince_Cero: '[1]LISTAS FORMULAS'!$F$14:$F$15
Name Rango_Calificacion_Ejecucion: '[1]LISTAS FORMULAS'!$H$3:$H$5
Name Rango_Calificacion_Ejecucion: '[1]LISTAS FORMULAS'!$H$3:$H$5
Name Rango_Calificacion_Ejecucion: '[1]LISTAS FORMULAS'!$H$3:$H$5
Name Rango_Calificacion_Ejecucion: '[1]LISTAS FORMULAS'!$H$3:$H$5
Name Rango_Calificacion_Ejecucion: '[1]LISTAS FORMULAS'!$H$3:$H$5
Name Rango_Calificacion_Ejecucion: '[1]LISTAS FORMULAS'!$H$3:$H$5
Name Reducir_mitigar_Transferir_Evitar: '8 MAPA RIESGOS'!$AO$17:$AO$19
Name Reputacional: '3 PROBABIL E IMPACTO INHERENTE'!$Z$12:$Z$17
Name Requiere_Plan_de_Acción: '8 MAPA RIESGOS'!$AO$17:$AO$19

Sheet 1 INSTRUCTIVO
B2: Matriz Mapa de Riesgos
B4: Con la expedición del Decreto 1499 de 2017 “Por medio del cual se modifica el Decreto 1083 de 2015, Decreto Único Reglamentario del Sector Función Pública, en lo relacionado con el Sistema de Gestión establecido en el artículo 133 de la Ley 1753 de 2015”, se crea un solo Sistema de Gestión y se alinea con el Sistema de Control Interno, hoy todas las entidades públicas requieren actualizar y/o implementar el Modelo Integrado de Planeación y Gestión MIPG, modelo que incorpora el Modelo Estándar de Control Interno MECI a través de la 7a dimensión del mismo. En este marco general, el proceso de administración del riesgo es un esfuerzo conjunto entre la Alta Dirección y los servidores en todos sus niveles, ejercicio que inicia con la formulación de la política de Administración del Riesgo, la cual incluye los niveles de responsabilidad frente al seguimiento y evaluación, aspectos que deberán definirse acorde con el Esquema de Líneas de Defensa vinculado a la Dimensión 7. Teniendo en cuenta lo anterior y dada la necesidad de las entidades frente a la estructuración de los mapas de riesgos, como herramienta fundamental frente a la gestión del riesgo, el presente formato desarrolla un esquema completo acorde con los contenidos metodológicos de la Guía para la Administración del Riesgo y el diseño de controles V5. El formato cuenta con celdas parametrizadas y permite contar con los respectivos mapas de calor para riesgo inherente y riesgo residual.
B6: Orientaciones Generales
B7: Antes de iniciar con el diligenciamiento de la información en la matriz, se requiere haber avanzado en el análisis del proceso, su objetivo, alcance, actividades clave, considere los lineamientos establecidos en el Paso 2: identificación del riesgo, donde se explica ampliamente las bases para adelantar este análisis. Así mismo, considere en el Paso 3: valoración del riesgo los lineamientos para definir el No. de veces que se hace la actividad con la cual se relaciona el riesgo y su impacto en términos económicos o reputacionales. En este mismo paso se analizan los controles que deben responder a los atributos de eficiencia e informativos.
B9: Las hojas se encuentran protegidas para evidar dañar las formulas, para desprotegerlas no se requiere contraseña
B11: Se debe ingresar información solo en las celdas identificadas con color NARANJA CLARO, las demás contienen formulas de autollenado
B13: El formato de fecha es: DD/MM/AAAA
B15: El archivo contiene las siguientes hojas:
B17: 1 INSTRUCTIVO: Identifica el contenido del archivo y su funcionalidad
B19: 2 CONTEXTO E IDENTIFICACIÓN: Se establece el Número, Descripción y Factor del riesgo
C21: Columna | E21: Descripción - Lineamientos para el diligenciamiento
C22: Proceso | E22: Diligencie el nombre del proceso al cual se le identificarán y valorarán los riesgos.
C23: Objetivo del Proceso | E23: Diligencie el objetivo del proceso.
C24: Elaboración o Actualización: | E24: Fecha en la que realiza el diligenciamiento o actualización del mapa de riesgos, formato (DD/MM/AAAA)
C25: Vigencia: | E25: Vigencia que tiene el mapa de riesgos fecha inicio fecha final, formato (DD/MM/AAAA)
C26: No. de Riesgo | E26: Permite definir unl consecutivo de riesgos. Una entidad puede ir en el riesgo 150, pero tener 70 riesgos, lo que permite llevar una traza de los riesgos. Esta información la debe administrar la oficina asesora de planeación o gerencia de riesgos. Cuando un el riesgo salga del mapa no existirá otro riesgo con el mismo número.
C27: ¿QUÉ? IMPACTO | E27: Analice las consecuencias que puede ocasionar a la organización la materialización del riesgo, Seleccione de la lista desplegable entre: Posibilidad de pérdida Económica Posibilidad de pérdida Reputacional Posibilidad de pérdida Económica y Reputacional
C28: ¿CÓMO? CAUSA INMEDIATA | E28: Circunstancias bajo las cuales se presenta el riesgo, es la situación más evidente frente al riesgo, redacte de la forma más concreta posible. (Iniciar con la palabra por)
C29: ¿PORQUÉ? CAUSA RAÍZ | E29: Causa principal o básica, corresponde a las razones por la cuales se puede presentar el riesgo, redacte de la forma más concreta posible. (Iniciar con debido a)
C30: DESCRIPCIÓN DEL RIESGO | E30: Consolida o resume los análisis sobre impacto + causa inmediata + causa raíz, permitiendo contar con una redacción clara y concreta del riesgo indentificado. Tenga en cuenta la estructura de alto nivel establecida en al guía, inicia con POSIBILIDAD DE + Impacto para la entidad (Qué) + Causa Inmediata (Cómo) + Causa Raíz (Por qué) (Se genera automáticamente)
C31: FACTOR DEL RIESGO / TIPO | E31: Seleccione de la lista desplegable entre las opiciones: A_Ejecución_y_Administración_de_procesos B_Fraude_Externo C_Fraude_Interno D_Fallas_Tecnológicas E_Relaciones_Laborales F_Usuarios_Productos_y_Prácticas_Organizacionales G_Daños_Activos_Físicos
C32: FACTOR DEL RIESGO / SELECCIONE FUENTE GENERADORA DEL EVENTO PARA TIPO E,F,G | E32: Si en TIPO seleccioneó las opiciones: E_Relaciones_Laborales F_Usuarios_Productos_y_Prácticas_Organizacionales G_Daños_Activos_Físicos Debe definir la fuente generadora de la lista desplegable
C33: RESULTADO FUENTE GENERADORA DEL EVENTO | E33: Se rellena automáticamente según lo seleccinado de FACTOR DEL RIESGO
B35: 3 PROBABIL E IMPACTO INHERENTE:
C37: Columna | E37: Descripción - Lineamientos para el diligenciamiento
C38: No. veces que realiza la actividad al año | E38: Defina el número de veces que se ejecuta la actividad durante el año, (Recuerde la probabilidad e ocurrencia del riesgo se define como el No. de veces que se pasa por el punto de riesgo en el periodo de 1 año). La matriz automáticamente hará el cálculo para el nivel de probabilidad inherente. La matriz calcula automáticamente: Frecuencia de la Actividad % Probabilidad Nivel Probabilidad
C39: Afectación Económica | E39: Selecciona de la lista desplegable el rango de afectación económica y la matriz calcula: % Nivel
C40: Reputacional | E40: Selecciona de la lista desplegable el rango de afectación reputacional y la matriz calcula: % Nivel
C41: Resultado / Porcentaje de Impacto / Nivel de Impacto | E41: Se calcula automáticamente según la información de afectación económica y reputacional
B43: 4 MAPA CALOR INHERENTE: Representación gráfica de la ubicación de cada riesgo inherente en el mapa de calor (En esta hoja no se ingresan datos)
B45: 5 VALORACIÓN DEL CONTROL: Se realiza la descripción y atributos del control, calcula automáticamente el Valor Total del Control, Probabilidad residual e Impacto Residual
C47: Columna | E47: Descripción - Lineamientos para el diligenciamiento
C48: Descripción del Control | E48: Recuerde que el control se define como la medida que permite reducir o mitigar un riesgo. Defina el control (es) que atacan la causa raíz del riesgo, considere la estructura explicada en la guía: Responsable de ejecutar el control + Acción + Complemento
C49: Tipo de control | E49: Debe seleccionar de lista desplegable entre: Preventivo Detectivo Correctivo
C50: Peso del Control | E50: Se calcula automáticamente según lo seleccionado en Tipo de Control Preventivo: 25 % Detectivo: 15 % Correctivo: 10 %
C51: Afectación o Desplazamiento en la Matriz | E51: Se calcula automáticamente según lo seleccionado en Tipo de Control Preventivo: 25 % Detectivo: 15 % Correctivo: 10 %
C52: Implementación | E52: Debe seleccionar de lista desplegable entre: Automático: 25 % Manual: 15 %
C53: Peso de la implementación | E53: Se calcula automáticamente según lo seleccionado en Implementación Manual Automático
C54: Informativos | E54: Debe seleccionar de listas desplegables Documentación: Documentado - Sin Documentar Frecuencia: Continua - Aleatoria Evidencia: Con registro - Sin registro
C55: Valor Total del Control | E55: Se calcula automáticamente: Peso del Control + Peso de la implementación
C56: Probabilidad residual | E56: Se calcula automáticamente: % Probabilidad Riesgo Inherente-(% Probabilidad Riesgo Inherente*Valor Total del Control)
C57: Impacto Residual | E57: % Impacto Riesgo Inherente-(% Impacto Riesgo Inherente*Valor Total del Control)
B59: 6 MAPA CALOR RESIDUAL: Representación gráfica de la ubicación de cada riesgo residual en el mapa de calor (En esta hoja no se ingresan datos)
B61: 7 MAPA CALOR INHEREN Y RESIDUAL: Comparación gráfica de la ubicación de cada riesgo inherente y residual en el mapa de calor (En esta hoja no se ingresan dados)
B63: 8 MAPA RIESGOS: Establece el Tratamiento, Plan de Acción, Seguimientos por parte del Líder del Proceso, Verificación por parte de segunda línea de defensa o quien haga sus veces, Verificación por parte de la Oficina de Control Interno o quien haga sus veces y el estado de la acción.
C65: Columna | E65: Descripción - Lineamientos para el diligenciamiento
C66: SEVERIDAD (NIVEL DE RIESGO) | E66: Se calcula automáticamente según CALIFICACIÓN RIESGO RESIDUAL / PROBABILIDAD E IMPACTO
C67: Tratamiento | E67: Se calcula automáticamente según SEVERIDAD (NIVEL DE RIESGO): Extremo, Alto, Moderado: Reducir, mitigar, Transferir, Evitar Bajo: Aceptar
C68: ¿Requiere Plan de Acción? | E68: Se calcula automáticamente según Tratamiento Reducir, mitigar, Transferir, Evitar: Requiere plan de acción Aceptar: No requiere plan de acción
C69: Plan de Acción Descripción de la Acción, basado en el análisis de causas Responsable (Cargo) Fecha de Inicio Fecha de Finalización | E69: Esta casilla dependerá del tratamiento establecido, si es Aceptar no se requieren acciones adicionales, en caso de escoger Reducir (mitigar) se deben diligenciar las acciones que se adelantarán como complemento a los controles establecidos, no necesariamente son controles adicionales. Para Reducir (compartir), es viable diligenciar la acción que deriva de esta (ejemplo póliza seguros, terceración), indicando información relevante.
C70: Seguimientos por parte del Líder del Proceso | E70: Realizar descripción de los seguimientos por parte del proceso
C71: Verificación por parte de segunda línea de defensa o quien haga sus veces (Fecha y Descripción) | E71: Realizar descripción de las verificaciones de la segunda línea de defensa
C72: Verificación por parte de la Oficina de Control Interno o quien haga sus veces (Fecha y Descripción) | E72: Realizar descripción de las verificaciones que realiza Control Interno o quien haga sus veces.
C73: Estado | E73: Utilice la lista de despligue que se encuentra parametrizada, le aparecerán las opciones: Sin Iniciar, En proceso, Cerrado, la selección en este caso dependerá de las acciones del plan que se hayan establecido en cada caso.
B75: 9 RIESGO DEL PROCESO: Calcula el nivel de riesgo del proceso (En esta hoja no se ingresan datos)
B77: 10 CONTROL DE CAMBIOS: En ella se debe registrar los cambios al formato y al contenido del mismo
B79: 11 FORMULAS: La información que contiene se utiliza para realizar operaciones en las demás hojas (En esta hoja no se ingresan datos)
B82: Lista de datos de la matriz:
B85: Hoja | C85: Columna | E85: Descripción - Lineamientos para el diligenciamiento
B86: 2 | C86: Proceso | E86: Diligencie el nombre del proceso al cual se le identificarán y valorarán los riesgos.
B87: 2 | C87: Objetivo del Proceso | E87: Diligencie el objetivo del proceso.
B88: 2 | C88: Elaboración o Actualización: | E88: Fecha en la que realiza el diligenciamiento o actualización del mapa de riesgos, formato (DD/MM/AAAA)
B89: 2 | C89: Vigencia: | E89: Vigencia que tiene el mapa de riesgos fecha inicio fecha final, formato (DD/MM/AAAA)
B90: 2 | C90: No. de Riesgo | E90: Permite definir unl consecutivo de riesgos. Una entidad puede ir en el riesgo 150, pero tener 70 riesgos, lo que permite llevar una traza de los riesgos. Esta información la debe administrar la oficina asesora de planeación o gerencia de riesgos. Cuando un el riesgo salga del mapa no existirá otro riesgo con el mismo número.
B91: 2 | C91: ¿QUÉ? IMPACTO | E91: Analice las consecuencias que puede ocasionar a la organización la materialización del riesgo, Seleccione de la lista desplegable entre: Posibilidad de pérdida Económica Posibilidad de pérdida Reputacional Posibilidad de pérdida Económica y Reputacional
B92: 2 | C92: ¿CÓMO? CAUSA INMEDIATA | E92: Circunstancias bajo las cuales se presenta el riesgo, es la situación más evidente frente al riesgo, redacte de la forma más concreta posible. (Iniciar con la palabra por)
B93: 2 | C93: ¿PORQUÉ? CAUSA RAÍZ | E93: Causa principal o básica, corresponde a las razones por la cuales se puede presentar el riesgo, redacte de la forma más concreta posible. (Iniciar con debido a)
B94: 2 | C94: DESCRIPCIÓN DEL RIESGO | E94: Consolida o resume los análisis sobre impacto + causa inmediata + causa raíz, permitiendo contar con una redacción clara y concreta del riesgo indentificado. Tenga en cuenta la estructura de alto nivel establecida en al guía, inicia con POSIBILIDAD DE + Impacto para la entidad (Qué) + Causa Inmediata (Cómo) + Causa Raíz (Por qué) (Se genera automáticamente)
B95: 2 | C95: FACTOR DEL RIESGO / TIPO | E95: Seleccione de la lista desplegable entre las opiciones: A_Ejecución_y_Administración_de_procesos B_Fraude_Externo C_Fraude_Interno D_Fallas_Tecnológicas E_Relaciones_Laborales F_Usuarios_Productos_y_Prácticas_Organizacionales G_Daños_Activos_Físicos
B96: 2 | C96: FACTOR DEL RIESGO / SELECCIONE FUENTE GENERADORA DEL EVENTO PARA TIPO E,F,G | E96: Si en TIPO seleccioneó las opiciones: E_Relaciones_Laborales F_Usuarios_Productos_y_Prácticas_Organizacionales G_Daños_Activos_Físicos Debe definir la fuente generadora de la lista desplegable
B97: 2 | C97: RESULTADO FUENTE GENERADORA DEL EVENTO | E97: Se rellena automáticamente según lo seleccinado de FACTOR DEL RIESGO
... B119: 8 | C119: Estado | E119: Utilice la lista de despligue que se encuentra parametrizada, le aparecerán las opciones: Sin Iniciar, En proceso, Cerrado, la selección en este caso dependerá de las acciones del plan que se hayan establecido en cada caso.
B126: Archivo creado por:

Sheet 2 CONTEXTO E IDENTIFICACIÓN
C1: MAPA DE RIESGOS INSTITUCIONAL | K1: CÓDIGO: PE-PYM-REG-027
K2: VERSIÓN: 01
K3: ACTUALIZACIÓN: 28-08-2026
A5: ENTIDAD: | B5: INSTITUCIÓN UNIVERSITARIA DE SAN ANRES, PROVIDENCIA Y SANTA CATALINA -IUSAI | F5: PROCESO: | G5: Todos los procesos institucionales
A6: OBJETIVO DEL PROCESO: | B6: Identificar, analizar y valorar los riesgos de gestión, fiscales, seguridad de la información, corrupción y LA/FT/FP de los 14 procesos del INFOTEP, conforme a la metodología de administración del riesgo de la Función Pública. | F6: Vigencia: 2026 | G6: Del 1 de enero 2026 Al 31 de diciembre de 2026
A8: No. de Riesgo (Mismo consecutivo para toda la entidad) | B8: PROCESO
B9: PROCESO | C9: FACTOR DE RIESGO | D9: DESCRIPTOR / FUENTE GENERADORA DEL RIESGO | E9: VALIDACIÓN FUENTE GENERADORA DEL EVENTO | F9: DESCRIPCIÓN DEL TIPO DE FACTOR DE RIESGO | G9: TIPOLOGÍA | H9: ¿QUÉ? IMPACTO | I9: ¿CÓMO? CAUSA INMEDIATA (Iniciar con la palabra por) | J9: ¿PORQUÉ? CAUSA RAÍZ (Iniciar con debido a/a causa de) | K9: DESCRIPCIÓN DEL RIESGO | L9: SUB CAUSAS (Si aplica)
A10: R1 | B10: Direccionamiento | C10: Ejecución y administración de procesos | D10: Falta de aplicación de los procedimientos | E10: Falta de aplicación de los procedimientos | F10: =IFERROR(VLOOKUP(C10,'11 FORMULAS'!$H$38:$I$43,2,FALSE()),"") -> Eventos relacionados con la ejecución de los procesos y procedimientos determinados para la operación de la entidad, uso de sistemas de información, por errores en las actividades que deben realizar los servidores de la organización. Estructura organizacional que afecta la capacidad organizacional. | G10: Gestión | H10: Posibilidad de afectación institucional y reputacional | I10: por debilidades en la formulación, seguimiento y evaluación de planes, indicadores y metas institucionales | J10: debido a falta de articulación entre dependencias, baja trazabilidad de avances y seguimiento insuficiente por parte de los responsables | K10: Posibilidad de afectación institucional y reputacional por debilidades en la formulación, seguimiento y evaluación de planes, indicadores y metas institucionales debido a falta de articulación entre dependencias, baja trazabilidad de avances y seguimiento insuficiente por parte de los responsables | L10: Proceso: Direccionamiento. Riesgo priorizado conforme a tipología Gestión. | AA10: =IF(SUBSTITUTE($C10,CHAR(10)," ")="Ejecución y administración de procesos","Desc_Ejecucion_y_administracion_de_procesos",IF(SUBSTITUTE($C10,CHAR(10)," ")="Transacción u Operación (aplica para LA/FT/FP)","Desc_Transaccion_u_Operacion_aplica_para_LA_FT_FP",IF(SUBSTITUTE($C10,CHAR(10)," ")="Talento humano","Desc_Talento_humano",IF(SUBSTITUTE($C10,CHAR(10)," ")="Tecnología","Desc_Tecnologia",IF(SUBSTITUTE($C10,CHAR(10)," ")="Infraestructura","Desc_Infraestructura",IF(SUBSTITUTE($C10,CHAR(10)," ")="Evento externo","Desc_Evento_externo","")))))) -> Desc_Ejecucion_y_administracion_de_procesos
A11: R2 | B11: Direccionamiento | C11: Talento humano | D11: Gestión inadecuada de conflicto de Intereses | E11: Gestión inadecuada de conflicto de Intereses | F11: =IFERROR(VLOOKUP(C11,'11 FORMULAS'!$H$38:$I$43,2,FALSE()),"") -> Eventos relacionados con las conductas o comportamientos de los empleados que afectan la Integridad Pública. | G11: Integridad Pùblica - Corrupción | H11: Posibilidad de pérdida reputacional y afectación a la transparencia institucional | I11: por decisiones estratégicas influenciadas por intereses particulares o conflictos de interés | J11: debido a controles insuficientes para declarar, gestionar y documentar conflictos de interés en la toma de decisiones | K11: Posibilidad de pérdida reputacional y afectación a la transparencia institucional por decisiones estratégicas influenciadas por intereses particulares o conflictos de interés debido a controles insuficientes para declarar, gestionar y documentar conflictos de interés en la toma de decisiones | L11: Proceso: Direccionamiento. Riesgo priorizado conforme a tipología Integridad Pùblica - Corrupción. | AA11: =IF(SUBSTITUTE($C11,CHAR(10)," ")="Ejecución y administración de procesos","Desc_Ejecucion_y_administracion_de_procesos",IF(SUBSTITUTE($C11,CHAR(10)," ")="Transacción u Operación (aplica para LA/FT/FP)","Desc_Transaccion_u_Operacion_aplica_para_LA_FT_FP",IF(SUBSTITUTE($C11,CHAR(10)," ")="Talento humano","Desc_Talento_humano",IF(SUBSTITUTE($C11,CHAR(10)," ")="Tecnología","Desc_Tecnologia",IF(SUBSTITUTE($C11,CHAR(10)," ")="Infraestructura","Desc_Infraestructura",IF(SUBSTITUTE($C11,CHAR(10)," ")="Evento externo","Desc_Evento_externo","")))))) -> Desc_Talento_humano
A12: R3 | B12: Direccionamiento | C12: Ejecución y administración de procesos | D12: Falta de supervisión o interventoría | E12: Falta de supervisión o interventoría | F12: =IFERROR(VLOOKUP(C12,'11 FORMULAS'!$H$38:$I$43,2,FALSE()),"") -> Eventos relacionados con la ejecución de los procesos y procedimientos determinados para la operación de la entidad, uso de sistemas de información, por errores en las actividades que deben realizar los servidores de la organización. Estructura organizacional que afecta la capacidad organizacional. | G12: Fiscal | H12: Posibilidad de afectación de recursos públicos | I12: por deficiencias en el seguimiento a la ejecución presupuestal y a los compromisos institucionales | J12: debido a controles débiles en supervisión, reporte de avances, soportes y toma oportuna de acciones correctivas | K12: Posibilidad de afectación de recursos públicos por deficiencias en el seguimiento a la ejecución presupuestal y a los compromisos institucionales debido a controles débiles en supervisión, reporte de avances, soportes y toma oportuna de acciones correctivas | L12: Proceso: Direccionamiento. Riesgo priorizado conforme a tipología Fiscal. | AA12: =IF(SUBSTITUTE($C12,CHAR(10)," ")="Ejecución y administración de procesos","Desc_Ejecucion_y_administracion_de_procesos",IF(SUBSTITUTE($C12,CHAR(10)," ")="Transacción u Operación (aplica para LA/FT/FP)","Desc_Transaccion_u_Operacion_aplica_para_LA_FT_FP",IF(SUBSTITUTE($C12,CHAR(10)," ")="Talento humano","Desc_Talento_humano",IF(SUBSTITUTE($C12,CHAR(10)," ")="Tecnología","Desc_Tecnologia",IF(SUBSTITUTE($C12,CHAR(10)," ")="Infraestructura","Desc_Infraestructura",IF(SUBSTITUTE($C12,CHAR(10)," ")="Evento externo","Desc_Evento_externo","")))))) -> Desc_Ejecucion_y_administracion_de_procesos
A13: R4 | B13: Académica | C13: Ejecución y administración de procesos | D13: Falta de aplicación de los procedimientos | E13: Falta de aplicación de los procedimientos | F13: =IFERROR(VLOOKUP(C13,'11 FORMULAS'!$H$38:$I$43,2,FALSE()),"") -> Eventos relacionados con la ejecución de los procesos y procedimientos determinados para la operación de la entidad, uso de sistemas de información, por errores en las actividades que deben realizar los servidores de la organización. Estructura organizacional que afecta la capacidad organizacional. | G13: Gestión | H13: Posibilidad de afectación académica y reputacional | I13: por inconsistencias en matrícula, programación académica, registro de notas, homologaciones o trámites académicos | J13: debido a debilidades en aplicación de procedimientos, revisión de soportes y seguimiento de actividades académicas | K13: Posibilidad de afectación académica y reputacional por inconsistencias en matrícula, programación académica, registro de notas, homologaciones o trámites académicos debido a debilidades en aplicación de procedimientos, revisión de soportes y seguimiento de actividades académicas | L13: Proceso: Académica. Riesgo priorizado conforme a tipología Gestión. | AA13: =IF(SUBSTITUTE($C13,CHAR(10)," ")="Ejecución y administración de procesos","Desc_Ejecucion_y_administracion_de_procesos",IF(SUBSTITUTE($C13,CHAR(10)," ")="Transacción u Operación (aplica para LA/FT/FP)","Desc_Transaccion_u_Operacion_aplica_para_LA_FT_FP",IF(SUBSTITUTE($C13,CHAR(10)," ")="Talento humano","Desc_Talento_humano",IF(SUBSTITUTE($C13,CHAR(10)," ")="Tecnología","Desc_Tecnologia",IF(SUBSTITUTE($C13,CHAR(10)," ")="Infraestructura","Desc_Infraestructura",IF(SUBSTITUTE($C13,CHAR(10)," ")="Evento externo","Desc_Evento_externo","")))))) -> Desc_Ejecucion_y_administracion_de_procesos
A14: R5 | B14: Académica | C14: Talento humano | D14: Gestión inadecuada de conflicto de Intereses | E14: Gestión inadecuada de conflicto de Intereses | F14: =IFERROR(VLOOKUP(C14,'11 FORMULAS'!$H$38:$I$43,2,FALSE()),"") -> Eventos relacionados con las conductas o comportamientos de los empleados que afectan la Integridad Pública. | G14: Integridad Pùblica - Corrupción | H14: Posibilidad de favorecimiento indebido en decisiones académicas | I14: por manipulación o trato preferente en trámites, evaluaciones, calificaciones u homologaciones | J14: debido a baja segregación de funciones, controles insuficientes y falta de trazabilidad en aprobaciones académicas | K14: Posibilidad de favorecimiento indebido en decisiones académicas por manipulación o trato preferente en trámites, evaluaciones, calificaciones u homologaciones debido a baja segregación de funciones, controles insuficientes y falta de trazabilidad en aprobaciones académicas | L14: Proceso: Académica. Riesgo priorizado conforme a tipología Integridad Pùblica - Corrupción. | AA14: =IF(SUBSTITUTE($C14,CHAR(10)," ")="Ejecución y administración de procesos","Desc_Ejecucion_y_administracion_de_procesos",IF(SUBSTITUTE($C14,CHAR(10)," ")="Transacción u Operación (aplica para LA/FT/FP)","Desc_Transaccion_u_Operacion_aplica_para_LA_FT_FP",IF(SUBSTITUTE($C14,CHAR(10)," ")="Talento humano","Desc_Talento_humano",IF(SUBSTITUTE($C14,CHAR(10)," ")="Tecnología","Desc_Tecnologia",IF(SUBSTITUTE($C14,CHAR(10)," ")="Infraestructura","Desc_Infraestructura",IF(SUBSTITUTE($C14,CHAR(10)," ")="Evento externo","Desc_Evento_externo","")))))) -> Desc_Talento_humano
A15: R6 | B15: Académica | C15: Tecnología | D15: Caída de sistemas de información y aplicaciones | E15: Caída de sistemas de información y aplicaciones | F15: =IFERROR(VLOOKUP(C15,'11 FORMULAS'!$H$38:$I$43,2,FALSE()),"") -> Eventos relacionados con la infraestructura tecnológica de la entidad. | G15: Seg. de la Información | H15: Posibilidad de pérdida, alteración o indisponibilidad de información académica | I15: por fallas o accesos no autorizados en plataformas académicas, bases de datos estudiantiles o sistemas de registro | J15: debido a controles insuficientes de acceso, respaldo, perfiles de usuario y monitoreo tecnológico | K15: Posibilidad de pérdida, alteración o indisponibilidad de información académica por fallas o accesos no autorizados en plataformas académicas, bases de datos estudiantiles o sistemas de registro debido a controles insuficientes de acceso, respaldo, perfiles de usuario y monitoreo tecnológico | L15: Proceso: Académica. Riesgo priorizado conforme a tipología Seg. de la Información. | AA15: =IF(SUBSTITUTE($C15,CHAR(10)," ")="Ejecución y administración de procesos","Desc_Ejecucion_y_administracion_de_procesos",IF(SUBSTITUTE($C15,CHAR(10)," ")="Transacción u Operación (aplica para LA/FT/FP)","Desc_Transaccion_u_Operacion_aplica_para_LA_FT_FP",IF(SUBSTITUTE($C15,CHAR(10)," ")="Talento humano","Desc_Talento_humano",IF(SUBSTITUTE($C15,CHAR(10)," ")="Tecnología","Desc_Tecnologia",IF(SUBSTITUTE($C15,CHAR(10)," ")="Infraestructura","Desc_Infraestructura",IF(SUBSTITUTE($C15,CHAR(10)," ")="Evento externo","Desc_Evento_externo","")))))) -> Desc_Tecnologia
A16: R7 | B16: Talento Humano | C16: Ejecución y administración de procesos | D16: Errores en cálculos para pagos internos y externos | E16: Errores en cálculos para pagos internos y externos | F16: =IFERROR(VLOOKUP(C16,'11 FORMULAS'!$H$38:$I$43,2,FALSE()),"") -> Eventos relacionados con la ejecución de los procesos y procedimientos determinados para la operación de la entidad, uso de sistemas de información, por errores en las actividades que deben realizar los servidores de la organización. Estructura organizacional que afecta la capacidad organizacional. | G16: Gestión | H16: Posibilidad de afectación administrativa y operativa | I16: por inconsistencias en vinculación, novedades, liquidaciones, seguridad social o información laboral | J16: debido a errores de registro, falta de revisión cruzada y aplicación incompleta de procedimientos de talento humano | K16: Posibilidad de afectación administrativa y operativa por inconsistencias en vinculación, novedades, liquidaciones, seguridad social o información laboral debido a errores de registro, falta de revisión cruzada y aplicación incompleta de procedimientos de talento humano | L16: Proceso: Talento Humano. Riesgo priorizado conforme a tipología Gestión. | AA16: =IF(SUBSTITUTE($C16,CHAR(10)," ")="Ejecución y administración de procesos","Desc_Ejecucion_y_administracion_de_procesos",IF(SUBSTITUTE($C16,CHAR(10)," ")="Transacción u Operación (aplica para LA/FT/FP)","Desc_Transaccion_u_Operacion_aplica_para_LA_FT_FP",IF(SUBSTITUTE($C16,CHAR(10)," ")="Talento humano","Desc_Talento_humano",IF(SUBSTITUTE($C16,CHAR(10)," ")="Tecnología","Desc_Tecnologia",IF(SUBSTITUTE($C16,CHAR(10)," ")="Infraestructura","Desc_Infraestructura",IF(SUBSTITUTE($C16,CHAR(10)," ")="Evento externo","Desc_Evento_externo","")))))) -> Desc_Ejecucion_y_administracion_de_procesos
A17: R8 | B17: Talento Humano | C17: Talento humano | D17: Gestión inadecuada de conflicto de Intereses | E17: Gestión inadecuada de conflicto de Intereses | F17: =IFERROR(VLOOKUP(C17,'11 FORMULAS'!$H$38:$I$43,2,FALSE()),"") -> Eventos relacionados con las conductas o comportamientos de los empleados que afectan la Integridad Pública. | G17: Integridad Pùblica - Corrupción | H17: Posibilidad de favorecimiento indebido en vinculación, contratación o permanencia de personal | I17: por manipulación de requisitos, evaluaciones, hojas de vida o decisiones de personal | J17: debido a controles insuficientes, baja trazabilidad y debilidades en la gestión de conflictos de interés | K17: Posibilidad de favorecimiento indebido en vinculación, contratación o permanencia de personal por manipulación de requisitos, evaluaciones, hojas de vida o decisiones de personal debido a controles insuficientes, baja trazabilidad y debilidades en la gestión de conflictos de interés | L17: Proceso: Talento Humano. Riesgo priorizado conforme a tipología Integridad Pùblica - Corrupción. | AA17: =IF(SUBSTITUTE($C17,CHAR(10)," ")="Ejecución y administración de procesos","Desc_Ejecucion_y_administracion_de_procesos",IF(SUBSTITUTE($C17,CHAR(10)," ")="Transacción u Operación (aplica para LA/FT/FP)","Desc_Transaccion_u_Operacion_aplica_para_LA_FT_FP",IF(SUBSTITUTE($C17,CHAR(10)," ")="Talento humano","Desc_Talento_humano",IF(SUBSTITUTE($C17,CHAR(10)," ")="Tecnología","Desc_Tecnologia",IF(SUBSTITUTE($C17,CHAR(10)," ")="Infraestructura","Desc_Infraestructura",IF(SUBSTITUTE($C17,CHAR(10)," ")="Evento externo","Desc_Evento_externo","")))))) -> Desc_Talento_humano
A18: R9 | B18: Talento Humano | C18: Ejecución y administración de procesos | D18: Errores en cálculos para pagos internos y externos | E18: Errores en cálculos para pagos internos y externos | F18: =IFERROR(VLOOKUP(C18,'11 FORMULAS'!$H$38:$I$43,2,FALSE()),"") -> Eventos relacionados con la ejecución de los procesos y procedimientos determinados para la operación de la entidad, uso de sistemas de información, por errores en las actividades que deben realizar los servidores de la organización. Estructura organizacional que afecta la capacidad organizacional. | G18: Fiscal | H18: Posibilidad de afectación de recursos públicos | I18: por pagos indebidos o mayores valores en nómina, prestaciones, seguridad social u honorarios | J18: debido a validaciones insuficientes de novedades, liquidaciones, soportes y autorizaciones de pago | K18: Posibilidad de afectación de recursos públicos por pagos indebidos o mayores valores en nómina, prestaciones, seguridad social u honorarios debido a validaciones insuficientes de novedades, liquidaciones, soportes y autorizaciones de pago | L18: Proceso: Talento Humano. Riesgo priorizado conforme a tipología Fiscal. | AA18: =IF(SUBSTITUTE($C18,CHAR(10)," ")="Ejecución y administración de procesos","Desc_Ejecucion_y_administracion_de_procesos",IF(SUBSTITUTE($C18,CHAR(10)," ")="Transacción u Operación (aplica para LA/FT/FP)","Desc_Transaccion_u_Operacion_aplica_para_LA_FT_FP",IF(SUBSTITUTE($C18,CHAR(10)," ")="Talento humano","Desc_Talento_humano",IF(SUBSTITUTE($C18,CHAR(10)," ")="Tecnología","Desc_Tecnologia",IF(SUBSTITUTE($C18,CHAR(10)," ")="Infraestructura","Desc_Infraestructura",IF(SUBSTITUTE($C18,CHAR(10)," ")="Evento externo","Desc_Evento_externo","")))))) -> Desc_Ejecucion_y_administracion_de_procesos
A19: R10 | B19: Talento Humano | C19: Tecnología | D19: Caída de sistemas de información y aplicaciones | E19: Caída de sistemas de información y aplicaciones | F19: =IFERROR(VLOOKUP(C19,'11 FORMULAS'!$H$38:$I$43,2,FALSE()),"") -> Eventos relacionados con la infraestructura tecnológica de la entidad. | G19: Seg. de la Información | H19: Posibilidad de pérdida de confidencialidad de datos personales y laborales | I19: por acceso, divulgación o custodia inadecuada de historias laborales, nómina y datos sensibles | J19: debido a controles insuficientes de acceso, archivo, permisos y tratamiento de información reservada | K19: Posibilidad de pérdida de confidencialidad de datos personales y laborales por acceso, divulgación o custodia inadecuada de historias laborales, nómina y datos sensibles debido a controles insuficientes de acceso, archivo, permisos y tratamiento de información reservada | L19: Proceso: Talento Humano. Riesgo priorizado conforme a tipología Seg. de la Información. | AA19: =IF(SUBSTITUTE($C19,CHAR(10)," ")="Ejecución y administración de procesos","Desc_Ejecucion_y_administracion_de_procesos",IF(SUBSTITUTE($C19,CHAR(10)," ")="Transacción u Operación (aplica para LA/FT/FP)","Desc_Transaccion_u_Operacion_aplica_para_LA_FT_FP",IF(SUBSTITUTE($C19,CHAR(10)," ")="Talento humano","Desc_Talento_humano",IF(SUBSTITUTE($C19,CHAR(10)," ")="Tecnología","Desc_Tecnologia",IF(SUBSTITUTE($C19,CHAR(10)," ")="Infraestructura","Desc_Infraestructura",IF(SUBSTITUTE($C19,CHAR(10)," ")="Evento externo","Desc_Evento_externo","")))))) -> Desc_Tecnologia
A20: R11 | B20: Bienestar | C20: Ejecución y administración de procesos | D20: Falta de aplicación de los procedimientos | E20: Falta de aplicación de los procedimientos | F20: =IFERROR(VLOOKUP(C20,'11 FORMULAS'!$H$38:$I$43,2,FALSE()),"") -> Eventos relacionados con la ejecución de los procesos y procedimientos determinados para la operación de la entidad, uso de sistemas de información, por errores en las actividades que deben realizar los servidores de la organización. Estructura organizacional que afecta la capacidad organizacional. | G20: Gestión | H20: Posibilidad de afectación en la prestación de programas de bienestar | I20: por incumplimiento o ejecución parcial de las actividades programadas | J20: debilidades en la planeación, seguimiento y disponibilidad de recursos | K20: Posibilidad de afectación en la prestación de programas de bienestar por incumplimiento o ejecución parcial de las actividades programadas, a causa de debilidades en la planeación, seguimiento y disponibilidad de recursos. | L20: Proceso: Bienestar. Riesgo priorizado conforme a tipología Gestión. | AA20: =IF(SUBSTITUTE($C20,CHAR(10)," ")="Ejecución y administración de procesos","Desc_Ejecucion_y_administracion_de_procesos",IF(SUBSTITUTE($C20,CHAR(10)," ")="Transacción u Operación (aplica para LA/FT/FP)","Desc_Transaccion_u_Operacion_aplica_para_LA_FT_FP",IF(SUBSTITUTE($C20,CHAR(10)," ")="Talento humano","Desc_Talento_humano",IF(SUBSTITUTE($C20,CHAR(10)," ")="Tecnología","Desc_Tecnologia",IF(SUBSTITUTE($C20,CHAR(10)," ")="Infraestructura","Desc_Infraestructura",IF(SUBSTITUTE($C20,CHAR(10)," ")="Evento externo","Desc_Evento_externo","")))))) -> Desc_Ejecucion_y_administracion_de_procesos
A21: R12 | B21: Bienestar | C21: Ejecución y administración de procesos | D21: Falta de supervisión o interventoría | E21: Falta de supervisión o interventoría | F21: =IFERROR(VLOOKUP(C21,'11 FORMULAS'!$H$38:$I$43,2,FALSE()),"") -> Eventos relacionados con la ejecución de los procesos y procedimientos determinados para la operación de la entidad, uso de sistemas de información, por errores en las actividades que deben realizar los servidores de la organización. Estructura organizacional que afecta la capacidad organizacional. | G21: Fiscal | H21: Posibilidad de uso inadecuado de recursos destinados a bienestar institucional | I21: por entrega de apoyos, contratación de actividades o pagos sin soportes suficientes | J21: debido a debilidades en supervisión, verificación de beneficiarios, evidencias de ejecución y control presupuestal | K21: Posibilidad de uso inadecuado de recursos destinados a bienestar universitario por entrega de apoyos, contratación de actividades o pagos sin soportes suficientes debido a debilidades en supervisión, verificación de beneficiarios, evidencias de ejecución y control presupuestal | L21: Proceso: Bienestar. Riesgo priorizado conforme a tipología Fiscal. | AA21: =IF(SUBSTITUTE($C21,CHAR(10)," ")="Ejecución y administración de procesos","Desc_Ejecucion_y_administracion_de_procesos",IF(SUBSTITUTE($C21,CHAR(10)," ")="Transacción u Operación (aplica para LA/FT/FP)","Desc_Transaccion_u_Operacion_aplica_para_LA_FT_FP",IF(SUBSTITUTE($C21,CHAR(10)," ")="Talento humano","Desc_Talento_humano",IF(SUBSTITUTE($C21,CHAR(10)," ")="Tecnología","Desc_Tecnologia",IF(SUBSTITUTE($C21,CHAR(10)," ")="Infraestructura","Desc_Infraestructura",IF(SUBSTITUTE($C21,CHAR(10)," ")="Evento externo","Desc_Evento_externo","")))))) -> Desc_Ejecucion_y_administracion_de_procesos
... A54: R45 | B54: Control y Evaluación | C54: Ejecución y administración de procesos | D54: Falta de supervisión o interventoría | E54: Falta de supervisión o interventoría | F54: =IFERROR(VLOOKUP(C54,'11 FORMULAS'!$H$38:$I$43,2,FALSE()),"") -> Eventos relacionados con la ejecución de los procesos y procedimientos determinados para la operación de la entidad, uso de sistemas de información, por errores en las actividades que deben realizar los servidores de la organización. Estructura organizacional que afecta la capacidad organizacional. | G54: Fiscal | H54: Posibilidad de no identificar oportunamente riesgos fiscales o desviaciones en el uso de recursos | I54: por debilidades en auditoría, seguimiento de hallazgos y verificación de acciones correctivas | J54: debido a priorización insuficiente basada en riesgos, seguimiento débil a planes de mejoramiento y cobertura limitada | K54: Posibilidad de no identificar oportunamente riesgos fiscales o desviaciones en el uso de recursos por debilidades en auditoría, seguimiento de hallazgos y verificación de acciones correctivas debido a priorización insuficiente basada en riesgos, seguimiento débil a planes de mejoramiento y cobertura limitada | L54: Proceso: Control y Evaluación. Riesgo priorizado conforme a tipología Fiscal. | AA54: =IF(SUBSTITUTE($C54,CHAR(10)," ")="Ejecución y administración de procesos","Desc_Ejecucion_y_administracion_de_procesos",IF(SUBSTITUTE($C54,CHAR(10)," ")="Transacción u Operación (aplica para LA/FT/FP)","Desc_Transaccion_u_Operacion_aplica_para_LA_FT_FP",IF(SUBSTITUTE($C54,CHAR(10)," ")="Talento humano","Desc_Talento_humano",IF(SUBSTITUTE($C54,CHAR(10)," ")="Tecnología","Desc_Tecnologia",IF(SUBSTITUTE($C54,CHAR(10)," ")="Infraestructura","Desc_Infraestructura",IF(SUBSTITUTE($C54,CHAR(10)," ")="Evento externo","Desc_Evento_externo","")))))) -> Desc_Ejecucion_y_administracion_de_procesos

Sheet 11 FORMULAS
A1: Esta hoja se utiliza para realizar cálculos en las demás, en ella no se ingresan datos | E1: NO REQUIERE CLAVE PARA DESBLOQUEAR LAS HOJAS
B2: FACTOR DEL RIESGO | E2: Eficiencia | K2: Atributos formalización del control | P2: Afectación o Desplazamiento en la Matriz | S2: Tratamiento | U2: ¿QUÉ? IMPACTO | W2: Estado
A3: TIPO | B3: TIPO | C3: FACTOR DEL RIESGO | E3: Tipo de control | F3: Peso del Control | H3: Implementación | I3: Peso de la implementación | K3: Documentación | L3: Frecuencia | M3: Evidencia | N3: Ejecuión | P3: Tipo de control | Q3: Afecta | S3: Reducir | U3: Posibilidad de pérdida Económica | W3: Sin Iniciar
A4: A_Ejecución_y_Administración_de_procesos | B4: A_Ejecución_y_Administración_de_procesos | C4: Procesos | E4: Preventivo | F4: 0.25 | H4: Automático | I4: 0.25 | K4: Procedimientos | L4: Siempre que se ejecuta la actividad | M4: Con registro manual | N4: Interna | P4: Preventivo | Q4: Probabilidad | S4: Mitigar | U4: Posibilidad de pérdida Reputacional | W4: En proceso
A5: B_Fraude_Externo | E5: Detectivo | F5: 0.15 | H5: Manual | I5: 0.15 | K5: Sistemas de información | L5: Periódicamente (diario, mensual, bimestral, trimestral, semestral). | M5: Con registro electrónico | N5: Externa | P5: Detectivo | Q5: Probabilidad | S5: Transferir | U5: Posibilidad de pérdida Económica y Reputacional | W5: Cerrado
A6: C_Fraude_Interno | B6: B_Fraude_Externo | C6: Evento_Externo | E6: Correctivo | F6: 0.1 | K6: Otros Esquemas | N6: Mixta | P6: Correctivo | Q6: Impacto | S6: Aceptar | U6: Posibilidad de pérdida Reputacional y Económica
A7: D_Fallas_Tecnológicas | S7: Evitar
A8: E_Relaciones_Laborales | B8: C_Fraude_Interno | C8: Talento_Humano
A9: F_Usuarios_Productos_y_Prácticas_Organizacionales
A10: G_Daños_Activos_Físicos | B10: D_Fallas_Tecnológicas | C10: Tecnologías
B12: E_Relaciones_Laborales | C12: Procesos
A13: TIPOLOGÍA | C13: Evento_Externo
A14: Gestión | C14: Talento_Humano
A15: Fiscal | C15: Tecnologías
A16: Seg. de la Información | C16: Infraestructura
A17: Integridad Pùblica - Corrupción
A18: Integridad Pùblica - LA/FT/FP | B18: F_Usuarios_Productos_y_Prácticas_Organizacionales | C18: Procesos
C19: Evento_Externo
C20: Talento_Humano
C21: Tecnologías
C22: Infraestructura
B24: G_Daños_Activos_Físicos | C24: Infraestructura
C25: Evento_Externo
A31: Gestión | B31: Fiscal | C31: Seguridad_Información | D31: Integridad_Pública_Corrupción | E31: Integridad_Pública_LA_FT_FP
A32: Posibilidad de afectación económica | B32: Posibilidad de efecto dañoso sobre el recurso público | C32: Posibilidad de perdida de integridad | D32: Posibilidad de pérdida económica | E32: Posibilidad de pérdida económica
A33: Posibilidad de afectación reputacional | B33: Posibilidad de efecto dañoso sobre bienes de uso público | C33: Posibilidad de perdida de confidencialidad | D33: Posibilidad de pérdida reputacional | E33: Posibilidad de pérdida reputacional
A34: Posibilidad de afectación económica y reputacional | B34: Posibilidad de efecto dañoso sobre bienes de uso fiscal | C34: Posibilidad de perdida de disponibilidad | D34: Posibilidad de pérdida económica y reputacional | E34: Posibilidad de pérdida económica y reputacional
B35: Posibilidad de efecto dañoso sobre el interes patrimonial
H37: FACTOR DE RIESGO | I37: Descripción
A38: Ejecución y administración de procesos | B38: Transacción u Operación (aplica para LA/FT/FP) | C38: Talento humano | D38: Tecnología | E38: Infraestructura | F38: Evento externo | H38: Ejecución y administración de procesos | I38: Eventos relacionados con la ejecución de los procesos y procedimientos determinados para la operación de la entidad, uso de sistemas de información, por errores en las actividades que deben realizar los servidores de la organización. Estructura organizacional que afecta la capacidad organizacional.
A39: Estructura organizacional que afecta la capacidad organizacional | B39: Contrapartes de la entidad (naturales o jurídicas) | C39: Fraude Interno | D39: Daño de equipos | E39: Derrumbes | F39: Fraude Externo | H39: Transacción u Operación (aplica para LA/FT/FP) | I39: Eventos relacionados con transacciones y operaciones realizadas por un cliente o usuario, que accede o entrega un bien o servicio a la entidad, a través de los canales dispuestos y en una jurisdicción específica.
A40: Falta de aplicación de los procedimientos | B40: Productos (bienes o servicios) que oferta/requiere | C40: Soborno | D40: Caída de sistemas de información y aplicaciones | E40: Incendios | F40: Suplantación de identidad | H40: Talento humano | I40: Eventos relacionados con las conductas o comportamientos de los empleados que afectan la Integridad Pública.
A41: Falta segregación de funciones | B41: Canales utilizados para la operación | C41: Gestión inadecuada de conflicto de Intereses | D41: Caída de redes | E41: Inundaciones | F41: Asalto a la oficina | H41: Tecnología | I41: Eventos relacionados con la infraestructura tecnológica de la entidad.
A42: Errores de grabación, autorización | B42: Jurisdicciones (nacional o territorial) | C42: Corrupción | D42: Errores en hardware o software | E42: Daños a activos fijos | F42: Atentados, vandalismo, orden público | H42: Infraestructura | I42: Eventos relacionados con la infraestructura física de la entidad.
A43: Falta de supervisión o interventoría | C43: Hurto activos | D43: Errores en programas | H43: Evento externo | I43: Eventos por situaciones externas que afectan la entidad.
A44: Errores en cálculos para pagos internos y externos
A45: Alta rotación o insuficiencia de personal
A46: Acciones contrarias a las leyes o acuerdos de empleo, salud o seguridad en el trabajo
A47: Acciones contrarias a las leyes o acuerdos contractuales
A48: Falta de capacitación y otros temas relacionados con el personal
A50: Características de Eficiencia | C50: Peso | D50: Factor
A51: Tipo | B51: Preventivo | C51: 0.25 | D51: Probabilidad
B52: Detectivo | C52: 0.15 | D52: Probabilidad
B53: Correctivo | C53: 0.1 | D53: Impacto
A54: *Implementación | B54: Automático | C54: 0.25
A55: *Nota: En implementación no se tienen controles semiautomáticos. | B55: Manual | C55: 0.15
A58: Atributos adicionales del control no tienen valoración pero deben cumplir con todos
A59: Características de Eficiencia | C59: Descripción
A60: Documentación | B60: Procedimientos | C60: Basados en la estructura del Modelo de Operación por procesos, despliegue desde cada proceso, sus procedimientos y esquemas asociados, que se encuentren documentados.
B61: Sistemas de información | C61: Sistemas de información de apoyo a la ejecución del control (si existen).
B62: Otros Esquemas | C62: Políticas de operación, manuales o guías específicas.
A63: Frecuencia | B63: Diario | C63: La oportunidad en que se ejecuta el control debe ayudar a prevenir la mitigación del riesgo o a detectar la materialización del riesgo de manera oportuna.
B64: Mensual
B65: Bimestral
B66: Trimestral
B67: Semestral
A68: Evidencia (Trazabilidad de la ejecución) | B68: Con registro manual | C68: Se deja evidencia o rastro de la ejecución del control.
B69: Con registro electrónico
A70: Ejecución (Fuentes de información internas o externas) | B70: Interna | C70: Formatos o registros internos formales.
B71: Externa | C71: Registros externos confiables (extractos bancarios, confirmaciones de autenticidad de documentos, SECOP, SIIF, SIGEP, bases de datos).
B72: Mixta | C72: Combinación de datos de fuentes internas y externas formales.

Sheet 3 PROBABIL E IMPACTO INHERENTE
C1: MAPA DE RIESGOS INSTITUCIONAL | Z1: CÓDIGO: PE-PYM-REG-027
Z2: VERSIÓN: 01
Z3: ACTUALIZACIÓN: 28-08-2026
A5: ENTIDAD: | B5: INSTITUCIÓN UNIVERSITARIA DE SAN ANRES, PROVIDENCIA Y SANTA CATALINA -IUSAI | F5: PROCESO: | G5: Todos los procesos institucionales
A6: OBJETIVO DEL PROCESO: | B6: Identificar, analizar y valorar los riesgos de gestión, fiscales, seguridad de la información, corrupción y LA/FT/FP de los 14 procesos del INFOTEP, conforme a la metodología de administración del riesgo de la Función Pública. | F6: Vigencia: 2026 | G6: Del 1 de enero 2026 Al 31 de diciembre de 2026
H8: IMPACTO INHERENTE
D9: PROBABILIDAD INHERENTE | H9: Afectación Económica | K9: Reputacional | N9: Resultado
A10: No. Riesgo | B10: PROCESO | C10: Riesgo | D10: No. veces que realiza la actividad al año | E10: Frecuencia de la Actividad | F10: % Probabilidad | G10: Nivel Probabilidad | H10: Afectación Económica | I10: % | J10: Nivel | K10: Reputacional | L10: % | M10: Nivel | N10: Porcentaje de Impacto | O10: Nivel de Impacto | Q10: PROBABILIDAD | W10: IMPACTO
A11: R1 | B11: Direccionamiento | C11: Posibilidad de afectación institucional y reputacional por debilidades en la formulación, seguimiento y evaluación de planes, indicadores y metas institucionales debido a falta de articulación entre dependencias, baja trazabilidad de avances y seguimiento insuficiente por parte de los responsables | D11: 5 | E11: =IF(D11="","",IF(D11<=$T$12,$R$12,IF(D11<=$T$13,$R$13,IF(D11<=$T$14,$R$14,IF(D11<=$T$15,$R$15,$R$16))))) -> La actividad que conlleva el riesgo se ejecuta de 3 a 24 veces por año | F11: =IF(E11="","",INDEX($U$12:$U$16,MATCH(E11,$R$12:$R$16,0))) -> 0.4 | G11: =IF(E11="","",INDEX($Q$12:$Q$16,MATCH(E11,$R$12:$R$16,0))) -> Baja | H11: Mayor a 10 SMLMV y Menor a 50 SMLMV | I11: =IF(OR(H11="",H11="N/A"),"",IFERROR(INDEX($X$12:$X$16,MATCH(H11,$Y$12:$Y$16,0)),"")) -> 0.4 | J11: =IF(OR(H11="",H11="N/A"),"",IFERROR(INDEX($W$12:$W$16,MATCH(H11,$Y$12:$Y$16,0)),"")) -> Menor | K11: El riesgo afecta la imagen de la entidad a nivel interno, de conocimiento general, de junta directiva y accionistas y/o proveedores. | L11: =IF(OR(K11="",K11="N/A"),"",IFERROR(INDEX($X$12:$X$16,MATCH(K11,$Z$12:$Z$16,0)),"")) -> 0.4 | M11: =IF(OR(K11="",K11="N/A"),"",IFERROR(INDEX($W$12:$W$16,MATCH(K11,$Z$12:$Z$16,0)),"")) -> Menor | N11: =IF(AND(I11="",L11=""),"",MAX(IF(I11="",0,I11),IF(L11="",0,L11))) -> 0.4 | O11: =IF(N11="","",IFERROR(INDEX($W$12:$W$16,MATCH(N11,$X$12:$X$16,0)),"")) -> Menor | Q11: Nivel | R11: Frecuencia de la Actividad | S11: Mínimo | T11: Máximo | U11: Probabilidad | W11: Nivel | X11: % Impacto | Y11: Afectación Económica | Z11: Reputacional
A12: R2 | B12: Direccionamiento | C12: Posibilidad de pérdida reputacional y afectación a la transparencia institucional por decisiones estratégicas influenciadas por intereses particulares o conflictos de interés debido a controles insuficientes para declarar, gestionar y documentar conflictos de interés en la toma de decisiones | D12: 5 | E12: =IF(D12="","",IF(D12<=$T$12,$R$12,IF(D12<=$T$13,$R$13,IF(D12<=$T$14,$R$14,IF(D12<=$T$15,$R$15,$R$16))))) -> La actividad que conlleva el riesgo se ejecuta de 3 a 24 veces por año | F12: =IF(E12="","",INDEX($U$12:$U$16,MATCH(E12,$R$12:$R$16,0))) -> 0.4 | G12: =IF(E12="","",INDEX($Q$12:$Q$16,MATCH(E12,$R$12:$R$16,0))) -> Baja | H12: Mayor a 10 SMLMV y Menor a 50 SMLMV | I12: =IF(OR(H12="",H12="N/A"),"",IFERROR(INDEX($X$12:$X$16,MATCH(H12,$Y$12:$Y$16,0)),"")) -> 0.4 | J12: =IF(OR(H12="",H12="N/A"),"",IFERROR(INDEX($W$12:$W$16,MATCH(H12,$Y$12:$Y$16,0)),"")) -> Menor | K12: El riesgo afecta la imagen de la entidad a nivel interno, de conocimiento general, de junta directiva y accionistas y/o proveedores. | L12: =IF(OR(K12="",K12="N/A"),"",IFERROR(INDEX($X$12:$X$16,MATCH(K12,$Z$12:$Z$16,0)),"")) -> 0.4 | M12: =IF(OR(K12="",K12="N/A"),"",IFERROR(INDEX($W$12:$W$16,MATCH(K12,$Z$12:$Z$16,0)),"")) -> Menor | N12: =IF(AND(I12="",L12=""),"",MAX(IF(I12="",0,I12),IF(L12="",0,L12))) -> 0.4 | O12: =IF(N12="","",IFERROR(INDEX($W$12:$W$16,MATCH(N12,$X$12:$X$16,0)),"")) -> Menor | Q12: Muy Baja | R12: La actividad que conlleva el riesgo se ejecuta como máximo 2 veces por año | S12: 0 | T12: 2 | U12: 0.2 | W12: Leve | X12: 0.2 | Y12: Afectación menor a 10 SMLMV | Z12: El riesgo afecta la imagen de algún área de la entidad.
A13: R3 | B13: Direccionamiento | C13: Posibilidad de afectación de recursos públicos por deficiencias en el seguimiento a la ejecución presupuestal y a los compromisos institucionales debido a controles débiles en supervisión, reporte de avances, soportes y toma oportuna de acciones correctivas | D13: 12 | E13: =IF(D13="","",IF(D13<=$T$12,$R$12,IF(D13<=$T$13,$R$13,IF(D13<=$T$14,$R$14,IF(D13<=$T$15,$R$15,$R$16))))) -> La actividad que conlleva el riesgo se ejecuta de 3 a 24 veces por año | F13: =IF(E13="","",INDEX($U$12:$U$16,MATCH(E13,$R$12:$R$16,0))) -> 0.4 | G13: =IF(E13="","",INDEX($Q$12:$Q$16,MATCH(E13,$R$12:$R$16,0))) -> Baja | H13: Mayor a 10 SMLMV y Menor a 50 SMLMV | I13: =IF(OR(H13="",H13="N/A"),"",IFERROR(INDEX($X$12:$X$16,MATCH(H13,$Y$12:$Y$16,0)),"")) -> 0.4 | J13: =IF(OR(H13="",H13="N/A"),"",IFERROR(INDEX($W$12:$W$16,MATCH(H13,$Y$12:$Y$16,0)),"")) -> Menor | K13: El riesgo afecta la imagen de la entidad a nivel interno, de conocimiento general, de junta directiva y accionistas y/o proveedores. | L13: =IF(OR(K13="",K13="N/A"),"",IFERROR(INDEX($X$12:$X$16,MATCH(K13,$Z$12:$Z$16,0)),"")) -> 0.4 | M13: =IF(OR(K13="",K13="N/A"),"",IFERROR(INDEX($W$12:$W$16,MATCH(K13,$Z$12:$Z$16,0)),"")) -> Menor | N13: =IF(AND(I13="",L13=""),"",MAX(IF(I13="",0,I13),IF(L13="",0,L13))) -> 0.4 | O13: =IF(N13="","",IFERROR(INDEX($W$12:$W$16,MATCH(N13,$X$12:$X$16,0)),"")) -> Menor | Q13: Baja | R13: La actividad que conlleva el riesgo se ejecuta de 3 a 24 veces por año | S13: 3 | T13: 24 | U13: 0.4 | W13: Menor | X13: 0.4 | Y13: Mayor a 10 SMLMV y Menor a 50 SMLMV | Z13: El riesgo afecta la imagen de la entidad a nivel interno, de conocimiento general, de junta directiva y accionistas y/o proveedores.
A14: R4 | B14: Académica | C14: Posibilidad de afectación académica y reputacional por inconsistencias en matrícula, programación académica, registro de notas, homologaciones o trámites académicos debido a debilidades en aplicación de procedimientos, revisión de soportes y seguimiento de actividades académicas | D14: 250 | E14: =IF(D14="","",IF(D14<=$T$12,$R$12,IF(D14<=$T$13,$R$13,IF(D14<=$T$14,$R$14,IF(D14<=$T$15,$R$15,$R$16))))) -> La actividad que conlleva el riesgo se ejecuta de 25 a 500 veces por año | F14: =IF(E14="","",INDEX($U$12:$U$16,MATCH(E14,$R$12:$R$16,0))) -> 0.6 | G14: =IF(E14="","",INDEX($Q$12:$Q$16,MATCH(E14,$R$12:$R$16,0))) -> Media | H14: Afectación menor a 10 SMLMV | I14: =IF(OR(H14="",H14="N/A"),"",IFERROR(INDEX($X$12:$X$16,MATCH(H14,$Y$12:$Y$16,0)),"")) -> 0.2 | J14: =IF(OR(H14="",H14="N/A"),"",IFERROR(INDEX($W$12:$W$16,MATCH(H14,$Y$12:$Y$16,0)),"")) -> Leve | K14: El riesgo afecta la imagen de la entidad a nivel interno, de conocimiento general, de junta directiva y accionistas y/o proveedores. | L14: =IF(OR(K14="",K14="N/A"),"",IFERROR(INDEX($X$12:$X$16,MATCH(K14,$Z$12:$Z$16,0)),"")) -> 0.4 | M14: =IF(OR(K14="",K14="N/A"),"",IFERROR(INDEX($W$12:$W$16,MATCH(K14,$Z$12:$Z$16,0)),"")) -> Menor | N14: =IF(AND(I14="",L14=""),"",MAX(IF(I14="",0,I14),IF(L14="",0,L14))) -> 0.4 | O14: =IF(N14="","",IFERROR(INDEX($W$12:$W$16,MATCH(N14,$X$12:$X$16,0)),"")) -> Menor | Q14: Media | R14: La actividad que conlleva el riesgo se ejecuta de 25 a 500 veces por año | S14: 25 | T14: 500 | U14: 0.6 | W14: Moderado | X14: 0.6 | Y14: Mayor a 50 SMLMV y Menor a 100 SMLMV | Z14: El riesgo afecta la imagen de la entidad con algunos usuarios de relevancia frente al logro de los objetivos.
A15: R5 | B15: Académica | C15: Posibilidad de favorecimiento indebido en decisiones académicas por manipulación o trato preferente en trámites, evaluaciones, calificaciones u homologaciones debido a baja segregación de funciones, controles insuficientes y falta de trazabilidad en aprobaciones académicas | D15: 250 | E15: =IF(D15="","",IF(D15<=$T$12,$R$12,IF(D15<=$T$13,$R$13,IF(D15<=$T$14,$R$14,IF(D15<=$T$15,$R$15,$R$16))))) -> La actividad que conlleva el riesgo se ejecuta de 25 a 500 veces por año | F15: =IF(E15="","",INDEX($U$12:$U$16,MATCH(E15,$R$12:$R$16,0))) -> 0.6 | G15: =IF(E15="","",INDEX($Q$12:$Q$16,MATCH(E15,$R$12:$R$16,0))) -> Media | H15: Afectación menor a 10 SMLMV | I15: =IF(OR(H15="",H15="N/A"),"",IFERROR(INDEX($X$12:$X$16,MATCH(H15,$Y$12:$Y$16,0)),"")) -> 0.2 | J15: =IF(OR(H15="",H15="N/A"),"",IFERROR(INDEX($W$12:$W$16,MATCH(H15,$Y$12:$Y$16,0)),"")) -> Leve | K15: El riesgo afecta la imagen de la entidad a nivel interno, de conocimiento general, de junta directiva y accionistas y/o proveedores. | L15: =IF(OR(K15="",K15="N/A"),"",IFERROR(INDEX($X$12:$X$16,MATCH(K15,$Z$12:$Z$16,0)),"")) -> 0.4 | M15: =IF(OR(K15="",K15="N/A"),"",IFERROR(INDEX($W$12:$W$16,MATCH(K15,$Z$12:$Z$16,0)),"")) -> Menor | N15: =IF(AND(I15="",L15=""),"",MAX(IF(I15="",0,I15),IF(L15="",0,L15))) -> 0.4 | O15: =IF(N15="","",IFERROR(INDEX($W$12:$W$16,MATCH(N15,$X$12:$X$16,0)),"")) -> Menor | Q15: Alta | R15: La actividad que conlleva el riesgo se ejecuta más de 500 veces al año y máximo 5.000 veces por año | S15: 501 | T15: 5000 | U15: 0.8 | W15: Mayor | X15: 0.8 | Y15: Mayor a 100 SMLMV y Menor a 500 SMLMV | Z15: El riesgo afecta la imagen de la entidad con efecto publicitario sostenido a nivel de sector administrativo, nivel departamental o municipal.
A16: R6 | B16: Académica | C16: Posibilidad de pérdida, alteración o indisponibilidad de información académica por fallas o accesos no autorizados en plataformas académicas, bases de datos estudiantiles o sistemas de registro debido a controles insuficientes de acceso, respaldo, perfiles de usuario y monitoreo tecnológico | D16: 12 | E16: =IF(D16="","",IF(D16<=$T$12,$R$12,IF(D16<=$T$13,$R$13,IF(D16<=$T$14,$R$14,IF(D16<=$T$15,$R$15,$R$16))))) -> La actividad que conlleva el riesgo se ejecuta de 3 a 24 veces por año | F16: =IF(E16="","",INDEX($U$12:$U$16,MATCH(E16,$R$12:$R$16,0))) -> 0.4 | G16: =IF(E16="","",INDEX($Q$12:$Q$16,MATCH(E16,$R$12:$R$16,0))) -> Baja | H16: Mayor a 10 SMLMV y Menor a 50 SMLMV | I16: =IF(OR(H16="",H16="N/A"),"",IFERROR(INDEX($X$12:$X$16,MATCH(H16,$Y$12:$Y$16,0)),"")) -> 0.4 | J16: =IF(OR(H16="",H16="N/A"),"",IFERROR(INDEX($W$12:$W$16,MATCH(H16,$Y$12:$Y$16,0)),"")) -> Menor | K16: El riesgo afecta la imagen de la entidad a nivel interno, de conocimiento general, de junta directiva y accionistas y/o proveedores. | L16: =IF(OR(K16="",K16="N/A"),"",IFERROR(INDEX($X$12:$X$16,MATCH(K16,$Z$12:$Z$16,0)),"")) -> 0.4 | M16: =IF(OR(K16="",K16="N/A"),"",IFERROR(INDEX($W$12:$W$16,MATCH(K16,$Z$12:$Z$16,0)),"")) -> Menor | N16: =IF(AND(I16="",L16=""),"",MAX(IF(I16="",0,I16),IF(L16="",0,L16))) -> 0.4 | O16: =IF(N16="","",IFERROR(INDEX($W$12:$W$16,MATCH(N16,$X$12:$X$16,0)),"")) -> Menor | Q16: Muy Alta | R16: La actividad que conlleva el riesgo se ejecuta más de 5.000 veces por año | S16: 5001 | U16: 1 | W16: Catastrófico | X16: 1 | Y16: Mayor a 500 SMLMV | Z16: El riesgo afecta la imagen de la entidad a nivel nacional, con efecto publicitario sostenido a nivel país.
A17: R7 | B17: Talento Humano | C17: Posibilidad de afectación administrativa y operativa por inconsistencias en vinculación, novedades, liquidaciones, seguridad social o información laboral debido a errores de registro, falta de revisión cruzada y aplicación incompleta de procedimientos de talento humano | D17: 12 | E17: =IF(D17="","",IF(D17<=$T$12,$R$12,IF(D17<=$T$13,$R$13,IF(D17<=$T$14,$R$14,IF(D17<=$T$15,$R$15,$R$16))))) -> La actividad que conlleva el riesgo se ejecuta de 3 a 24 veces por año | F17: =IF(E17="","",INDEX($U$12:$U$16,MATCH(E17,$R$12:$R$16,0))) -> 0.4 | G17: =IF(E17="","",INDEX($Q$12:$Q$16,MATCH(E17,$R$12:$R$16,0))) -> Baja | H17: Mayor a 10 SMLMV y Menor a 50 SMLMV | I17: =IF(OR(H17="",H17="N/A"),"",IFERROR(INDEX($X$12:$X$16,MATCH(H17,$Y$12:$Y$16,0)),"")) -> 0.4 | J17: =IF(OR(H17="",H17="N/A"),"",IFERROR(INDEX($W$12:$W$16,MATCH(H17,$Y$12:$Y$16,0)),"")) -> Menor | K17: El riesgo afecta la imagen de la entidad a nivel interno, de conocimiento general, de junta directiva y accionistas y/o proveedores. | L17: =IF(OR(K17="",K17="N/A"),"",IFERROR(INDEX($X$12:$X$16,MATCH(K17,$Z$12:$Z$16,0)),"")) -> 0.4 | M17: =IF(OR(K17="",K17="N/A"),"",IFERROR(INDEX($W$12:$W$16,MATCH(K17,$Z$12:$Z$16,0)),"")) -> Menor | N17: =IF(AND(I17="",L17=""),"",MAX(IF(I17="",0,I17),IF(L17="",0,L17))) -> 0.4 | O17: =IF(N17="","",IFERROR(INDEX($W$12:$W$16,MATCH(N17,$X$12:$X$16,0)),"")) -> Menor
A18: R8 | B18: Talento Humano | C18: Posibilidad de favorecimiento indebido en vinculación, contratación o permanencia de personal por manipulación de requisitos, evaluaciones, hojas de vida o decisiones de personal debido a controles insuficientes, baja trazabilidad y debilidades en la gestión de conflictos de interés | D18: 12 | E18: =IF(D18="","",IF(D18<=$T$12,$R$12,IF(D18<=$T$13,$R$13,IF(D18<=$T$14,$R$14,IF(D18<=$T$15,$R$15,$R$16))))) -> La actividad que conlleva el riesgo se ejecuta de 3 a 24 veces por año | F18: =IF(E18="","",INDEX($U$12:$U$16,MATCH(E18,$R$12:$R$16,0))) -> 0.4 | G18: =IF(E18="","",INDEX($Q$12:$Q$16,MATCH(E18,$R$12:$R$16,0))) -> Baja | H18: Afectación menor a 10 SMLMV | I18: =IF(OR(H18="",H18="N/A"),"",IFERROR(INDEX($X$12:$X$16,MATCH(H18,$Y$12:$Y$16,0)),"")) -> 0.2 | J18: =IF(OR(H18="",H18="N/A"),"",IFERROR(INDEX($W$12:$W$16,MATCH(H18,$Y$12:$Y$16,0)),"")) -> Leve | K18: El riesgo afecta la imagen de la entidad a nivel interno, de conocimiento general, de junta directiva y accionistas y/o proveedores. | L18: =IF(OR(K18="",K18="N/A"),"",IFERROR(INDEX($X$12:$X$16,MATCH(K18,$Z$12:$Z$16,0)),"")) -> 0.4 | M18: =IF(OR(K18="",K18="N/A"),"",IFERROR(INDEX($W$12:$W$16,MATCH(K18,$Z$12:$Z$16,0)),"")) -> Menor | N18: =IF(AND(I18="",L18=""),"",MAX(IF(I18="",0,I18),IF(L18="",0,L18))) -> 0.4 | O18: =IF(N18="","",IFERROR(INDEX($W$12:$W$16,MATCH(N18,$X$12:$X$16,0)),"")) -> Menor
A19: R9 | B19: Talento Humano | C19: Posibilidad de afectación de recursos públicos por pagos indebidos o mayores valores en nómina, prestaciones, seguridad social u honorarios debido a validaciones insuficientes de novedades, liquidaciones, soportes y autorizaciones de pago | D19: 12 | E19: =IF(D19="","",IF(D19<=$T$12,$R$12,IF(D19<=$T$13,$R$13,IF(D19<=$T$14,$R$14,IF(D19<=$T$15,$R$15,$R$16))))) -> La actividad que conlleva el riesgo se ejecuta de 3 a 24 veces por año | F19: =IF(E19="","",INDEX($U$12:$U$16,MATCH(E19,$R$12:$R$16,0))) -> 0.4 | G19: =IF(E19="","",INDEX($Q$12:$Q$16,MATCH(E19,$R$12:$R$16,0))) -> Baja | H19: Afectación menor a 10 SMLMV | I19: =IF(OR(H19="",H19="N/A"),"",IFERROR(INDEX($X$12:$X$16,MATCH(H19,$Y$12:$Y$16,0)),"")) -> 0.2 | J19: =IF(OR(H19="",H19="N/A"),"",IFERROR(INDEX($W$12:$W$16,MATCH(H19,$Y$12:$Y$16,0)),"")) -> Leve | K19: El riesgo afecta la imagen de la entidad a nivel interno, de conocimiento general, de junta directiva y accionistas y/o proveedores. | L19: =IF(OR(K19="",K19="N/A"),"",IFERROR(INDEX($X$12:$X$16,MATCH(K19,$Z$12:$Z$16,0)),"")) -> 0.4 | M19: =IF(OR(K19="",K19="N/A"),"",IFERROR(INDEX($W$12:$W$16,MATCH(K19,$Z$12:$Z$16,0)),"")) -> Menor | N19: =IF(AND(I19="",L19=""),"",MAX(IF(I19="",0,I19),IF(L19="",0,L19))) -> 0.4 | O19: =IF(N19="","",IFERROR(INDEX($W$12:$W$16,MATCH(N19,$X$12:$X$16,0)),"")) -> Menor | Y19: N/A | Z19: N/A
A20: R10 | B20: Talento Humano | C20: Posibilidad de pérdida de confidencialidad de datos personales y laborales por acceso, divulgación o custodia inadecuada de historias laborales, nómina y datos sensibles debido a controles insuficientes de acceso, archivo, permisos y tratamiento de información reservada | D20: 6 | E20: =IF(D20="","",IF(D20<=$T$12,$R$12,IF(D20<=$T$13,$R$13,IF(D20<=$T$14,$R$14,IF(D20<=$T$15,$R$15,$R$16))))) -> La actividad que conlleva el riesgo se ejecuta de 3 a 24 veces por año | F20: =IF(E20="","",INDEX($U$12:$U$16,MATCH(E20,$R$12:$R$16,0))) -> 0.4 | G20: =IF(E20="","",INDEX($Q$12:$Q$16,MATCH(E20,$R$12:$R$16,0))) -> Baja | H20: Mayor a 10 SMLMV y Menor a 50 SMLMV | I20: =IF(OR(H20="",H20="N/A"),"",IFERROR(INDEX($X$12:$X$16,MATCH(H20,$Y$12:$Y$16,0)),"")) -> 0.4 | J20: =IF(OR(H20="",H20="N/A"),"",IFERROR(INDEX($W$12:$W$16,MATCH(H20,$Y$12:$Y$16,0)),"")) -> Menor | K20: El riesgo afecta la imagen de la entidad con algunos usuarios de relevancia frente al logro de los objetivos. | L20: =IF(OR(K20="",K20="N/A"),"",IFERROR(INDEX($X$12:$X$16,MATCH(K20,$Z$12:$Z$16,0)),"")) -> 0.6 | M20: =IF(OR(K20="",K20="N/A"),"",IFERROR(INDEX($W$12:$W$16,MATCH(K20,$Z$12:$Z$16,0)),"")) -> Moderado | N20: =IF(AND(I20="",L20=""),"",MAX(IF(I20="",0,I20),IF(L20="",0,L20))) -> 0.6 | O20: =IF(N20="","",IFERROR(INDEX($W$12:$W$16,MATCH(N20,$X$12:$X$16,0)),"")) -> Moderado
A21: R11 | B21: Bienestar | C21: Posibilidad de afectación en la prestación de programas de bienestar or incumplimiento o ejecución parcial de las actividades programadas, a causa de debilidades en la planeación, seguimiento y disponibilidad de recursos. | D21: 4 | E21: =IF(D21="","",IF(D21<=$T$12,$R$12,IF(D21<=$T$13,$R$13,IF(D21<=$T$14,$R$14,IF(D21<=$T$15,$R$15,$R$16))))) -> La actividad que conlleva el riesgo se ejecuta de 3 a 24 veces por año | F21: =IF(E21="","",INDEX($U$12:$U$16,MATCH(E21,$R$12:$R$16,0))) -> 0.4 | G21: =IF(E21="","",INDEX($Q$12:$Q$16,MATCH(E21,$R$12:$R$16,0))) -> Baja | H21: Mayor a 10 SMLMV y Menor a 50 SMLMV | I21: =IF(OR(H21="",H21="N/A"),"",IFERROR(INDEX($X$12:$X$16,MATCH(H21,$Y$12:$Y$16,0)),"")) -> 0.4 | J21: =IF(OR(H21="",H21="N/A"),"",IFERROR(INDEX($W$12:$W$16,MATCH(H21,$Y$12:$Y$16,0)),"")) -> Menor | K21: El riesgo afecta la imagen de la entidad a nivel interno, de conocimiento general, de junta directiva y accionistas y/o proveedores. | L21: =IF(OR(K21="",K21="N/A"),"",IFERROR(INDEX($X$12:$X$16,MATCH(K21,$Z$12:$Z$16,0)),"")) -> 0.4 | M21: =IF(OR(K21="",K21="N/A"),"",IFERROR(INDEX($W$12:$W$16,MATCH(K21,$Z$12:$Z$16,0)),"")) -> Menor | N21: =IF(AND(I21="",L21=""),"",MAX(IF(I21="",0,I21),IF(L21="",0,L21))) -> 0.4 | O21: =IF(N21="","",IFERROR(INDEX($W$12:$W$16,MATCH(N21,$X$12:$X$16,0)),"")) -> Menor
A22: R12 | B22: Bienestar | C22: Posibilidad de uso inadecuado de recursos destinados a bienestar institucional por entrega de apoyos, contratación de actividades o pagos sin soportes suficientes debido a debilidades en supervisión, verificación de beneficiarios, evidencias de ejecución y control presupuestal | D22: 12 | E22: =IF(D22="","",IF(D22<=$T$12,$R$12,IF(D22<=$T$13,$R$13,IF(D22<=$T$14,$R$14,IF(D22<=$T$15,$R$15,$R$16))))) -> La actividad que conlleva el riesgo se ejecuta de 3 a 24 veces por año | F22: =IF(E22="","",INDEX($U$12:$U$16,MATCH(E22,$R$12:$R$16,0))) -> 0.4 | G22: =IF(E22="","",INDEX($Q$12:$Q$16,MATCH(E22,$R$12:$R$16,0))) -> Baja | H22: Mayor a 50 SMLMV y Menor a 100 SMLMV | I22: =IF(OR(H22="",H22="N/A"),"",IFERROR(INDEX($X$12:$X$16,MATCH(H22,$Y$12:$Y$16,0)),"")) -> 0.6 | J22: =IF(OR(H22="",H22="N/A"),"",IFERROR(INDEX($W$12:$W$16,MATCH(H22,$Y$12:$Y$16,0)),"")) -> Moderado | K22: El riesgo afecta la imagen de la entidad a nivel interno, de conocimiento general, de junta directiva y accionistas y/o proveedores. | L22: =IF(OR(K22="",K22="N/A"),"",IFERROR(INDEX($X$12:$X$16,MATCH(K22,$Z$12:$Z$16,0)),"")) -> 0.4 | M22: =IF(OR(K22="",K22="N/A"),"",IFERROR(INDEX($W$12:$W$16,MATCH(K22,$Z$12:$Z$16,0)),"")) -> Menor | N22: =IF(AND(I22="",L22=""),"",MAX(IF(I22="",0,I22),IF(L22="",0,L22))) -> 0.6 | O22: =IF(N22="","",IFERROR(INDEX($W$12:$W$16,MATCH(N22,$X$12:$X$16,0)),"")) -> Moderado
A23: R13 | B23: Bienestar | C23: Posibilidad de favorecimiento indebido en la asignación de beneficios de bienestar por selección de beneficiarios sin criterios objetivos o con trato preferente debido a controles insuficientes, baja trazabilidad y verificación incompleta de requisitos | D23: 365 | E23: =IF(D23="","",IF(D23<=$T$12,$R$12,IF(D23<=$T$13,$R$13,IF(D23<=$T$14,$R$14,IF(D23<=$T$15,$R$15,$R$16))))) -> La actividad que conlleva el riesgo se ejecuta de 25 a 500 veces por año | F23: =IF(E23="","",INDEX($U$12:$U$16,MATCH(E23,$R$12:$R$16,0))) -> 0.6 | G23: =IF(E23="","",INDEX($Q$12:$Q$16,MATCH(E23,$R$12:$R$16,0))) -> Media | H23: Mayor a 10 SMLMV y Menor a 50 SMLMV | I23: =IF(OR(H23="",H23="N/A"),"",IFERROR(INDEX($X$12:$X$16,MATCH(H23,$Y$12:$Y$16,0)),"")) -> 0.4 | J23: =IF(OR(H23="",H23="N/A"),"",IFERROR(INDEX($W$12:$W$16,MATCH(H23,$Y$12:$Y$16,0)),"")) -> Menor | K23: El riesgo afecta la imagen de la entidad a nivel interno, de conocimiento general, de junta directiva y accionistas y/o proveedores. | L23: =IF(OR(K23="",K23="N/A"),"",IFERROR(INDEX($X$12:$X$16,MATCH(K23,$Z$12:$Z$16,0)),"")) -> 0.4 | M23: =IF(OR(K23="",K23="N/A"),"",IFERROR(INDEX($W$12:$W$16,MATCH(K23,$Z$12:$Z$16,0)),"")) -> Menor | N23: =IF(AND(I23="",L23=""),"",MAX(IF(I23="",0,I23),IF(L23="",0,L23))) -> 0.4 | O23: =IF(N23="","",IFERROR(INDEX($W$12:$W$16,MATCH(N23,$X$12:$X$16,0)),"")) -> Menor
A24: R14 | B24: Legal Administrativa | C24: Posibilidad de afectación jurídica, contractual y administrativa por errores en trámites contractuales, administrativos, gestión de bienes o atención de obligaciones institucionales debido a aplicación incompleta de procedimientos, revisión jurídica insuficiente y debilidades en archivo y seguimiento | D24: 180 | E24: =IF(D24="","",IF(D24<=$T$12,$R$12,IF(D24<=$T$13,$R$13,IF(D24<=$T$14,$R$14,IF(D24<=$T$15,$R$15,$R$16))))) -> La actividad que conlleva el riesgo se ejecuta de 25 a 500 veces por año | F24: =IF(E24="","",INDEX($U$12:$U$16,MATCH(E24,$R$12:$R$16,0))) -> 0.6 | G24: =IF(E24="","",INDEX($Q$12:$Q$16,MATCH(E24,$R$12:$R$16,0))) -> Media | H24: Mayor a 10 SMLMV y Menor a 50 SMLMV | I24: =IF(OR(H24="",H24="N/A"),"",IFERROR(INDEX($X$12:$X$16,MATCH(H24,$Y$12:$Y$16,0)),"")) -> 0.4 | J24: =IF(OR(H24="",H24="N/A"),"",IFERROR(INDEX($W$12:$W$16,MATCH(H24,$Y$12:$Y$16,0)),"")) -> Menor | K24: El riesgo afecta la imagen de la entidad a nivel interno, de conocimiento general, de junta directiva y accionistas y/o proveedores. | L24: =IF(OR(K24="",K24="N/A"),"",IFERROR(INDEX($X$12:$X$16,MATCH(K24,$Z$12:$Z$16,0)),"")) -> 0.4 | M24: =IF(OR(K24="",K24="N/A"),"",IFERROR(INDEX($W$12:$W$16,MATCH(K24,$Z$12:$Z$16,0)),"")) -> Menor | N24: =IF(AND(I24="",L24=""),"",MAX(IF(I24="",0,I24),IF(L24="",0,L24))) -> 0.4 | O24: =IF(N24="","",IFERROR(INDEX($W$12:$W$16,MATCH(N24,$X$12:$X$16,0)),"")) -> Menor
A25: R15 | B25: Legal Administrativa | C25: Posibilidad de direccionamiento o favorecimiento indebido en contratación y compras por manipulación de requisitos, estudios previos, evaluación de ofertas o decisiones contractuales debido a controles insuficientes, baja trazabilidad, conflictos de interés y debilidades en supervisión contractual | D25: 12 | E25: =IF(D25="","",IF(D25<=$T$12,$R$12,IF(D25<=$T$13,$R$13,IF(D25<=$T$14,$R$14,IF(D25<=$T$15,$R$15,$R$16))))) -> La actividad que conlleva el riesgo se ejecuta de 3 a 24 veces por año | F25: =IF(E25="","",INDEX($U$12:$U$16,MATCH(E25,$R$12:$R$16,0))) -> 0.4 | G25: =IF(E25="","",INDEX($Q$12:$Q$16,MATCH(E25,$R$12:$R$16,0))) -> Baja | H25: Mayor a 10 SMLMV y Menor a 50 SMLMV | I25: =IF(OR(H25="",H25="N/A"),"",IFERROR(INDEX($X$12:$X$16,MATCH(H25,$Y$12:$Y$16,0)),"")) -> 0.4 | J25: =IF(OR(H25="",H25="N/A"),"",IFERROR(INDEX($W$12:$W$16,MATCH(H25,$Y$12:$Y$16,0)),"")) -> Menor | K25: El riesgo afecta la imagen de la entidad a nivel interno, de conocimiento general, de junta directiva y accionistas y/o proveedores. | L25: =IF(OR(K25="",K25="N/A"),"",IFERROR(INDEX($X$12:$X$16,MATCH(K25,$Z$12:$Z$16,0)),"")) -> 0.4 | M25: =IF(OR(K25="",K25="N/A"),"",IFERROR(INDEX($W$12:$W$16,MATCH(K25,$Z$12:$Z$16,0)),"")) -> Menor | N25: =IF(AND(I25="",L25=""),"",MAX(IF(I25="",0,I25),IF(L25="",0,L25))) -> 0.4 | O25: =IF(N25="","",IFERROR(INDEX($W$12:$W$16,MATCH(N25,$X$12:$X$16,0)),"")) -> Menor
A26: R16 | B26: Legal Administrativa | C26: Posibilidad de vinculación contractual con terceros asociados a LA/FT/FP por contratación, pagos o relaciones con proveedores, contratistas o aliados sin verificación suficiente debido a ausencia o insuficiencia de debida diligencia, consulta de listas, identificación de beneficiarios finales y análisis de señales de alerta | D26: 23 | E26: =IF(D26="","",IF(D26<=$T$12,$R$12,IF(D26<=$T$13,$R$13,IF(D26<=$T$14,$R$14,IF(D26<=$T$15,$R$15,$R$16))))) -> La actividad que conlleva el riesgo se ejecuta de 3 a 24 veces por año | F26: =IF(E26="","",INDEX($U$12:$U$16,MATCH(E26,$R$12:$R$16,0))) -> 0.4 | G26: =IF(E26="","",INDEX($Q$12:$Q$16,MATCH(E26,$R$12:$R$16,0))) -> Baja | H26: Mayor a 10 SMLMV y Menor a 50 SMLMV | I26: =IF(OR(H26="",H26="N/A"),"",IFERROR(INDEX($X$12:$X$16,MATCH(H26,$Y$12:$Y$16,0)),"")) -> 0.4 | J26: =IF(OR(H26="",H26="N/A"),"",IFERROR(INDEX($W$12:$W$16,MATCH(H26,$Y$12:$Y$16,0)),"")) -> Menor | K26: El riesgo afecta la imagen de la entidad con algunos usuarios de relevancia frente al logro de los objetivos. | L26: =IF(OR(K26="",K26="N/A"),"",IFERROR(INDEX($X$12:$X$16,MATCH(K26,$Z$12:$Z$16,0)),"")) -> 0.6 | M26: =IF(OR(K26="",K26="N/A"),"",IFERROR(INDEX($W$12:$W$16,MATCH(K26,$Z$12:$Z$16,0)),"")) -> Moderado | N26: =IF(AND(I26="",L26=""),"",MAX(IF(I26="",0,I26),IF(L26="",0,L26))) -> 0.6 | O26: =IF(N26="","",IFERROR(INDEX($W$12:$W$16,MATCH(N26,$X$12:$X$16,0)),"")) -> Moderado
A27: R17 | B27: Legal Administrativa | C27: Posibilidad de afectación de recursos públicos por pagos sin soporte, incumplimientos contractuales, bienes no recibidos o deficiente administración de recursos debido a debilidades en supervisión, interventoría, recibo a satisfacción, conciliación de obligaciones y custodia de soportes | D27: 54 | E27: =IF(D27="","",IF(D27<=$T$12,$R$12,IF(D27<=$T$13,$R$13,IF(D27<=$T$14,$R$14,IF(D27<=$T$15,$R$15,$R$16))))) -> La actividad que conlleva el riesgo se ejecuta de 25 a 500 veces por año | F27: =IF(E27="","",INDEX($U$12:$U$16,MATCH(E27,$R$12:$R$16,0))) -> 0.6 | G27: =IF(E27="","",INDEX($Q$12:$Q$16,MATCH(E27,$R$12:$R$16,0))) -> Media | H27: Mayor a 10 SMLMV y Menor a 50 SMLMV | I27: =IF(OR(H27="",H27="N/A"),"",IFERROR(INDEX($X$12:$X$16,MATCH(H27,$Y$12:$Y$16,0)),"")) -> 0.4 | J27: =IF(OR(H27="",H27="N/A"),"",IFERROR(INDEX($W$12:$W$16,MATCH(H27,$Y$12:$Y$16,0)),"")) -> Menor | K27: El riesgo afecta la imagen de la entidad con algunos usuarios de relevancia frente al logro de los objetivos. | L27: =IF(OR(K27="",K27="N/A"),"",IFERROR(INDEX($X$12:$X$16,MATCH(K27,$Z$12:$Z$16,0)),"")) -> 0.6 | M27: =IF(OR(K27="",K27="N/A"),"",IFERROR(INDEX($W$12:$W$16,MATCH(K27,$Z$12:$Z$16,0)),"")) -> Moderado | N27: =IF(AND(I27="",L27=""),"",MAX(IF(I27="",0,I27),IF(L27="",0,L27))) -> 0.6 | O27: =IF(N27="","",IFERROR(INDEX($W$12:$W$16,MATCH(N27,$X$12:$X$16,0)),"")) -> Moderado
A28: R18 | B28: Legal Administrativa | C28: Posibilidad de pérdida, alteración o acceso no autorizado a expedientes contractuales y administrativos por manejo inadecuado de archivos físicos, digitales o sistemas de gestión administrativa debido a controles insuficientes de acceso, respaldo, custodia documental y trazabilidad | D28: 125 | E28: =IF(D28="","",IF(D28<=$T$12,$R$12,IF(D28<=$T$13,$R$13,IF(D28<=$T$14,$R$14,IF(D28<=$T$15,$R$15,$R$16))))) -> La actividad que conlleva el riesgo se ejecuta de 25 a 500 veces por año | F28: =IF(E28="","",INDEX($U$12:$U$16,MATCH(E28,$R$12:$R$16,0))) -> 0.6 | G28: =IF(E28="","",INDEX($Q$12:$Q$16,MATCH(E28,$R$12:$R$16,0))) -> Media | H28: Mayor a 10 SMLMV y Menor a 50 SMLMV | I28: =IF(OR(H28="",H28="N/A"),"",IFERROR(INDEX($X$12:$X$16,MATCH(H28,$Y$12:$Y$16,0)),"")) -> 0.4 | J28: =IF(OR(H28="",H28="N/A"),"",IFERROR(INDEX($W$12:$W$16,MATCH(H28,$Y$12:$Y$16,0)),"")) -> Menor | K28: El riesgo afecta la imagen de la entidad a nivel interno, de conocimiento general, de junta directiva y accionistas y/o proveedores. | L28: =IF(OR(K28="",K28="N/A"),"",IFERROR(INDEX($X$12:$X$16,MATCH(K28,$Z$12:$Z$16,0)),"")) -> 0.4 | M28: =IF(OR(K28="",K28="N/A"),"",IFERROR(INDEX($W$12:$W$16,MATCH(K28,$Z$12:$Z$16,0)),"")) -> Menor | N28: =IF(AND(I28="",L28=""),"",MAX(IF(I28="",0,I28),IF(L28="",0,L28))) -> 0.4 | O28: =IF(N28="","",IFERROR(INDEX($W$12:$W$16,MATCH(N28,$X$12:$X$16,0)),"")) -> Menor
A29: R19 | B29: Extensión | C29: Posibilidad de incumplimiento en modalidades de extensión por fallas en la planeación, ejecución, seguimiento o cierre de actividades con terceros debido a debilidades en coordinación, soportes, cronogramas, responsables y medición de resultados | D29: 24 | E29: =IF(D29="","",IF(D29<=$T$12,$R$12,IF(D29<=$T$13,$R$13,IF(D29<=$T$14,$R$14,IF(D29<=$T$15,$R$15,$R$16))))) -> La actividad que conlleva el riesgo se ejecuta de 3 a 24 veces por año | F29: =IF(E29="","",INDEX($U$12:$U$16,MATCH(E29,$R$12:$R$16,0))) -> 0.4 | G29: =IF(E29="","",INDEX($Q$12:$Q$16,MATCH(E29,$R$12:$R$16,0))) -> Baja | H29: Mayor a 10 SMLMV y Menor a 50 SMLMV | I29: =IF(OR(H29="",H29="N/A"),"",IFERROR(INDEX($X$12:$X$16,MATCH(H29,$Y$12:$Y$16,0)),"")) -> 0.4 | J29: =IF(OR(H29="",H29="N/A"),"",IFERROR(INDEX($W$12:$W$16,MATCH(H29,$Y$12:$Y$16,0)),"")) -> Menor | K29: El riesgo afecta la imagen de la entidad con algunos usuarios de relevancia frente al logro de los objetivos. | L29: =IF(OR(K29="",K29="N/A"),"",IFERROR(INDEX($X$12:$X$16,MATCH(K29,$Z$12:$Z$16,0)),"")) -> 0.6 | M29: =IF(OR(K29="",K29="N/A"),"",IFERROR(INDEX($W$12:$W$16,MATCH(K29,$Z$12:$Z$16,0)),"")) -> Moderado | N29: =IF(AND(I29="",L29=""),"",MAX(IF(I29="",0,I29),IF(L29="",0,L29))) -> 0.6 | O29: =IF(N29="","",IFERROR(INDEX($W$12:$W$16,MATCH(N29,$X$12:$X$16,0)),"")) -> Moderado
A30: R20 | B30: Extensión | C30: Posibilidad de relacionamiento con aliados o financiadores asociados a LA/FT/FP por convenios, alianzas, pagos o actividades de extensión con terceros sin validación suficiente debido a debida diligencia insuficiente, falta de verificación de contrapartes, origen de recursos y señales de alerta | D30: 5 | E30: =IF(D30="","",IF(D30<=$T$12,$R$12,IF(D30<=$T$13,$R$13,IF(D30<=$T$14,$R$14,IF(D30<=$T$15,$R$15,$R$16))))) -> La actividad que conlleva el riesgo se ejecuta de 3 a 24 veces por año | F30: =IF(E30="","",INDEX($U$12:$U$16,MATCH(E30,$R$12:$R$16,0))) -> 0.4 | G30: =IF(E30="","",INDEX($Q$12:$Q$16,MATCH(E30,$R$12:$R$16,0))) -> Baja | H30: Mayor a 10 SMLMV y Menor a 50 SMLMV | I30: =IF(OR(H30="",H30="N/A"),"",IFERROR(INDEX($X$12:$X$16,MATCH(H30,$Y$12:$Y$16,0)),"")) -> 0.4 | J30: =IF(OR(H30="",H30="N/A"),"",IFERROR(INDEX($W$12:$W$16,MATCH(H30,$Y$12:$Y$16,0)),"")) -> Menor | K30: El riesgo afecta la imagen de la entidad con algunos usuarios de relevancia frente al logro de los objetivos. | L30: =IF(OR(K30="",K30="N/A"),"",IFERROR(INDEX($X$12:$X$16,MATCH(K30,$Z$12:$Z$16,0)),"")) -> 0.6 | M30: =IF(OR(K30="",K30="N/A"),"",IFERROR(INDEX($W$12:$W$16,MATCH(K30,$Z$12:$Z$16,0)),"")) -> Moderado | N30: =IF(AND(I30="",L30=""),"",MAX(IF(I30="",0,I30),IF(L30="",0,L30))) -> 0.6 | O30: =IF(N30="","",IFERROR(INDEX($W$12:$W$16,MATCH(N30,$X$12:$X$16,0)),"")) -> Moderado
A31: R21 | B31: Extensión | C31: Posibilidad de uso ineficiente de recursos asociados a proyectos de extensión por pagos, gastos o ejecución de las distintas modalidades de extensión sin evidencia suficiente de cumplimiento debido a debilidades en supervisión, control financiero, soportes de ejecución e informes de cierre | D31: 5 | E31: =IF(D31="","",IF(D31<=$T$12,$R$12,IF(D31<=$T$13,$R$13,IF(D31<=$T$14,$R$14,IF(D31<=$T$15,$R$15,$R$16))))) -> La actividad que conlleva el riesgo se ejecuta de 3 a 24 veces por año | F31: =IF(E31="","",INDEX($U$12:$U$16,MATCH(E31,$R$12:$R$16,0))) -> 0.4 | G31: =IF(E31="","",INDEX($Q$12:$Q$16,MATCH(E31,$R$12:$R$16,0))) -> Baja | H31: Mayor a 10 SMLMV y Menor a 50 SMLMV | I31: =IF(OR(H31="",H31="N/A"),"",IFERROR(INDEX($X$12:$X$16,MATCH(H31,$Y$12:$Y$16,0)),"")) -> 0.4 | J31: =IF(OR(H31="",H31="N/A"),"",IFERROR(INDEX($W$12:$W$16,MATCH(H31,$Y$12:$Y$16,0)),"")) -> Menor | K31: El riesgo afecta la imagen de la entidad con algunos usuarios de relevancia frente al logro de los objetivos. | L31: =IF(OR(K31="",K31="N/A"),"",IFERROR(INDEX($X$12:$X$16,MATCH(K31,$Z$12:$Z$16,0)),"")) -> 0.6 | M31: =IF(OR(K31="",K31="N/A"),"",IFERROR(INDEX($W$12:$W$16,MATCH(K31,$Z$12:$Z$16,0)),"")) -> Moderado | N31: =IF(AND(I31="",L31=""),"",MAX(IF(I31="",0,I31),IF(L31="",0,L31))) -> 0.6 | O31: =IF(N31="","",IFERROR(INDEX($W$12:$W$16,MATCH(N31,$X$12:$X$16,0)),"")) -> Moderado
... A55: R45 | B55: Control y Evaluación | C55: Posibilidad de no identificar oportunamente riesgos fiscales o desviaciones en el uso de recursos por debilidades en auditoría, seguimiento de hallazgos y verificación de acciones correctivas debido a priorización insuficiente basada en riesgos, seguimiento débil a planes de mejoramiento y cobertura limitada | D55: 25 | E55: =IF(D55="","",IF(D55<=$T$12,$R$12,IF(D55<=$T$13,$R$13,IF(D55<=$T$14,$R$14,IF(D55<=$T$15,$R$15,$R$16))))) -> La actividad que conlleva el riesgo se ejecuta de 25 a 500 veces por año | F55: =IF(E55="","",INDEX($U$12:$U$16,MATCH(E55,$R$12:$R$16,0))) -> 0.6 | G55: =IF(E55="","",INDEX($Q$12:$Q$16,MATCH(E55,$R$12:$R$16,0))) -> Media | H55: Mayor a 10 SMLMV y Menor a 50 SMLMV | I55: =IF(OR(H55="",H55="N/A"),"",IFERROR(INDEX($X$12:$X$16,MATCH(H55,$Y$12:$Y$16,0)),"")) -> 0.4 | J55: =IF(OR(H55="",H55="N/A"),"",IFERROR(INDEX($W$12:$W$16,MATCH(H55,$Y$12:$Y$16,0)),"")) -> Menor | K55: El riesgo afecta la imagen de la entidad a nivel interno, de conocimiento general, de junta directiva y accionistas y/o proveedores. | L55: =IF(OR(K55="",K55="N/A"),"",IFERROR(INDEX($X$12:$X$16,MATCH(K55,$Z$12:$Z$16,0)),"")) -> 0.4 | M55: =IF(OR(K55="",K55="N/A"),"",IFERROR(INDEX($W$12:$W$16,MATCH(K55,$Z$12:$Z$16,0)),"")) -> Menor | N55: =IF(AND(I55="",L55=""),"",MAX(IF(I55="",0,I55),IF(L55="",0,L55))) -> 0.4 | O55: =IF(N55="","",IFERROR(INDEX($W$12:$W$16,MATCH(N55,$X$12:$X$16,0)),"")) -> Menor

Sheet 4 MAPA CALOR INHERENTE
C1: MAPA DE RIESGOS INSTITUCIONAL | U1: CÓDIGO: PE-PYM-REG-027
U2: VERSIÓN: 01
U3: ACTUALIZACIÓN: 28-08-2026
A5: ENTIDAD: | B5: INSTITUCIÓN UNIVERSITARIA DE SAN ANRES, PROVIDENCIA Y SANTA CATALINA -IUSAI | S5: PROCESO: | T5: Todos los procesos institucionales
A6: OBJETIVO DEL PROCESO: | B6: Identificar, analizar y valorar los riesgos de gestión, fiscales, seguridad de la información, corrupción y LA/FT/FP de los 14 procesos del INFOTEP, conforme a la metodología de administración del riesgo de la Función Pública. | S6: Vigencia: 2026 | T6: Del 1 de enero 2026 Al 31 de diciembre de 2026
H9: MAPA DE CALOR RIESGO INHERENTE | Q9: IMPACTO
D10: CALIFICACIÓN RIESGO INHERENTE | J10: Impacto | S10: 0.2 | T10: 0.4 | U10: 0.6 | V10: 0.8 | W10: 1
A11: No. DEL RIESGO | B11: porque hay algunas | C11: RIESGO | D11: PROBABILIDAD | E11: IMPACTO | F11: SEVERIDAD (NIVEL DE RIESGO) | J11: Leve | K11: Menor | L11: Moderado | M11: Mayor | N11: Catastrófico | S11: Leve | T11: Menor | U11: Moderado | V11: Mayor | W11: Catastrófico
A12: R1 | B12: Direccionamiento | C12: Posibilidad de afectación institucional y reputacional por debilidades en la formulación, seguimiento y evaluación de planes, indicadores y metas institucionales debido a falta de articulación entre dependencias, baja trazabilidad de avances y seguimiento insuficiente por parte de los responsables | D12: ='3 PROBABIL E IMPACTO INHERENTE'!G11 -> Baja | E12: ='3 PROBABIL E IMPACTO INHERENTE'!O11 -> Menor | F12: =IF(OR(D12="",E12=""),"",INDEX($S$12:$W$16,MATCH(D12,$R$12:$R$16,0),MATCH(E12,$S$11:$W$11,0))) -> Moderado | H12: Probabilidad | I12: Muy Alta | J12: Alto | K12: Alto | L12: Alto | M12: Alto | N12: Extremo | P12: Probabilidad | Q12: 1 | R12: Muy Alta | S12: Alto | T12: Alto | U12: Alto | V12: Alto | W12: Extremo
A13: R2 | B13: Direccionamiento | C13: Posibilidad de pérdida reputacional y afectación a la transparencia institucional por decisiones estratégicas influenciadas por intereses particulares o conflictos de interés debido a controles insuficientes para declarar, gestionar y documentar conflictos de interés en la toma de decisiones | D13: ='3 PROBABIL E IMPACTO INHERENTE'!G12 -> Baja | E13: ='3 PROBABIL E IMPACTO INHERENTE'!O12 -> Menor | F13: =IF(OR(D13="",E13=""),"",INDEX($S$12:$W$16,MATCH(D13,$R$12:$R$16,0),MATCH(E13,$S$11:$W$11,0))) -> Moderado | I13: Alta | J13: Moderado | K13: Moderado | L13: Alto | M13: Alto | N13: Extremo | Q13: 0.8 | R13: Alta | S13: Moderado | T13: Moderado | U13: Alto | V13: Alto | W13: Extremo
A14: R3 | B14: Direccionamiento | C14: Posibilidad de afectación de recursos públicos por deficiencias en el seguimiento a la ejecución presupuestal y a los compromisos institucionales debido a controles débiles en supervisión, reporte de avances, soportes y toma oportuna de acciones correctivas | D14: ='3 PROBABIL E IMPACTO INHERENTE'!G13 -> Baja | E14: ='3 PROBABIL E IMPACTO INHERENTE'!O13 -> Menor | F14: =IF(OR(D14="",E14=""),"",INDEX($S$12:$W$16,MATCH(D14,$R$12:$R$16,0),MATCH(E14,$S$11:$W$11,0))) -> Moderado | I14: Media | J14: Moderado | K14: Moderado | L14: Moderado | M14: Alto | N14: Extremo | Q14: 0.6 | R14: Media | S14: Moderado | T14: Moderado | U14: Moderado | V14: Alto | W14: Extremo
A15: R4 | B15: Académica | C15: Posibilidad de afectación académica y reputacional por inconsistencias en matrícula, programación académica, registro de notas, homologaciones o trámites académicos debido a debilidades en aplicación de procedimientos, revisión de soportes y seguimiento de actividades académicas | D15: ='3 PROBABIL E IMPACTO INHERENTE'!G14 -> Media | E15: ='3 PROBABIL E IMPACTO INHERENTE'!O14 -> Menor | F15: =IF(OR(D15="",E15=""),"",INDEX($S$12:$W$16,MATCH(D15,$R$12:$R$16,0),MATCH(E15,$S$11:$W$11,0))) -> Moderado | I15: Baja | J15: Bajo | K15: Moderado | L15: Moderado | M15: Alto | N15: Extremo | Q15: 0.4 | R15: Baja | S15: Bajo | T15: Moderado | U15: Moderado | V15: Alto | W15: Extremo
A16: R5 | B16: Académica | C16: Posibilidad de favorecimiento indebido en decisiones académicas por manipulación o trato preferente en trámites, evaluaciones, calificaciones u homologaciones debido a baja segregación de funciones, controles insuficientes y falta de trazabilidad en aprobaciones académicas | D16: ='3 PROBABIL E IMPACTO INHERENTE'!G15 -> Media | E16: ='3 PROBABIL E IMPACTO INHERENTE'!O15 -> Menor | F16: =IF(OR(D16="",E16=""),"",INDEX($S$12:$W$16,MATCH(D16,$R$12:$R$16,0),MATCH(E16,$S$11:$W$11,0))) -> Moderado | I16: Muy Baja | J16: Bajo | K16: Bajo | L16: Moderado | M16: Alto | N16: Extremo | Q16: 0.2 | R16: Muy Baja | S16: Bajo | T16: Bajo | U16: Moderado | V16: Alto | W16: Extremo
A17: R6 | B17: Académica | C17: Posibilidad de pérdida, alteración o indisponibilidad de información académica por fallas o accesos no autorizados en plataformas académicas, bases de datos estudiantiles o sistemas de registro debido a controles insuficientes de acceso, respaldo, perfiles de usuario y monitoreo tecnológico | D17: ='3 PROBABIL E IMPACTO INHERENTE'!G16 -> Baja | E17: ='3 PROBABIL E IMPACTO INHERENTE'!O16 -> Menor | F17: =IF(OR(D17="",E17=""),"",INDEX($S$12:$W$16,MATCH(D17,$R$12:$R$16,0),MATCH(E17,$S$11:$W$11,0))) -> Moderado
A18: R7 | B18: Talento Humano | C18: Posibilidad de afectación administrativa y operativa por inconsistencias en vinculación, novedades, liquidaciones, seguridad social o información laboral debido a errores de registro, falta de revisión cruzada y aplicación incompleta de procedimientos de talento humano | D18: ='3 PROBABIL E IMPACTO INHERENTE'!G17 -> Baja | E18: ='3 PROBABIL E IMPACTO INHERENTE'!O17 -> Menor | F18: =IF(OR(D18="",E18=""),"",INDEX($S$12:$W$16,MATCH(D18,$R$12:$R$16,0),MATCH(E18,$S$11:$W$11,0))) -> Moderado
A19: R8 | B19: Talento Humano | C19: Posibilidad de favorecimiento indebido en vinculación, contratación o permanencia de personal por manipulación de requisitos, evaluaciones, hojas de vida o decisiones de personal debido a controles insuficientes, baja trazabilidad y debilidades en la gestión de conflictos de interés | D19: ='3 PROBABIL E IMPACTO INHERENTE'!G18 -> Baja | E19: ='3 PROBABIL E IMPACTO INHERENTE'!O18 -> Menor | F19: =IF(OR(D19="",E19=""),"",INDEX($S$12:$W$16,MATCH(D19,$R$12:$R$16,0),MATCH(E19,$S$11:$W$11,0))) -> Moderado
A20: R9 | B20: Talento Humano | C20: Posibilidad de afectación de recursos públicos por pagos indebidos o mayores valores en nómina, prestaciones, seguridad social u honorarios debido a validaciones insuficientes de novedades, liquidaciones, soportes y autorizaciones de pago | D20: ='3 PROBABIL E IMPACTO INHERENTE'!G19 -> Baja | E20: ='3 PROBABIL E IMPACTO INHERENTE'!O19 -> Menor | F20: =IF(OR(D20="",E20=""),"",INDEX($S$12:$W$16,MATCH(D20,$R$12:$R$16,0),MATCH(E20,$S$11:$W$11,0))) -> Moderado | S20: NIVELES DE RIESGO
A21: R10 | B21: Talento Humano | C21: Posibilidad de pérdida de confidencialidad de datos personales y laborales por acceso, divulgación o custodia inadecuada de historias laborales, nómina y datos sensibles debido a controles insuficientes de acceso, archivo, permisos y tratamiento de información reservada | D21: ='3 PROBABIL E IMPACTO INHERENTE'!G20 -> Baja | E21: ='3 PROBABIL E IMPACTO INHERENTE'!O20 -> Moderado | F21: =IF(OR(D21="",E21=""),"",INDEX($S$12:$W$16,MATCH(D21,$R$12:$R$16,0),MATCH(E21,$S$11:$W$11,0))) -> Moderado | S21: Extremo
A22: R11 | B22: Bienestar | C22: Posibilidad de afectación en la prestación de programas de bienestar or incumplimiento o ejecución parcial de las actividades programadas, a causa de debilidades en la planeación, seguimiento y disponibilidad de recursos. | D22: ='3 PROBABIL E IMPACTO INHERENTE'!G21 -> Baja | E22: ='3 PROBABIL E IMPACTO INHERENTE'!O21 -> Menor | F22: =IF(OR(D22="",E22=""),"",INDEX($S$12:$W$16,MATCH(D22,$R$12:$R$16,0),MATCH(E22,$S$11:$W$11,0))) -> Moderado | S22: Alto
A23: R12 | B23: Bienestar | C23: Posibilidad de uso inadecuado de recursos destinados a bienestar institucional por entrega de apoyos, contratación de actividades o pagos sin soportes suficientes debido a debilidades en supervisión, verificación de beneficiarios, evidencias de ejecución y control presupuestal | D23: ='3 PROBABIL E IMPACTO INHERENTE'!G22 -> Baja | E23: ='3 PROBABIL E IMPACTO INHERENTE'!O22 -> Moderado | F23: =IF(OR(D23="",E23=""),"",INDEX($S$12:$W$16,MATCH(D23,$R$12:$R$16,0),MATCH(E23,$S$11:$W$11,0))) -> Moderado | S23: Moderado
A24: R13 | B24: Bienestar | C24: Posibilidad de favorecimiento indebido en la asignación de beneficios de bienestar por selección de beneficiarios sin criterios objetivos o con trato preferente debido a controles insuficientes, baja trazabilidad y verificación incompleta de requisitos | D24: ='3 PROBABIL E IMPACTO INHERENTE'!G23 -> Media | E24: ='3 PROBABIL E IMPACTO INHERENTE'!O23 -> Menor | F24: =IF(OR(D24="",E24=""),"",INDEX($S$12:$W$16,MATCH(D24,$R$12:$R$16,0),MATCH(E24,$S$11:$W$11,0))) -> Moderado | S24: Bajo
A25: R14 | B25: Legal Administrativa | C25: Posibilidad de afectación jurídica, contractual y administrativa por errores en trámites contractuales, administrativos, gestión de bienes o atención de obligaciones institucionales debido a aplicación incompleta de procedimientos, revisión jurídica insuficiente y debilidades en archivo y seguimiento | D25: ='3 PROBABIL E IMPACTO INHERENTE'!G24 -> Media | E25: ='3 PROBABIL E IMPACTO INHERENTE'!O24 -> Menor | F25: =IF(OR(D25="",E25=""),"",INDEX($S$12:$W$16,MATCH(D25,$R$12:$R$16,0),MATCH(E25,$S$11:$W$11,0))) -> Moderado
A26: R15 | B26: Legal Administrativa | C26: Posibilidad de direccionamiento o favorecimiento indebido en contratación y compras por manipulación de requisitos, estudios previos, evaluación de ofertas o decisiones contractuales debido a controles insuficientes, baja trazabilidad, conflictos de interés y debilidades en supervisión contractual | D26: ='3 PROBABIL E IMPACTO INHERENTE'!G25 -> Baja | E26: ='3 PROBABIL E IMPACTO INHERENTE'!O25 -> Menor | F26: =IF(OR(D26="",E26=""),"",INDEX($S$12:$W$16,MATCH(D26,$R$12:$R$16,0),MATCH(E26,$S$11:$W$11,0))) -> Moderado
A27: R16 | B27: Legal Administrativa | C27: Posibilidad de vinculación contractual con terceros asociados a LA/FT/FP por contratación, pagos o relaciones con proveedores, contratistas o aliados sin verificación suficiente debido a ausencia o insuficiencia de debida diligencia, consulta de listas, identificación de beneficiarios finales y análisis de señales de alerta | D27: ='3 PROBABIL E IMPACTO INHERENTE'!G26 -> Baja | E27: ='3 PROBABIL E IMPACTO INHERENTE'!O26 -> Moderado | F27: =IF(OR(D27="",E27=""),"",INDEX($S$12:$W$16,MATCH(D27,$R$12:$R$16,0),MATCH(E27,$S$11:$W$11,0))) -> Moderado
A28: R17 | B28: Legal Administrativa | C28: Posibilidad de afectación de recursos públicos por pagos sin soporte, incumplimientos contractuales, bienes no recibidos o deficiente administración de recursos debido a debilidades en supervisión, interventoría, recibo a satisfacción, conciliación de obligaciones y custodia de soportes | D28: ='3 PROBABIL E IMPACTO INHERENTE'!G27 -> Media | E28: ='3 PROBABIL E IMPACTO INHERENTE'!O27 -> Moderado | F28: =IF(OR(D28="",E28=""),"",INDEX($S$12:$W$16,MATCH(D28,$R$12:$R$16,0),MATCH(E28,$S$11:$W$11,0))) -> Moderado
A29: R18 | B29: Legal Administrativa | C29: Posibilidad de pérdida, alteración o acceso no autorizado a expedientes contractuales y administrativos por manejo inadecuado de archivos físicos, digitales o sistemas de gestión administrativa debido a controles insuficientes de acceso, respaldo, custodia documental y trazabilidad | D29: ='3 PROBABIL E IMPACTO INHERENTE'!G28 -> Media | E29: ='3 PROBABIL E IMPACTO INHERENTE'!O28 -> Menor | F29: =IF(OR(D29="",E29=""),"",INDEX($S$12:$W$16,MATCH(D29,$R$12:$R$16,0),MATCH(E29,$S$11:$W$11,0))) -> Moderado
A30: R19 | B30: Extensión | C30: Posibilidad de incumplimiento en modalidades de extensión por fallas en la planeación, ejecución, seguimiento o cierre de actividades con terceros debido a debilidades en coordinación, soportes, cronogramas, responsables y medición de resultados | D30: ='3 PROBABIL E IMPACTO INHERENTE'!G29 -> Baja | E30: ='3 PROBABIL E IMPACTO INHERENTE'!O29 -> Moderado | F30: =IF(OR(D30="",E30=""),"",INDEX($S$12:$W$16,MATCH(D30,$R$12:$R$16,0),MATCH(E30,$S$11:$W$11,0))) -> Moderado
A31: R20 | B31: Extensión | C31: Posibilidad de relacionamiento con aliados o financiadores asociados a LA/FT/FP por convenios, alianzas, pagos o actividades de extensión con terceros sin validación suficiente debido a debida diligencia insuficiente, falta de verificación de contrapartes, origen de recursos y señales de alerta | D31: ='3 PROBABIL E IMPACTO INHERENTE'!G30 -> Baja | E31: ='3 PROBABIL E IMPACTO INHERENTE'!O30 -> Moderado | F31: =IF(OR(D31="",E31=""),"",INDEX($S$12:$W$16,MATCH(D31,$R$12:$R$16,0),MATCH(E31,$S$11:$W$11,0))) -> Moderado
A32: R21 | B32: Extensión | C32: Posibilidad de uso ineficiente de recursos asociados a proyectos de extensión por pagos, gastos o ejecución de las distintas modalidades de extensión sin evidencia suficiente de cumplimiento debido a debilidades en supervisión, control financiero, soportes de ejecución e informes de cierre | D32: ='3 PROBABIL E IMPACTO INHERENTE'!G31 -> Baja | E32: ='3 PROBABIL E IMPACTO INHERENTE'!O31 -> Moderado | F32: =IF(OR(D32="",E32=""),"",INDEX($S$12:$W$16,MATCH(D32,$R$12:$R$16,0),MATCH(E32,$S$11:$W$11,0))) -> Moderado
A33: R22 | B33: Interna-Bilingüismo | C33: Posibilidad de afectación en la ejecución de programas de bilingüismo y procesos de internacionalización por fallas en programación, inscripción, seguimiento, asistencia, evaluación o certificación debido a debilidades operativas, coordinación académica insuficiente y controles limitados sobre evidencias | D33: ='3 PROBABIL E IMPACTO INHERENTE'!G32 -> Baja | E33: ='3 PROBABIL E IMPACTO INHERENTE'!O32 -> Moderado | F33: =IF(OR(D33="",E33=""),"",INDEX($S$12:$W$16,MATCH(D33,$R$12:$R$16,0),MATCH(E33,$S$11:$W$11,0))) -> Moderado
A34: R23 | B34: Interna-Bilingüismo | C34: Posibilidad de afectación de recursos destinados a programas de bilingüismo o de internalización por pagos o actividades sin soporte suficiente de ejecución o cumplimiento debido a supervisión insuficiente, control débil de asistencia, productos, evidencias y obligaciones contractuales | D34: ='3 PROBABIL E IMPACTO INHERENTE'!G33 -> Baja | E34: ='3 PROBABIL E IMPACTO INHERENTE'!O33 -> Menor | F34: =IF(OR(D34="",E34=""),"",INDEX($S$12:$W$16,MATCH(D34,$R$12:$R$16,0),MATCH(E34,$S$11:$W$11,0))) -> Moderado
A35: R24 | B35: Investigación | C35: Posibilidad de afectación en la ejecución de proyectos de investigación por incumplimiento de cronogramas, productos, informes, convocatorias o actividades investigativas debido a debilidades en formulación, evaluación técnica, seguimiento de avances y cierre de proyectos | D35: ='3 PROBABIL E IMPACTO INHERENTE'!G34 -> Baja | E35: ='3 PROBABIL E IMPACTO INHERENTE'!O34 -> Menor | F35: =IF(OR(D35="",E35=""),"",INDEX($S$12:$W$16,MATCH(D35,$R$12:$R$16,0),MATCH(E35,$S$11:$W$11,0))) -> Moderado
A36: R25 | B36: Investigación | C36: Posibilidad de favorecimiento indebido en convocatorias y evaluación por selección de proyectos sin criterios objetivos debido a controles insuficientes, baja trazabilidad y falta de revisión independiente | D36: ='3 PROBABIL E IMPACTO INHERENTE'!G35 -> Muy Baja | E36: ='3 PROBABIL E IMPACTO INHERENTE'!O35 -> Menor | F36: Bajo
A37: R26 | B37: Investigación | C37: Posibilidad de recepción o ejecución de recursos de investigación con contrapartes asociadas a LA/FT/FP por convenios, financiación, donaciones o alianzas investigativas sin validación suficiente debido a debida diligencia insuficiente sobre financiadores, aliados, origen de recursos y beneficiarios finales | D37: ='3 PROBABIL E IMPACTO INHERENTE'!G36 -> Muy Baja | E37: ='3 PROBABIL E IMPACTO INHERENTE'!O36 -> Menor | F37: Bajo
A38: R27 | B38: Investigación | C38: Posibilidad de afectación fiscal por la destinación, compromiso o ejecución de recursos de investigación en gastos, compras o pagos que no guarden relación suficiente con los productos, actividades y objetivos del proyecto, debido a una inadecuada planificación técnica, presupuestal y financiera. | D38: ='3 PROBABIL E IMPACTO INHERENTE'!G37 -> Muy Baja | E38: ='3 PROBABIL E IMPACTO INHERENTE'!O37 -> Menor | F38: Bajo
A39: R28 | B39: Investigación | C39: Posibilidad de pérdida o divulgación no autorizada de información, datos o resultados de investigación por acceso indebido, custodia inadecuada o pérdida de repositorios investigativos debido a controles insuficientes sobre permisos, respaldos, clasificación de información y propiedad intelectual | D39: ='3 PROBABIL E IMPACTO INHERENTE'!G38 -> Baja | E39: ='3 PROBABIL E IMPACTO INHERENTE'!O38 -> Menor | F39: =IF(OR(D39="",E39=""),"",INDEX($S$12:$W$16,MATCH(D39,$R$12:$R$16,0),MATCH(E39,$S$11:$W$11,0))) -> Moderado
A40: R29 | B40: Gestión Tecnológica | C40: Posibilidad de interrupción o deficiencia en servicios tecnológicos institucionales por fallas en soporte, mantenimiento, gestión de incidentes o disponibilidad de infraestructura tecnológica debido a debilidades en monitoreo, documentación, capacidad técnica y planes de continuidad tecnológica | D40: ='3 PROBABIL E IMPACTO INHERENTE'!G39 -> Media | E40: ='3 PROBABIL E IMPACTO INHERENTE'!M39 -> Moderado | F40: =IF(OR(D40="",E40=""),"",INDEX($S$12:$W$16,MATCH(D40,$R$12:$R$16,0),MATCH(E40,$S$11:$W$11,0))) -> Moderado
A41: R30 | B41: Gestión Tecnológica | C41: Posibilidad de pérdida de confidencialidad, integridad o disponibilidad de la información por ciberataques, accesos no autorizados, caída de sistemas, pérdida de respaldos o alteración de datos debido a controles insuficientes de seguridad digital, gestión de accesos, copias de respaldo y monitoreo de eventos | D41: ='3 PROBABIL E IMPACTO INHERENTE'!G40 -> Baja | E41: ='3 PROBABIL E IMPACTO INHERENTE'!O40 -> Mayor | F41: =IF(OR(D41="",E41=""),"",INDEX($S$12:$W$16,MATCH(D41,$R$12:$R$16,0),MATCH(E41,$S$11:$W$11,0))) -> Alto
A42: R31 | B42: Gestión Tecnológica | C42: Posibilidad de afectación de recursos públicos destinados a tecnología por adquisición, mantenimiento o renovación de bienes y servicios tecnológicos sin soporte suficiente o sin uso efectivo debido a debilidades en supervisión técnica, inventarios, garantías, recibo a satisfacción y control de activos | D42: ='3 PROBABIL E IMPACTO INHERENTE'!G41 -> Baja | E42: ='3 PROBABIL E IMPACTO INHERENTE'!O41 -> Menor | F42: =IF(OR(D42="",E42=""),"",INDEX($S$12:$W$16,MATCH(D42,$R$12:$R$16,0),MATCH(E42,$S$11:$W$11,0))) -> Moderado
A43: R32 | B43: Gestión Tecnológica | C43: Posibilidad de favorecimiento indebido en adquisición o administración de soluciones tecnológicas por especificaciones direccionadas, selección irregular de proveedores o manipulación de requerimientos técnicos debido a conflictos de interés, baja trazabilidad de decisiones y controles insuficientes en contratación tecnológica | D43: ='3 PROBABIL E IMPACTO INHERENTE'!G42 -> Baja | E43: ='3 PROBABIL E IMPACTO INHERENTE'!O42 -> Menor | F43: =IF(OR(D43="",E43=""),"",INDEX($S$12:$W$16,MATCH(D43,$R$12:$R$16,0),MATCH(E43,$S$11:$W$11,0))) -> Moderado
A44: R33 | B44: Comunicaciones y Mer | C44: Posibilidad de afectación reputacional institucional por publicación de información errónea, inoportuna o no autorizada en canales institucionales debido a ausencia de revisión previa, lineamientos insuficientes y controles débiles de aprobación de contenidos | D44: ='3 PROBABIL E IMPACTO INHERENTE'!G43 -> Media | E44: ='3 PROBABIL E IMPACTO INHERENTE'!O43 -> Moderado | F44: =IF(OR(D44="",E44=""),"",INDEX($S$12:$W$16,MATCH(D44,$R$12:$R$16,0),MATCH(E44,$S$11:$W$11,0))) -> Moderado
A45: R34 | B45: Comunicaciones y Mer | C45: Posibilidad de uso indebido o alteración de canales digitales institucionales por acceso no autorizado a redes sociales o piezas comunicacionales debido a controles insuficientes sobre credenciales, perfiles de administración y trazabilidad de publicaciones | D45: ='3 PROBABIL E IMPACTO INHERENTE'!G44 -> Media | E45: ='3 PROBABIL E IMPACTO INHERENTE'!O44 -> Moderado | F45: =IF(OR(D45="",E45=""),"",INDEX($S$12:$W$16,MATCH(D45,$R$12:$R$16,0),MATCH(E45,$S$11:$W$11,0))) -> Moderado
A46: R35 | B46: Gestión Documental | C46: Posibilidad de pérdida, deterioro o desorganización de documentos institucionales por fallas en clasificación, archivo, conservación, transferencia o consulta documental debido a debilidades en aplicación de tablas de retención, digitalización, custodia y seguimiento documental | D46: ='3 PROBABIL E IMPACTO INHERENTE'!G45 -> Media | E46: ='3 PROBABIL E IMPACTO INHERENTE'!O45 -> Menor | F46: =IF(OR(D46="",E46=""),"",INDEX($S$12:$W$16,MATCH(D46,$R$12:$R$16,0),MATCH(E46,$S$11:$W$11,0))) -> Moderado
A47: R36 | B47: Gestión Documental | C47: Posibilidad de alteración, ocultamiento o eliminación indebida de documentos por manipulación de expedientes o soportes para favorecer intereses particulares debido a controles insuficientes de custodia, baja trazabilidad y segregación débil de funciones documentales | D47: ='3 PROBABIL E IMPACTO INHERENTE'!G46 -> Baja | E47: ='3 PROBABIL E IMPACTO INHERENTE'!O46 -> Menor | F47: =IF(OR(D47="",E47=""),"",INDEX($S$12:$W$16,MATCH(D47,$R$12:$R$16,0),MATCH(E47,$S$11:$W$11,0))) -> Moderado
A48: R37 | B48: Gestión Documental | C48: Posibilidad de pérdida de confidencialidad, integridad o disponibilidad documental por acceso indebido, fuga, alteración o pérdida de documentos físicos o electrónicos debido a controles insuficientes de permisos, archivo, respaldo, clasificación y seguridad de repositorios | D48: ='3 PROBABIL E IMPACTO INHERENTE'!G47 -> Media | E48: ='3 PROBABIL E IMPACTO INHERENTE'!O47 -> Moderado | F48: =IF(OR(D48="",E48=""),"",INDEX($S$12:$W$16,MATCH(D48,$R$12:$R$16,0),MATCH(E48,$S$11:$W$11,0))) -> Moderado
A49: R38 | B49: Servicio al Ciudadano | C49: Posibilidad de afectación reputacional y jurídica por demoras, respuestas incompletas o inconsistencias en la atención de PQRSD y solicitudes ciudadanas debido a debilidades en asignación de responsables, control de términos, trazabilidad y seguimiento de respuestas | D49: ='3 PROBABIL E IMPACTO INHERENTE'!G48 -> Baja | E49: ='3 PROBABIL E IMPACTO INHERENTE'!O48 -> Moderado | F49: =IF(OR(D49="",E49=""),"",INDEX($S$12:$W$16,MATCH(D49,$R$12:$R$16,0),MATCH(E49,$S$11:$W$11,0))) -> Moderado
A50: R39 | B50: Servicio al Ciudadano | C50: Posibilidad de trato preferente o gestión indebida de solicitudes ciudadanas por favorecimiento, omisión o manipulación en trámites y respuestas institucionales debido a controles insuficientes, baja trazabilidad y falta de criterios uniformes de atención | D50: ='3 PROBABIL E IMPACTO INHERENTE'!G49 -> Baja | E50: ='3 PROBABIL E IMPACTO INHERENTE'!O49 -> Moderado | F50: =IF(OR(D50="",E50=""),"",INDEX($S$12:$W$16,MATCH(D50,$R$12:$R$16,0),MATCH(E50,$S$11:$W$11,0))) -> Moderado
A51: R40 | B51: Servicio al Ciudadano | C51: Posibilidad de pérdida o uso indebido de datos personales de ciudadanos y peticionarios por manejo inadecuado de información recibida por canales físicos o digitales debido a controles insuficientes de acceso, custodia, tratamiento de datos y seguridad de canales de atención | D51: ='3 PROBABIL E IMPACTO INHERENTE'!G50 -> Baja | E51: ='3 PROBABIL E IMPACTO INHERENTE'!O50 -> Moderado | F51: =IF(OR(D51="",E51=""),"",INDEX($S$12:$W$16,MATCH(D51,$R$12:$R$16,0),MATCH(E51,$S$11:$W$11,0))) -> Moderado
A52: R41 | B52: SIAC | C52: Posibilidad de incumplimiento de estándares del sistema interno de aseguramiento de la calidad por debilidades en seguimiento de indicadores, autoevaluación, planes de mejora y evidencias institucionales debido a controles insuficientes de monitoreo, actualización documental, análisis de datos y cierre de acciones | D52: ='3 PROBABIL E IMPACTO INHERENTE'!G51 -> Baja | E52: ='3 PROBABIL E IMPACTO INHERENTE'!O51 -> Moderado | F52: =IF(OR(D52="",E52=""),"",INDEX($S$12:$W$16,MATCH(D52,$R$12:$R$16,0),MATCH(E52,$S$11:$W$11,0))) -> Moderado
... A56: R45 | B56: Control y Evaluación | C56: Posibilidad de no identificar oportunamente riesgos fiscales o desviaciones en el uso de recursos por debilidades en auditoría, seguimiento de hallazgos y verificación de acciones correctivas debido a priorización insuficiente basada en riesgos, seguimiento débil a planes de mejoramiento y cobertura limitada | D56: ='3 PROBABIL E IMPACTO INHERENTE'!G55 -> Media | E56: ='3 PROBABIL E IMPACTO INHERENTE'!O55 -> Menor | F56: =IF(OR(D56="",E56=""),"",INDEX($S$12:$W$16,MATCH(D56,$R$12:$R$16,0),MATCH(E56,$S$11:$W$11,0))) -> Moderado

Sheet 5 VALORACIÓN DEL CONTROL
C1: MAPA DE RIESGOS INSTITUCIONAL | Y1: CÓDIGO: PE-PYM-REG-027
Y2: VERSIÓN: 01
Y3: ACTUALIZACIÓN: 28-08-2026
A5: ENTIDAD: | B5: INSTITUCIÓN UNIVERSITARIA DE SAN ANRES, PROVIDENCIA Y SANTA CATALINA -IUSAI | W5: PROCESO: | X5: Todos los procesos institucionales
A6: OBJETIVO DEL PROCESO: | B6: Identificar, analizar y valorar los riesgos de gestión, fiscales, seguridad de la información, corrupción y LA/FT/FP de los 14 procesos del INFOTEP, conforme a la metodología de administración del riesgo de la Función Pública. | W6: Vigencia: 2026 | X6: Del 1 de enero 2026 Al 31 de diciembre de 2026
G8: VALORACIÓN DEL CONTROL | K8: ATRIBUTOS DEL CONTROL | T8: Peso del Control + Peso de la implementación | U8: % Probabilidad Riesgo Inherente-(% Probabilidad Riesgo Inherente*Valor Total del Control) | V8: % Impacto Riesgo Inherente-(% Impacto Riesgo Inherente*Valor Total del Control) | Z8: NIVEL
Z9: Nivel | AA9: % MIN | AB9: % MAX
A10: No. Riesgo | B10: Riesgo | D10: % Probabilidad Riesgo Inherente | E10: % Impacto Riesgo Inherente | F10: No. Control | G10: Descripción del Control | K10: Eficiencia | P10: Formalización del control | Z10: Muy Baja | AA10: 0.01 | AB10: 0.2
C11: PROCESO | G11: Responsable (Cargo y/o Aplicativo) | H11: Acción (Inicia con un verbo) | I11: Complemento (Periodicidad - Observaciones o Desviaciones) | J11: Descripción del control | K11: Tipo de control | L11: Peso del Control | M11: Afectación o Desplazamiento en la Matriz | N11: Implementación | O11: Peso de la implementación | P11: Documentación | Q11: Frecuencia | R11: Evidencia (Trazabilidad de la ejecución) | S11: Ejecución | T11: Valor Total del Control | U11: Probabilidad residual | V11: Impacto Residual | W11: Probabilidad residual Final | X11: Impacto Residual Final | Z11: Baja | AA11: 0.21 | AB11: 0.4
A12: R1 | B12: Posibilidad de afectación institucional y reputacional por debilidades en la formulación, seguimiento y evaluación de planes, indicadores y metas institucionales debido a falta de articulación entre dependencias, baja trazabilidad de avances y seguimiento insuficiente por parte de los responsables | C12: Direccionamiento | D12: =+'3 PROBABIL E IMPACTO INHERENTE'!F11 -> 0.4 | E12: =+'3 PROBABIL E IMPACTO INHERENTE'!N11 -> 0.4 | F12: 1 | G12: Responsable del proceso Direccionamiento | H12: Define | I12: Lineamientos para la formulación de planes, metas e indicadores institucionales, estableciendo metas, indicadores, productos responsables, fechas de ejecución y productos esperados . | J12: =CONCATENATE(G12," ",H12," ",I12) -> Responsable del proceso Direccionamiento Define Lineamientos para la formulación de planes, metas e indicadores institucionales, estableciendo metas, indicadores, productos responsables, fechas de ejecución y productos esperados . | K12: Preventivo | L12: =IFERROR(VLOOKUP($K12,'11 FORMULAS'!$B$51:$C$53,2,0),"") -> 0.25 | M12: =IFERROR(VLOOKUP($K12,'11 FORMULAS'!$B$51:$D$53,3,0),"") -> Probabilidad | N12: Manual | O12: =IFERROR(VLOOKUP($N12,'11 FORMULAS'!$B$54:$C$55,2,0),"") -> 0.15 | P12: Procedimientos | Q12: Trimestral | R12: Con registro manual | S12: Interna | T12: =IF(OR($L12="",$O12=""),"",IFERROR($L12+$O12,"")) -> 0.4 | U12: =IF($D12="","",IF($K12="",$D12,IF($M12='11 FORMULAS'!$D$51,$D12-($D12*$T12),$D12))) -> 0.24 | V12: =IF($E12="","",IF($K12="",$E12,IF($M12='11 FORMULAS'!$D$53,$E12-($E12*$T12),$E12))) -> 0.4 | W12: =IF(U17="","",U17) -> 0.05184 | X12: =IF(V17="","",V17) -> 0.225 | Z12: Media | AA12: 0.41 | AB12: 0.6
F13: 2 | G13: Dependencias responsables / Líderes de proceso | H13: Formula | I13: Planes, metas e indicadores con base en funciones, proyectos, recursos disponibles y compromisos institucionales, remitiéndolos a Planeación para revisión | J13: =CONCATENATE(G13," ",H13," ",I13) -> Dependencias responsables / Líderes de proceso Formula Planes, metas e indicadores con base en funciones, proyectos, recursos disponibles y compromisos institucionales, remitiéndolos a Planeación para revisión | K13: Preventivo | L13: =IFERROR(VLOOKUP($K13,'11 FORMULAS'!$B$51:$C$53,2,0),"") -> 0.25 | M13: =IFERROR(VLOOKUP($K13,'11 FORMULAS'!$B$51:$D$53,3,0),"") -> Probabilidad | N13: Manual | O13: =IFERROR(VLOOKUP($N13,'11 FORMULAS'!$B$54:$C$55,2,0),"") -> 0.15 | P13: Procedimientos | Q13: Semestral | R13: Con registro manual | S13: Interna | T13: =IF(OR($L13="",$O13=""),"",IFERROR($L13+$O13,"")) -> 0.4 | U13: =IF(U12="","",IF($K13="",U12,IF($M13='11 FORMULAS'!$D$51,U12-(U12*$T13),U12))) -> 0.144 | V13: =IF(V12="","",IF($K13="",V12,IF($M13='11 FORMULAS'!$D$53,V12-(V12*$T13),V12))) -> 0.4 | Z13: Alta | AA13: 0.61 | AB13: 0.8
F14: 3 | G14: Oficina Asesora de Planeación / Segunda línea de defensa | H14: Revisa | I14: Que los planes, indicadores y metas estén articulados entre sí y con el plan estratégico, plan de acción, MIPG y demás instrumentos institucionales. | J14: =CONCATENATE(G14," ",H14," ",I14) -> Oficina Asesora de Planeación / Segunda línea de defensa Revisa Que los planes, indicadores y metas estén articulados entre sí y con el plan estratégico, plan de acción, MIPG y demás instrumentos institucionales. | K14: Preventivo | L14: =IFERROR(VLOOKUP($K14,'11 FORMULAS'!$B$51:$C$53,2,0),"") -> 0.25 | M14: =IFERROR(VLOOKUP($K14,'11 FORMULAS'!$B$51:$D$53,3,0),"") -> Probabilidad | N14: Manual | O14: =IFERROR(VLOOKUP($N14,'11 FORMULAS'!$B$54:$C$55,2,0),"") -> 0.15 | P14: Procedimientos | Q14: Semestral | R14: Con registro manual | S14: Interna | T14: =IF(OR($L14="",$O14=""),"",IFERROR($L14+$O14,"")) -> 0.4 | U14: =IF(U13="","",IF($K14="",U13,IF($M14='11 FORMULAS'!$D$51,U13-(U13*$T14),U13))) -> 0.0864 | V14: =IF(V13="","",IF($K14="",V13,IF($M14='11 FORMULAS'!$D$53,V13-(V13*$T14),V13))) -> 0.4 | Z14: Muy Alta | AA14: 0.81 | AB14: 1
F15: 4 | G15: Dependencias responsables / Líderes de proceso | H15: Reporta | I15: Periódicamente los avances de metas, indicadores y actividades, anexando soportes que evidencien cumplimiento o justifiquen retrasos | J15: =CONCATENATE(G15," ",H15," ",I15) -> Dependencias responsables / Líderes de proceso Reporta Periódicamente los avances de metas, indicadores y actividades, anexando soportes que evidencien cumplimiento o justifiquen retrasos | K15: Preventivo | L15: =IFERROR(VLOOKUP($K15,'11 FORMULAS'!$B$51:$C$53,2,0),"") -> 0.25 | M15: =IFERROR(VLOOKUP($K15,'11 FORMULAS'!$B$51:$D$53,3,0),"") -> Probabilidad | N15: Manual | O15: =IFERROR(VLOOKUP($N15,'11 FORMULAS'!$B$54:$C$55,2,0),"") -> 0.15 | P15: Procedimientos | Q15: Trimestral | R15: Con registro manual | S15: Interna | T15: =IF(OR($L15="",$O15=""),"",IFERROR($L15+$O15,"")) -> 0.4 | U15: =IF(U14="","",IF($K15="",U14,IF($M15='11 FORMULAS'!$D$51,U14-(U14*$T15),U14))) -> 0.05184 | V15: =IF(V14="","",IF($K15="",V14,IF($M15='11 FORMULAS'!$D$53,V14-(V14*$T15),V14))) -> 0.4
F16: 5 | G16: Oficina Asesora de Planeación / Segunda línea de defensa/ líderes de proceso | H16: Solicita | I16: Y ejecuta acciones de ajuste cuando se identifiquen retrasos, inconsistencias, metas sin avance, indicadores mal reportados o falta de soportes. | J16: =CONCATENATE(G16," ",H16," ",I16) -> Oficina Asesora de Planeación / Segunda línea de defensa/ líderes de proceso Solicita Y ejecuta acciones de ajuste cuando se identifiquen retrasos, inconsistencias, metas sin avance, indicadores mal reportados o falta de soportes. | K16: Correctivo | L16: =IFERROR(VLOOKUP($K16,'11 FORMULAS'!$B$51:$C$53,2,0),"") -> 0.1 | M16: =IFERROR(VLOOKUP($K16,'11 FORMULAS'!$B$51:$D$53,3,0),"") -> Impacto | N16: Manual | O16: =IFERROR(VLOOKUP($N16,'11 FORMULAS'!$B$54:$C$55,2,0),"") -> 0.15 | P16: Procedimientos | Q16: Continua | R16: Con registro manual | S16: Interna | T16: =IF(OR($L16="",$O16=""),"",IFERROR($L16+$O16,"")) -> 0.25 | U16: =IF(U15="","",IF($K16="",U15,IF($M16='11 FORMULAS'!$D$51,U15-(U15*$T16),U15))) -> 0.05184 | V16: =IF(V15="","",IF($K16="",V15,IF($M16='11 FORMULAS'!$D$53,V15-(V15*$T16),V15))) -> 0.3
F17: 6 | G17: Oficina de Control Interno | H17: Verifica | I17: De forma aleatoria la trazabilidad de los planes, indicadores, metas, reportes de avance y acciones correctivas implementadas por las dependencias | J17: =CONCATENATE(G17," ",H17," ",I17) -> Oficina de Control Interno Verifica De forma aleatoria la trazabilidad de los planes, indicadores, metas, reportes de avance y acciones correctivas implementadas por las dependencias | K17: Correctivo | L17: =IFERROR(VLOOKUP($K17,'11 FORMULAS'!$B$51:$C$53,2,0),"") -> 0.1 | M17: =IFERROR(VLOOKUP($K17,'11 FORMULAS'!$B$51:$D$53,3,0),"") -> Impacto | N17: Manual | O17: =IFERROR(VLOOKUP($N17,'11 FORMULAS'!$B$54:$C$55,2,0),"") -> 0.15 | P17: Procedimientos | Q17: Cuatrimestral | R17: Con registro manual | S17: Interna | T17: =IF(OR($L17="",$O17=""),"",IFERROR($L17+$O17,"")) -> 0.25 | U17: =IF(U16="","",IF($K17="",U16,IF($M17='11 FORMULAS'!$D$51,U16-(U16*$T17),U16))) -> 0.05184 | V17: =IF(V16="","",IF($K17="",V16,IF($M17='11 FORMULAS'!$D$53,V16-(V16*$T17),V16))) -> 0.225
A18: R2 | B18: Posibilidad de pérdida reputacional y afectación a la transparencia institucional por decisiones estratégicas influenciadas por intereses particulares o conflictos de interés debido a controles insuficientes para declarar, gestionar y documentar conflictos de interés en la toma de decisiones | C18: Direccionamiento | D18: =+'3 PROBABIL E IMPACTO INHERENTE'!F12 -> 0.4 | E18: =+'3 PROBABIL E IMPACTO INHERENTE'!N12 -> 0.4 | F18: 1 | G18: Responsable del proceso Direccionamiento/Responsable de talento humano | H18: Verifica | I18: Que las decisiones estratégicas sean tratadas en instancias formales, como comités, reuniones directivas o mesas institucionales, dejando registro de asistentes, temas tratados y responsables de decisión. | J18: =CONCATENATE(G18," ",H18," ",I18) -> Responsable del proceso Direccionamiento/Responsable de talento humano Verifica Que las decisiones estratégicas sean tratadas en instancias formales, como comités, reuniones directivas o mesas institucionales, dejando registro de asistentes, temas tratados y responsables de decisión. | K18: Preventivo | L18: =IFERROR(VLOOKUP($K18,'11 FORMULAS'!$B$51:$C$53,2,0),"") -> 0.25 | M18: =IFERROR(VLOOKUP($K18,'11 FORMULAS'!$B$51:$D$53,3,0),"") -> Probabilidad | N18: Manual | O18: =IFERROR(VLOOKUP($N18,'11 FORMULAS'!$B$54:$C$55,2,0),"") -> 0.15 | P18: Procedimientos | Q18: Trimestral | R18: Con registro manual | S18: Interna | T18: =IF(OR($L18="",$O18=""),"",IFERROR($L18+$O18,"")) -> 0.4 | U18: =IF($D18="","",IF($K18="",$D18,IF($M18='11 FORMULAS'!$D$51,$D18-($D18*$T18),$D18))) -> 0.24 | V18: =IF($E18="","",IF($K18="",$E18,IF($M18='11 FORMULAS'!$D$53,$E18-($E18*$T18),$E18))) -> 0.4 | W18: =IF(U23="","",U23) -> 0.05184 | X18: =IF(V23="","",V23) -> 0.225 | Z18: Muy Baja | AA18: 0.01 | AB18: 0.2
F19: 2 | G19: Dependencias responsables / Líderes de proceso | H19: Revisa | I19: Que la decisión estratégica cuente con justificación institucional, soportes suficientes y aprobación de la instancia competente antes de su formalización. | J19: =CONCATENATE(G19," ",H19," ",I19) -> Dependencias responsables / Líderes de proceso Revisa Que la decisión estratégica cuente con justificación institucional, soportes suficientes y aprobación de la instancia competente antes de su formalización. | K19: Preventivo | L19: =IFERROR(VLOOKUP($K19,'11 FORMULAS'!$B$51:$C$53,2,0),"") -> 0.25 | M19: =IFERROR(VLOOKUP($K19,'11 FORMULAS'!$B$51:$D$53,3,0),"") -> Probabilidad | N19: Manual | O19: =IFERROR(VLOOKUP($N19,'11 FORMULAS'!$B$54:$C$55,2,0),"") -> 0.15 | P19: Procedimientos | Q19: Trimestral | R19: Con registro manual | S19: Interna | T19: =IF(OR($L19="",$O19=""),"",IFERROR($L19+$O19,"")) -> 0.4 | U19: =IF(U18="","",IF($K19="",U18,IF($M19='11 FORMULAS'!$D$51,U18-(U18*$T19),U18))) -> 0.144 | V19: =IF(V18="","",IF($K19="",V18,IF($M19='11 FORMULAS'!$D$53,V18-(V18*$T19),V18))) -> 0.4 | Z19: Baja | AA19: 0.21 | AB19: 0.4
F20: 3 | G20: Alta Dirección/ líderes de procesos/ Responsable de talento humano | H20: Registra | I20: En el acta las observaciones o situaciones particulares que puedan incidir en la decisión estratégica, dejando constancia de la revisión realizada antes de su aprobación. | J20: =CONCATENATE(G20," ",H20," ",I20) -> Alta Dirección/ líderes de procesos/ Responsable de talento humano Registra En el acta las observaciones o situaciones particulares que puedan incidir en la decisión estratégica, dejando constancia de la revisión realizada antes de su aprobación. | K20: Preventivo | L20: =IFERROR(VLOOKUP($K20,'11 FORMULAS'!$B$51:$C$53,2,0),"") -> 0.25 | M20: =IFERROR(VLOOKUP($K20,'11 FORMULAS'!$B$51:$D$53,3,0),"") -> Probabilidad | N20: Manual | O20: =IFERROR(VLOOKUP($N20,'11 FORMULAS'!$B$54:$C$55,2,0),"") -> 0.15 | P20: Procedimientos | Q20: Trimestral | R20: Con registro manual | S20: Interna | T20: =IF(OR($L20="",$O20=""),"",IFERROR($L20+$O20,"")) -> 0.4 | U20: =IF(U19="","",IF($K20="",U19,IF($M20='11 FORMULAS'!$D$51,U19-(U19*$T20),U19))) -> 0.0864 | V20: =IF(V19="","",IF($K20="",V19,IF($M20='11 FORMULAS'!$D$53,V19-(V19*$T20),V19))) -> 0.4 | Z20: Media | AA20: 0.41 | AB20: 0.6
F21: 4 | G21: Responsable de talento humano | H21: Socializa | I21: Periódicamente lineamientos sobre conflicto de interés, deber de declaración, impedimentos y consecuencias de no reportarlos. | J21: =CONCATENATE(G21," ",H21," ",I21) -> Responsable de talento humano Socializa Periódicamente lineamientos sobre conflicto de interés, deber de declaración, impedimentos y consecuencias de no reportarlos. | K21: Preventivo | L21: =IFERROR(VLOOKUP($K21,'11 FORMULAS'!$B$51:$C$53,2,0),"") -> 0.25 | M21: =IFERROR(VLOOKUP($K21,'11 FORMULAS'!$B$51:$D$53,3,0),"") -> Probabilidad | N21: Manual | O21: =IFERROR(VLOOKUP($N21,'11 FORMULAS'!$B$54:$C$55,2,0),"") -> 0.15 | P21: Procedimientos | Q21: Anual | R21: Con registro manual | S21: Interna | T21: =IF(OR($L21="",$O21=""),"",IFERROR($L21+$O21,"")) -> 0.4 | U21: =IF(U20="","",IF($K21="",U20,IF($M21='11 FORMULAS'!$D$51,U20-(U20*$T21),U20))) -> 0.05184 | V21: =IF(V20="","",IF($K21="",V20,IF($M21='11 FORMULAS'!$D$53,V20-(V20*$T21),V20))) -> 0.4 | Z21: Alta | AA21: 0.61 | AB21: 0.8
F22: 5 | G22: Oficina Asesora de Planeación / Segunda línea de defensa | H22: Ajusta | I22: Las decisiones estratégicas que no cuenten con soportes, criterios institucionales, actas o trazabilidad de aprobación, solicitando la documentación faltante y dejando constancia de la subsanación antes de continuar con su ejecución. | J22: =CONCATENATE(G22," ",H22," ",I22) -> Oficina Asesora de Planeación / Segunda línea de defensa Ajusta Las decisiones estratégicas que no cuenten con soportes, criterios institucionales, actas o trazabilidad de aprobación, solicitando la documentación faltante y dejando constancia de la subsanación antes de continuar con su ejecución. | K22: Correctivo | L22: =IFERROR(VLOOKUP($K22,'11 FORMULAS'!$B$51:$C$53,2,0),"") -> 0.1 | M22: =IFERROR(VLOOKUP($K22,'11 FORMULAS'!$B$51:$D$53,3,0),"") -> Impacto | N22: Manual | O22: =IFERROR(VLOOKUP($N22,'11 FORMULAS'!$B$54:$C$55,2,0),"") -> 0.15 | P22: Procedimientos | Q22: Continua | R22: Con registro manual | S22: Interna | T22: =IF(OR($L22="",$O22=""),"",IFERROR($L22+$O22,"")) -> 0.25 | U22: =IF(U21="","",IF($K22="",U21,IF($M22='11 FORMULAS'!$D$51,U21-(U21*$T22),U21))) -> 0.05184 | V22: =IF(V21="","",IF($K22="",V21,IF($M22='11 FORMULAS'!$D$53,V21-(V21*$T22),V21))) -> 0.3 | Z22: Muy Alta | AA22: 0.81 | AB22: 1
F23: 6 | G23: Oficina de Control Interno | H23: Verifica | I23: De forma aleatoria decisiones estratégicas, comités o aprobaciones para revisar declaraciones de conflicto de interés, trazabilidad, soportes y acciones correctivas aplicadas. | J23: =CONCATENATE(G23," ",H23," ",I23) -> Oficina de Control Interno Verifica De forma aleatoria decisiones estratégicas, comités o aprobaciones para revisar declaraciones de conflicto de interés, trazabilidad, soportes y acciones correctivas aplicadas. | K23: Correctivo | L23: =IFERROR(VLOOKUP($K23,'11 FORMULAS'!$B$51:$C$53,2,0),"") -> 0.1 | M23: =IFERROR(VLOOKUP($K23,'11 FORMULAS'!$B$51:$D$53,3,0),"") -> Impacto | N23: Manual | O23: =IFERROR(VLOOKUP($N23,'11 FORMULAS'!$B$54:$C$55,2,0),"") -> 0.15 | P23: Procedimientos | Q23: Anual | R23: Con registro manual | S23: Interna | T23: =IF(OR($L23="",$O23=""),"",IFERROR($L23+$O23,"")) -> 0.25 | U23: =IF(U22="","",IF($K23="",U22,IF($M23='11 FORMULAS'!$D$51,U22-(U22*$T23),U22))) -> 0.05184 | V23: =IF(V22="","",IF($K23="",V22,IF($M23='11 FORMULAS'!$D$53,V22-(V22*$T23),V22))) -> 0.225
A24: R3 | B24: Posibilidad de afectación de recursos públicos por deficiencias en el seguimiento a la ejecución presupuestal y a los compromisos institucionales debido a controles débiles en supervisión, reporte de avances, soportes y toma oportuna de acciones correctivas | C24: Direccionamiento | D24: =+'3 PROBABIL E IMPACTO INHERENTE'!F13 -> 0.4 | E24: =+'3 PROBABIL E IMPACTO INHERENTE'!N13 -> 0.4 | F24: 1 | G24: Planeación / Líderes de proceso | H24: Verifica | I24: Que los compromisos institucionales estén incluidos en el Plan de Acción, con metas, responsables, cronograma, recursos asociados e indicadores de seguimiento. | J24: =CONCATENATE(G24," ",H24," ",I24) -> Planeación / Líderes de proceso Verifica Que los compromisos institucionales estén incluidos en el Plan de Acción, con metas, responsables, cronograma, recursos asociados e indicadores de seguimiento. | K24: Preventivo | L24: =IFERROR(VLOOKUP($K24,'11 FORMULAS'!$B$51:$C$53,2,0),"") -> 0.25 | M24: =IFERROR(VLOOKUP($K24,'11 FORMULAS'!$B$51:$D$53,3,0),"") -> Probabilidad | N24: Manual | O24: =IFERROR(VLOOKUP($N24,'11 FORMULAS'!$B$54:$C$55,2,0),"") -> 0.15 | P24: Procedimientos | Q24: Mensual | R24: Con registro manual | S24: Interna | T24: =IF(OR($L24="",$O24=""),"",IFERROR($L24+$O24,"")) -> 0.4 | U24: =IF($D24="","",IF($K24="",$D24,IF($M24='11 FORMULAS'!$D$51,$D24-($D24*$T24),$D24))) -> 0.24 | V24: =IF($E24="","",IF($K24="",$E24,IF($M24='11 FORMULAS'!$D$53,$E24-($E24*$T24),$E24))) -> 0.4 | W24: =IF(U29="","",U29) -> 0.05184 | X24: =IF(V29="","",V29) -> 0.225 | Z24: Muy Baja | AA24: 0.01 | AB24: 0.2
F25: 2 | G25: Responsable del proceso Legal Administrativa- area financiera | H25: Revisa | I25: La disponibilidad presupuestal y la correcta afectación de rubros antes de autorizar compromisos, pagos o ejecución de recursos | J25: =CONCATENATE(G25," ",H25," ",I25) -> Responsable del proceso Legal Administrativa- area financiera Revisa La disponibilidad presupuestal y la correcta afectación de rubros antes de autorizar compromisos, pagos o ejecución de recursos | K25: Preventivo | L25: =IFERROR(VLOOKUP($K25,'11 FORMULAS'!$B$51:$C$53,2,0),"") -> 0.25 | M25: =IFERROR(VLOOKUP($K25,'11 FORMULAS'!$B$51:$D$53,3,0),"") -> Probabilidad | N25: Manual | O25: =IFERROR(VLOOKUP($N25,'11 FORMULAS'!$B$54:$C$55,2,0),"") -> 0.15 | P25: Procedimientos | Q25: Mensual | R25: Con registro manual | S25: Interna | T25: =IF(OR($L25="",$O25=""),"",IFERROR($L25+$O25,"")) -> 0.4 | U25: =IF(U24="","",IF($K25="",U24,IF($M25='11 FORMULAS'!$D$51,U24-(U24*$T25),U24))) -> 0.144 | V25: =IF(V24="","",IF($K25="",V24,IF($M25='11 FORMULAS'!$D$53,V24-(V24*$T25),V24))) -> 0.4 | Z25: Baja | AA25: 0.21 | AB25: 0.4
F26: 3 | G26: Líderes de proceso | H26: Hace | I26: Seguimiento periódico a la ejecución física y presupuestal de los compromisos a su cargo, verificando avances, productos, soportes y recursos ejecutados. | J26: =CONCATENATE(G26," ",H26," ",I26) -> Líderes de proceso Hace Seguimiento periódico a la ejecución física y presupuestal de los compromisos a su cargo, verificando avances, productos, soportes y recursos ejecutados. | K26: Preventivo | L26: =IFERROR(VLOOKUP($K26,'11 FORMULAS'!$B$51:$C$53,2,0),"") -> 0.25 | M26: =IFERROR(VLOOKUP($K26,'11 FORMULAS'!$B$51:$D$53,3,0),"") -> Probabilidad | N26: Manual | O26: =IFERROR(VLOOKUP($N26,'11 FORMULAS'!$B$54:$C$55,2,0),"") -> 0.15 | P26: Procedimientos | Q26: Continua | R26: Con registro manual | S26: Interna | T26: =IF(OR($L26="",$O26=""),"",IFERROR($L26+$O26,"")) -> 0.4 | U26: =IF(U25="","",IF($K26="",U25,IF($M26='11 FORMULAS'!$D$51,U25-(U25*$T26),U25))) -> 0.0864 | V26: =IF(V25="","",IF($K26="",V25,IF($M26='11 FORMULAS'!$D$53,V25-(V25*$T26),V25))) -> 0.4 | Z26: Media | AA26: 0.41 | AB26: 0.6
F27: 4 | G27: Oficina Asesora de Planeación / Segunda línea de defensa | H27: Consolida | I27: Reportes trimestrales de avance del Plan de Acción, identificando retrasos, baja ejecución, falta de soportes o desviaciones frente a las metas programadas. | J27: =CONCATENATE(G27," ",H27," ",I27) -> Oficina Asesora de Planeación / Segunda línea de defensa Consolida Reportes trimestrales de avance del Plan de Acción, identificando retrasos, baja ejecución, falta de soportes o desviaciones frente a las metas programadas. | K27: Preventivo | L27: =IFERROR(VLOOKUP($K27,'11 FORMULAS'!$B$51:$C$53,2,0),"") -> 0.25 | M27: =IFERROR(VLOOKUP($K27,'11 FORMULAS'!$B$51:$D$53,3,0),"") -> Probabilidad | N27: Manual | O27: =IFERROR(VLOOKUP($N27,'11 FORMULAS'!$B$54:$C$55,2,0),"") -> 0.15 | P27: Procedimientos | Q27: Trimestral | R27: Con registro manual | S27: Interna | T27: =IF(OR($L27="",$O27=""),"",IFERROR($L27+$O27,"")) -> 0.4 | U27: =IF(U26="","",IF($K27="",U26,IF($M27='11 FORMULAS'!$D$51,U26-(U26*$T27),U26))) -> 0.05184 | V27: =IF(V26="","",IF($K27="",V26,IF($M27='11 FORMULAS'!$D$53,V26-(V26*$T27),V26))) -> 0.4 | Z27: Alta | AA27: 0.61 | AB27: 0.8
F28: 5 | G28: Líderes de proceso | H28: Implementa | I28: Acciones correctivas cuando se evidencien retrasos, ejecución sin soportes suficientes, recursos no ejecutados oportunamente o desviaciones presupuestales. | J28: =CONCATENATE(G28," ",H28," ",I28) -> Líderes de proceso Implementa Acciones correctivas cuando se evidencien retrasos, ejecución sin soportes suficientes, recursos no ejecutados oportunamente o desviaciones presupuestales. | K28: Correctivo | L28: =IFERROR(VLOOKUP($K28,'11 FORMULAS'!$B$51:$C$53,2,0),"") -> 0.1 | M28: =IFERROR(VLOOKUP($K28,'11 FORMULAS'!$B$51:$D$53,3,0),"") -> Impacto | N28: Manual | O28: =IFERROR(VLOOKUP($N28,'11 FORMULAS'!$B$54:$C$55,2,0),"") -> 0.15 | P28: Procedimientos | Q28: Continua | R28: Con registro manual | S28: Interna | T28: =IF(OR($L28="",$O28=""),"",IFERROR($L28+$O28,"")) -> 0.25 | U28: =IF(U27="","",IF($K28="",U27,IF($M28='11 FORMULAS'!$D$51,U27-(U27*$T28),U27))) -> 0.05184 | V28: =IF(V27="","",IF($K28="",V27,IF($M28='11 FORMULAS'!$D$53,V27-(V27*$T28),V27))) -> 0.3 | Z28: Muy Alta | AA28: 0.81 | AB28: 1
F29: 6 | G29: Oficina de Control Interno | H29: Verifica | I29: De forma aleatoria la ejecución presupuestal y el cumplimiento de compromisos institucionales, revisando soportes, avances, pagos y acciones correctivas adoptadas. | J29: =CONCATENATE(G29," ",H29," ",I29) -> Oficina de Control Interno Verifica De forma aleatoria la ejecución presupuestal y el cumplimiento de compromisos institucionales, revisando soportes, avances, pagos y acciones correctivas adoptadas. | K29: Correctivo | L29: =IFERROR(VLOOKUP($K29,'11 FORMULAS'!$B$51:$C$53,2,0),"") -> 0.1 | M29: =IFERROR(VLOOKUP($K29,'11 FORMULAS'!$B$51:$D$53,3,0),"") -> Impacto | N29: Manual | O29: =IFERROR(VLOOKUP($N29,'11 FORMULAS'!$B$54:$C$55,2,0),"") -> 0.15 | P29: Procedimientos | Q29: Anual | R29: Con registro manual | S29: Interna | T29: =IF(OR($L29="",$O29=""),"",IFERROR($L29+$O29,"")) -> 0.25 | U29: =IF(U28="","",IF($K29="",U28,IF($M29='11 FORMULAS'!$D$51,U28-(U28*$T29),U28))) -> 0.05184 | V29: =IF(V28="","",IF($K29="",V28,IF($M29='11 FORMULAS'!$D$53,V28-(V28*$T29),V28))) -> 0.225
A30: R4 | B30: Posibilidad de afectación académica y reputacional por inconsistencias en matrícula, programación académica, registro de notas, homologaciones o trámites académicos debido a debilidades en aplicación de procedimientos, revisión de soportes y seguimiento de actividades académicas | C30: Académica | D30: =+'3 PROBABIL E IMPACTO INHERENTE'!F14 -> 0.6 | E30: =+'3 PROBABIL E IMPACTO INHERENTE'!N14 -> 0.4 | F30: 1 | G30: Responsable del proceso Académica/ Admisiones/Vicerrectoría académica | H30: Verifica | I30: Que los trámites de matrícula, notas, homologaciones y solicitudes académicas cumplan los requisitos y soportes establecidos antes de su aprobación. | J30: =CONCATENATE(G30," ",H30," ",I30) -> Responsable del proceso Académica/ Admisiones/Vicerrectoría académica Verifica Que los trámites de matrícula, notas, homologaciones y solicitudes académicas cumplan los requisitos y soportes establecidos antes de su aprobación. | K30: Preventivo | L30: =IFERROR(VLOOKUP($K30,'11 FORMULAS'!$B$51:$C$53,2,0),"") -> 0.25 | M30: =IFERROR(VLOOKUP($K30,'11 FORMULAS'!$B$51:$D$53,3,0),"") -> Probabilidad | N30: Manual | O30: =IFERROR(VLOOKUP($N30,'11 FORMULAS'!$B$54:$C$55,2,0),"") -> 0.15 | P30: Procedimientos | Q30: Continua | R30: Con registro manual | S30: Interna | T30: =IF(OR($L30="",$O30=""),"",IFERROR($L30+$O30,"")) -> 0.4 | U30: =IF($D30="","",IF($K30="",$D30,IF($M30='11 FORMULAS'!$D$51,$D30-($D30*$T30),$D30))) -> 0.36 | V30: =IF($E30="","",IF($K30="",$E30,IF($M30='11 FORMULAS'!$D$53,$E30-($E30*$T30),$E30))) -> 0.4 | W30: =IF(U35="","",U35) -> 0.07776 | X30: =IF(V35="","",V35) -> 0.225 | Z30: Muy Baja | AA30: 0.01 | AB30: 0.2
F31: 2 | G31: Responsable del proceso Académica | H31: Elabora | I31: La programación académica antes de su publicación, validando asignaturas, docentes, horarios, grupos, cupos y calendario académico | J31: =CONCATENATE(G31," ",H31," ",I31) -> Responsable del proceso Académica Elabora La programación académica antes de su publicación, validando asignaturas, docentes, horarios, grupos, cupos y calendario académico | K31: Preventivo | L31: =IFERROR(VLOOKUP($K31,'11 FORMULAS'!$B$51:$C$53,2,0),"") -> 0.25 | M31: =IFERROR(VLOOKUP($K31,'11 FORMULAS'!$B$51:$D$53,3,0),"") -> Probabilidad | N31: Manual | O31: =IFERROR(VLOOKUP($N31,'11 FORMULAS'!$B$54:$C$55,2,0),"") -> 0.15 | P31: Procedimientos | Q31: Continua | R31: Con registro manual | S31: Interna | T31: =IF(OR($L31="",$O31=""),"",IFERROR($L31+$O31,"")) -> 0.4 | U31: =IF(U30="","",IF($K31="",U30,IF($M31='11 FORMULAS'!$D$51,U30-(U30*$T31),U30))) -> 0.216 | V31: =IF(V30="","",IF($K31="",V30,IF($M31='11 FORMULAS'!$D$53,V30-(V30*$T31),V30))) -> 0.4 | Z31: Baja | AA31: 0.21 | AB31: 0.4
F32: 3 | G32: Responsable del proceso Académica/ Admisiones | H32: Valida | I32: El cargue de notas, novedades académicas y homologaciones antes del cierre del periodo académico. | J32: =CONCATENATE(G32," ",H32," ",I32) -> Responsable del proceso Académica/ Admisiones Valida El cargue de notas, novedades académicas y homologaciones antes del cierre del periodo académico. | K32: Preventivo | L32: =IFERROR(VLOOKUP($K32,'11 FORMULAS'!$B$51:$C$53,2,0),"") -> 0.25 | M32: =IFERROR(VLOOKUP($K32,'11 FORMULAS'!$B$51:$D$53,3,0),"") -> Probabilidad | N32: Manual | O32: =IFERROR(VLOOKUP($N32,'11 FORMULAS'!$B$54:$C$55,2,0),"") -> 0.15 | P32: Procedimientos | Q32: Continua | R32: Con registro manual | S32: Interna | T32: =IF(OR($L32="",$O32=""),"",IFERROR($L32+$O32,"")) -> 0.4 | U32: =IF(U31="","",IF($K32="",U31,IF($M32='11 FORMULAS'!$D$51,U31-(U31*$T32),U31))) -> 0.1296 | V32: =IF(V31="","",IF($K32="",V31,IF($M32='11 FORMULAS'!$D$53,V31-(V31*$T32),V31))) -> 0.4 | Z32: Media | AA32: 0.41 | AB32: 0.6
F33: 4 | G33: Oficina Asesora de Planeación / Segunda línea de defensa | H33: Hace | I33: Seguimiento a las actividades académicas programadas, verificando cumplimiento de cronograma, metas, indicadores y reportes del proceso con la planeación estratégica | J33: =CONCATENATE(G33," ",H33," ",I33) -> Oficina Asesora de Planeación / Segunda línea de defensa Hace Seguimiento a las actividades académicas programadas, verificando cumplimiento de cronograma, metas, indicadores y reportes del proceso con la planeación estratégica | K33: Preventivo | L33: =IFERROR(VLOOKUP($K33,'11 FORMULAS'!$B$51:$C$53,2,0),"") -> 0.25 | M33: =IFERROR(VLOOKUP($K33,'11 FORMULAS'!$B$51:$D$53,3,0),"") -> Probabilidad | N33: Manual | O33: =IFERROR(VLOOKUP($N33,'11 FORMULAS'!$B$54:$C$55,2,0),"") -> 0.15 | P33: Procedimientos | Q33: Trimestral | R33: Con registro manual | S33: Interna | T33: =IF(OR($L33="",$O33=""),"",IFERROR($L33+$O33,"")) -> 0.4 | U33: =IF(U32="","",IF($K33="",U32,IF($M33='11 FORMULAS'!$D$51,U32-(U32*$T33),U32))) -> 0.07776 | V33: =IF(V32="","",IF($K33="",V32,IF($M33='11 FORMULAS'!$D$53,V32-(V32*$T33),V32))) -> 0.4 | Z33: Alta | AA33: 0.61 | AB33: 0.8
F34: 5 | G34: Responsable del proceso Académica/ Admisiones | H34: Corrige | I34: Oportunamente inconsistencias detectadas en matrícula, notas, homologaciones o trámites académicos, dejando soporte de la modificación realizada en el sistema académico | J34: =CONCATENATE(G34," ",H34," ",I34) -> Responsable del proceso Académica/ Admisiones Corrige Oportunamente inconsistencias detectadas en matrícula, notas, homologaciones o trámites académicos, dejando soporte de la modificación realizada en el sistema académico | K34: Correctivo | L34: =IFERROR(VLOOKUP($K34,'11 FORMULAS'!$B$51:$C$53,2,0),"") -> 0.1 | M34: =IFERROR(VLOOKUP($K34,'11 FORMULAS'!$B$51:$D$53,3,0),"") -> Impacto | N34: Manual | O34: =IFERROR(VLOOKUP($N34,'11 FORMULAS'!$B$54:$C$55,2,0),"") -> 0.15 | P34: Procedimientos | Q34: Continua | R34: Con registro manual | S34: Interna | T34: =IF(OR($L34="",$O34=""),"",IFERROR($L34+$O34,"")) -> 0.25 | U34: =IF(U33="","",IF($K34="",U33,IF($M34='11 FORMULAS'!$D$51,U33-(U33*$T34),U33))) -> 0.07776 | V34: =IF(V33="","",IF($K34="",V33,IF($M34='11 FORMULAS'!$D$53,V33-(V33*$T34),V33))) -> 0.3 | Z34: Muy Alta | AA34: 0.81 | AB34: 1
F35: 6 | G35: Oficina de Control Interno | H35: Verifica | I35: De forma aleatoria trámites académicos, registros de notas, matrículas, homologaciones y soportes, solicitando acciones de mejora cuando se evidencien inconsistencias. | J35: =CONCATENATE(G35," ",H35," ",I35) -> Oficina de Control Interno Verifica De forma aleatoria trámites académicos, registros de notas, matrículas, homologaciones y soportes, solicitando acciones de mejora cuando se evidencien inconsistencias. | K35: Correctivo | L35: =IFERROR(VLOOKUP($K35,'11 FORMULAS'!$B$51:$C$53,2,0),"") -> 0.1 | M35: =IFERROR(VLOOKUP($K35,'11 FORMULAS'!$B$51:$D$53,3,0),"") -> Impacto | N35: Manual | O35: =IFERROR(VLOOKUP($N35,'11 FORMULAS'!$B$54:$C$55,2,0),"") -> 0.15 | P35: Procedimientos | Q35: Anual | R35: Con registro manual | S35: Interna | T35: =IF(OR($L35="",$O35=""),"",IFERROR($L35+$O35,"")) -> 0.25 | U35: =IF(U34="","",IF($K35="",U34,IF($M35='11 FORMULAS'!$D$51,U34-(U34*$T35),U34))) -> 0.07776 | V35: =IF(V34="","",IF($K35="",V34,IF($M35='11 FORMULAS'!$D$53,V34-(V34*$T35),V34))) -> 0.225
A36: R5 | B36: Posibilidad de favorecimiento indebido en decisiones académicas por manipulación o trato preferente en trámites, evaluaciones, calificaciones u homologaciones debido a baja segregación de funciones, controles insuficientes y falta de trazabilidad en aprobaciones académicas | C36: Académica | D36: =+'3 PROBABIL E IMPACTO INHERENTE'!F15 -> 0.6 | E36: =+'3 PROBABIL E IMPACTO INHERENTE'!N15 -> 0.4 | F36: 1 | G36: Líder del proceso académico / Admisiones | H36: Define | I36: Criterios claros y documentados para trámites, homologaciones, cambios de nota, evaluaciones y demás decisiones académicas que se encuentran en el sistema académico. | J36: =CONCATENATE(G36," ",H36," ",I36) -> Líder del proceso académico / Admisiones Define Criterios claros y documentados para trámites, homologaciones, cambios de nota, evaluaciones y demás decisiones académicas que se encuentran en el sistema académico. | K36: Preventivo | L36: =IFERROR(VLOOKUP($K36,'11 FORMULAS'!$B$51:$C$53,2,0),"") -> 0.25 | M36: =IFERROR(VLOOKUP($K36,'11 FORMULAS'!$B$51:$D$53,3,0),"") -> Probabilidad | N36: Manual | O36: =IFERROR(VLOOKUP($N36,'11 FORMULAS'!$B$54:$C$55,2,0),"") -> 0.15 | P36: Procedimientos | Q36: Continua | R36: Con registro manual | S36: Interna | T36: =IF(OR($L36="",$O36=""),"",IFERROR($L36+$O36,"")) -> 0.4 | U36: =IF($D36="","",IF($K36="",$D36,IF($M36='11 FORMULAS'!$D$51,$D36-($D36*$T36),$D36))) -> 0.36 | V36: =IF($E36="","",IF($K36="",$E36,IF($M36='11 FORMULAS'!$D$53,$E36-($E36*$T36),$E36))) -> 0.4 | W36: =IF(U41="","",U41) -> 0.07776 | X36: =IF(V41="","",V41) -> 0.225 | Z36: Muy Baja | AA36: 0.01 | AB36: 0.2
F37: 2 | G37: Líder del proceso académico / Admisiones | H37: Verifica | I37: Que todo trámite académico cuente con soportes completos, solicitud formal, concepto del área competente y aprobación del responsable. | J37: =CONCATENATE(G37," ",H37," ",I37) -> Líder del proceso académico / Admisiones Verifica Que todo trámite académico cuente con soportes completos, solicitud formal, concepto del área competente y aprobación del responsable. | K37: Preventivo | L37: =IFERROR(VLOOKUP($K37,'11 FORMULAS'!$B$51:$C$53,2,0),"") -> 0.25 | M37: =IFERROR(VLOOKUP($K37,'11 FORMULAS'!$B$51:$D$53,3,0),"") -> Probabilidad | N37: Manual | O37: =IFERROR(VLOOKUP($N37,'11 FORMULAS'!$B$54:$C$55,2,0),"") -> 0.15 | P37: Procedimientos | Q37: Continua | R37: Con registro manual | S37: Interna | T37: =IF(OR($L37="",$O37=""),"",IFERROR($L37+$O37,"")) -> 0.4 | U37: =IF(U36="","",IF($K37="",U36,IF($M37='11 FORMULAS'!$D$51,U36-(U36*$T37),U36))) -> 0.216 | V37: =IF(V36="","",IF($K37="",V36,IF($M37='11 FORMULAS'!$D$53,V36-(V36*$T37),V36))) -> 0.4 | Z37: Baja | AA37: 0.21 | AB37: 0.4
F38: 3 | G38: Responsable del proceso Académica/ Admisiones/ Vicerrectoría académica | H38: Verifica | I38: Que los cambios de nota, homologaciones, ajustes de matrícula o trámites académicos especiales cuenten con doble revisión antes de su aprobación, dejando trazabilidad del funcionario que revisa y del funcionario que aprueba | J38: =CONCATENATE(G38," ",H38," ",I38) -> Responsable del proceso Académica/ Admisiones/ Vicerrectoría académica Verifica Que los cambios de nota, homologaciones, ajustes de matrícula o trámites académicos especiales cuenten con doble revisión antes de su aprobación, dejando trazabilidad del funcionario que revisa y del funcionario que aprueba | K38: Preventivo | L38: =IFERROR(VLOOKUP($K38,'11 FORMULAS'!$B$51:$C$53,2,0),"") -> 0.25 | M38: =IFERROR(VLOOKUP($K38,'11 FORMULAS'!$B$51:$D$53,3,0),"") -> Probabilidad | N38: Manual | O38: =IFERROR(VLOOKUP($N38,'11 FORMULAS'!$B$54:$C$55,2,0),"") -> 0.15 | P38: Procedimientos | Q38: Continua | R38: Con registro manual | S38: Interna | T38: =IF(OR($L38="",$O38=""),"",IFERROR($L38+$O38,"")) -> 0.4 | U38: =IF(U37="","",IF($K38="",U37,IF($M38='11 FORMULAS'!$D$51,U37-(U37*$T38),U37))) -> 0.1296 | V38: =IF(V37="","",IF($K38="",V37,IF($M38='11 FORMULAS'!$D$53,V37-(V37*$T38),V37))) -> 0.4 | Z38: Media | AA38: 0.41 | AB38: 0.6
F39: 4 | G39: Oficina Asesora de Planeación / Segunda línea de defensa | H39: Hace | I39: Seguimiento a indicadores de trámites académicos y demás procedimientos y su alineación dentro de los proyectos y planes de la entidad | J39: =CONCATENATE(G39," ",H39," ",I39) -> Oficina Asesora de Planeación / Segunda línea de defensa Hace Seguimiento a indicadores de trámites académicos y demás procedimientos y su alineación dentro de los proyectos y planes de la entidad | K39: Preventivo | L39: =IFERROR(VLOOKUP($K39,'11 FORMULAS'!$B$51:$C$53,2,0),"") -> 0.25 | M39: =IFERROR(VLOOKUP($K39,'11 FORMULAS'!$B$51:$D$53,3,0),"") -> Probabilidad | N39: Manual | O39: =IFERROR(VLOOKUP($N39,'11 FORMULAS'!$B$54:$C$55,2,0),"") -> 0.15 | P39: Procedimientos | Q39: Trimestral | R39: Con registro manual | S39: Interna | T39: =IF(OR($L39="",$O39=""),"",IFERROR($L39+$O39,"")) -> 0.4 | U39: =IF(U38="","",IF($K39="",U38,IF($M39='11 FORMULAS'!$D$51,U38-(U38*$T39),U38))) -> 0.07776 | V39: =IF(V38="","",IF($K39="",V38,IF($M39='11 FORMULAS'!$D$53,V38-(V38*$T39),V38))) -> 0.4 | Z39: Alta | AA39: 0.61 | AB39: 0.8
F40: 5 | G40: Responsable del proceso Académica/ Admisiones | H40: Corrige | I40: O reversa decisiones académicas cuando se evidencien errores, falta de soportes, aprobación indebida o incumplimiento en los procedimientos | J40: =CONCATENATE(G40," ",H40," ",I40) -> Responsable del proceso Académica/ Admisiones Corrige O reversa decisiones académicas cuando se evidencien errores, falta de soportes, aprobación indebida o incumplimiento en los procedimientos | K40: Correctivo | L40: =IFERROR(VLOOKUP($K40,'11 FORMULAS'!$B$51:$C$53,2,0),"") -> 0.1 | M40: =IFERROR(VLOOKUP($K40,'11 FORMULAS'!$B$51:$D$53,3,0),"") -> Impacto | N40: Manual | O40: =IFERROR(VLOOKUP($N40,'11 FORMULAS'!$B$54:$C$55,2,0),"") -> 0.15 | P40: Procedimientos | Q40: Continua | R40: Con registro manual | S40: Interna | T40: =IF(OR($L40="",$O40=""),"",IFERROR($L40+$O40,"")) -> 0.25 | U40: =IF(U39="","",IF($K40="",U39,IF($M40='11 FORMULAS'!$D$51,U39-(U39*$T40),U39))) -> 0.07776 | V40: =IF(V39="","",IF($K40="",V39,IF($M40='11 FORMULAS'!$D$53,V39-(V39*$T40),V39))) -> 0.3 | Z40: Muy Alta | AA40: 0.81 | AB40: 1
F41: 6 | G41: Oficina de Control Interno | H41: Revisa | I41: De forma aleatoria trámites académicos, homologaciones, cambios de nota y aprobaciones, verificando trazabilidad, soportes y ausencia de trato preferente. | J41: =CONCATENATE(G41," ",H41," ",I41) -> Oficina de Control Interno Revisa De forma aleatoria trámites académicos, homologaciones, cambios de nota y aprobaciones, verificando trazabilidad, soportes y ausencia de trato preferente. | K41: Correctivo | L41: =IFERROR(VLOOKUP($K41,'11 FORMULAS'!$B$51:$C$53,2,0),"") -> 0.1 | M41: =IFERROR(VLOOKUP($K41,'11 FORMULAS'!$B$51:$D$53,3,0),"") -> Impacto | N41: Manual | O41: =IFERROR(VLOOKUP($N41,'11 FORMULAS'!$B$54:$C$55,2,0),"") -> 0.15 | P41: Procedimientos | Q41: Anual | R41: Con registro manual | S41: Interna | T41: =IF(OR($L41="",$O41=""),"",IFERROR($L41+$O41,"")) -> 0.25 | U41: =IF(U40="","",IF($K41="",U40,IF($M41='11 FORMULAS'!$D$51,U40-(U40*$T41),U40))) -> 0.07776 | V41: =IF(V40="","",IF($K41="",V40,IF($M41='11 FORMULAS'!$D$53,V40-(V40*$T41),V40))) -> 0.225
A42: R6 | B42: Posibilidad de pérdida, alteración o indisponibilidad de información académica por fallas o accesos no autorizados en plataformas académicas, bases de datos estudiantiles o sistemas de registro debido a controles insuficientes de acceso, respaldo, perfiles de usuario y monitoreo tecnológico | C42: Académica | D42: =+'3 PROBABIL E IMPACTO INHERENTE'!F16 -> 0.4 | E42: =+'3 PROBABIL E IMPACTO INHERENTE'!N16 -> 0.4 | F42: 1 | G42: Gestión tecnológica | H42: Asignar | I42: Usuarios y perfiles de acceso según el rol de cada funcionario, evitando permisos amplios o innecesarios sobre plataformas académicas | J42: =CONCATENATE(G42," ",H42," ",I42) -> Gestión tecnológica Asignar Usuarios y perfiles de acceso según el rol de cada funcionario, evitando permisos amplios o innecesarios sobre plataformas académicas | K42: Preventivo | L42: =IFERROR(VLOOKUP($K42,'11 FORMULAS'!$B$51:$C$53,2,0),"") -> 0.25 | M42: =IFERROR(VLOOKUP($K42,'11 FORMULAS'!$B$51:$D$53,3,0),"") -> Probabilidad | N42: Manual | O42: =IFERROR(VLOOKUP($N42,'11 FORMULAS'!$B$54:$C$55,2,0),"") -> 0.15 | P42: Procedimientos | Q42: Continua | R42: Con registro manual | S42: Interna | T42: =IF(OR($L42="",$O42=""),"",IFERROR($L42+$O42,"")) -> 0.4 | U42: =IF($D42="","",IF($K42="",$D42,IF($M42='11 FORMULAS'!$D$51,$D42-($D42*$T42),$D42))) -> 0.24 | V42: =IF($E42="","",IF($K42="",$E42,IF($M42='11 FORMULAS'!$D$53,$E42-($E42*$T42),$E42))) -> 0.4 | W42: =IF(U47="","",U47) -> 0.05184 | X42: =IF(V47="","",V47) -> 0.225 | Z42: Muy Baja | AA42: 0.01 | AB42: 0.2
F43: 2 | G43: Responsable del proceso Académica | H43: Solciita | I43: A gestión tecnológica, la creación, modificación o retiro de accesos cuando ingrese, cambie o se retire personal del proceso académico | J43: =CONCATENATE(G43," ",H43," ",I43) -> Responsable del proceso Académica Solciita A gestión tecnológica, la creación, modificación o retiro de accesos cuando ingrese, cambie o se retire personal del proceso académico | K43: Preventivo | L43: =IFERROR(VLOOKUP($K43,'11 FORMULAS'!$B$51:$C$53,2,0),"") -> 0.25 | M43: =IFERROR(VLOOKUP($K43,'11 FORMULAS'!$B$51:$D$53,3,0),"") -> Probabilidad | N43: Manual | O43: =IFERROR(VLOOKUP($N43,'11 FORMULAS'!$B$54:$C$55,2,0),"") -> 0.15 | P43: Procedimientos | Q43: Continua | R43: Con registro manual | S43: Interna | T43: =IF(OR($L43="",$O43=""),"",IFERROR($L43+$O43,"")) -> 0.4 | U43: =IF(U42="","",IF($K43="",U42,IF($M43='11 FORMULAS'!$D$51,U42-(U42*$T43),U42))) -> 0.144 | V43: =IF(V42="","",IF($K43="",V42,IF($M43='11 FORMULAS'!$D$53,V42-(V42*$T43),V42))) -> 0.4 | Z43: Baja | AA43: 0.21 | AB43: 0.4
F44: 3 | G44: Gestión tecnológica | H44: Realiza | I44: Copias de seguridad periódicas de los sistemas académicas, registros de notas, matrículas y demás información estudiantil. | J44: =CONCATENATE(G44," ",H44," ",I44) -> Gestión tecnológica Realiza Copias de seguridad periódicas de los sistemas académicas, registros de notas, matrículas y demás información estudiantil. | K44: Preventivo | L44: =IFERROR(VLOOKUP($K44,'11 FORMULAS'!$B$51:$C$53,2,0),"") -> 0.25 | M44: =IFERROR(VLOOKUP($K44,'11 FORMULAS'!$B$51:$D$53,3,0),"") -> Probabilidad | N44: Manual | O44: =IFERROR(VLOOKUP($N44,'11 FORMULAS'!$B$54:$C$55,2,0),"") -> 0.15 | P44: Procedimientos | Q44: Continua | R44: Con registro manual | S44: Interna | T44: =IF(OR($L44="",$O44=""),"",IFERROR($L44+$O44,"")) -> 0.4 | U44: =IF(U43="","",IF($K44="",U43,IF($M44='11 FORMULAS'!$D$51,U43-(U43*$T44),U43))) -> 0.0864 | V44: =IF(V43="","",IF($K44="",V43,IF($M44='11 FORMULAS'!$D$53,V43-(V43*$T44),V43))) -> 0.4 | Z44: Media | AA44: 0.41 | AB44: 0.6
F45: 4 | G45: Responsable del proceso Académica/ Gestión Tecnológica | H45: Revisa | I45: Periódicamente los usuarios y perfiles activos en las plataformas académicas, verificando que correspondan al personal autorizado por el área académica y solicitando a Tecnología el retiro o ajuste de accesos inactivos, duplicados o no autorizados. | J45: =CONCATENATE(G45," ",H45," ",I45) -> Responsable del proceso Académica/ Gestión Tecnológica Revisa Periódicamente los usuarios y perfiles activos en las plataformas académicas, verificando que correspondan al personal autorizado por el área académica y solicitando a Tecnología el retiro o ajuste de accesos inactivos, duplicados o no autorizados. | K45: Correctivo | L45: =IFERROR(VLOOKUP($K45,'11 FORMULAS'!$B$51:$C$53,2,0),"") -> 0.1 | M45: =IFERROR(VLOOKUP($K45,'11 FORMULAS'!$B$51:$D$53,3,0),"") -> Impacto | N45: Manual | O45: =IFERROR(VLOOKUP($N45,'11 FORMULAS'!$B$54:$C$55,2,0),"") -> 0.15 | P45: Procedimientos | Q45: Continua | R45: Con registro manual | S45: Interna | T45: =IF(OR($L45="",$O45=""),"",IFERROR($L45+$O45,"")) -> 0.25 | U45: =IF(U44="","",IF($K45="",U44,IF($M45='11 FORMULAS'!$D$51,U44-(U44*$T45),U44))) -> 0.0864 | V45: =IF(V44="","",IF($K45="",V44,IF($M45='11 FORMULAS'!$D$53,V44-(V44*$T45),V44))) -> 0.3 | Z45: Alta | AA45: 0.61 | AB45: 0.8
F46: 5 | G46: Gestión Tecnológica | H46: Restaura | I46: La información académica desde las copias de seguridad y bloquear o ajustar de inmediato los accesos no autorizados cuando se detecte pérdida, alteración, indisponibilidad o ingreso indebido a plataformas académicas, bases de datos estudiantiles o sistemas de registro | J46: =CONCATENATE(G46," ",H46," ",I46) -> Gestión Tecnológica Restaura La información académica desde las copias de seguridad y bloquear o ajustar de inmediato los accesos no autorizados cuando se detecte pérdida, alteración, indisponibilidad o ingreso indebido a plataformas académicas, bases de datos estudiantiles o sistemas de registro | K46: Preventivo | L46: =IFERROR(VLOOKUP($K46,'11 FORMULAS'!$B$51:$C$53,2,0),"") -> 0.25 | M46: =IFERROR(VLOOKUP($K46,'11 FORMULAS'!$B$51:$D$53,3,0),"") -> Probabilidad | N46: Manual | O46: =IFERROR(VLOOKUP($N46,'11 FORMULAS'!$B$54:$C$55,2,0),"") -> 0.15 | P46: Procedimientos | Q46: Continua | R46: Con registro manual | S46: Interna | T46: =IF(OR($L46="",$O46=""),"",IFERROR($L46+$O46,"")) -> 0.4 | U46: =IF(U45="","",IF($K46="",U45,IF($M46='11 FORMULAS'!$D$51,U45-(U45*$T46),U45))) -> 0.05184 | V46: =IF(V45="","",IF($K46="",V45,IF($M46='11 FORMULAS'!$D$53,V45-(V45*$T46),V45))) -> 0.3 | Z46: Muy Alta | AA46: 0.81 | AB46: 1
F47: 6 | G47: Oficina de Control Interno | H47: Verifica | I47: De forma aleatoria los controles de acceso, respaldos, trazabilidad de cambios y acciones correctivas aplicadas en los sistemas académicos. | J47: =CONCATENATE(G47," ",H47," ",I47) -> Oficina de Control Interno Verifica De forma aleatoria los controles de acceso, respaldos, trazabilidad de cambios y acciones correctivas aplicadas en los sistemas académicos. | K47: Correctivo | L47: =IFERROR(VLOOKUP($K47,'11 FORMULAS'!$B$51:$C$53,2,0),"") -> 0.1 | M47: =IFERROR(VLOOKUP($K47,'11 FORMULAS'!$B$51:$D$53,3,0),"") -> Impacto | N47: Manual | O47: =IFERROR(VLOOKUP($N47,'11 FORMULAS'!$B$54:$C$55,2,0),"") -> 0.15 | P47: Procedimientos | Q47: Anual | R47: Con registro manual | S47: Interna | T47: =IF(OR($L47="",$O47=""),"",IFERROR($L47+$O47,"")) -> 0.25 | U47: =IF(U46="","",IF($K47="",U46,IF($M47='11 FORMULAS'!$D$51,U46-(U46*$T47),U46))) -> 0.05184 | V47: =IF(V46="","",IF($K47="",V46,IF($M47='11 FORMULAS'!$D$53,V46-(V46*$T47),V46))) -> 0.225
A48: R7 | B48: Posibilidad de afectación administrativa y operativa por inconsistencias en vinculación, novedades, liquidaciones, seguridad social o información laboral debido a errores de registro, falta de revisión cruzada y aplicación incompleta de procedimientos de talento humano | C48: Talento Humano | D48: =+'3 PROBABIL E IMPACTO INHERENTE'!F17 -> 0.4 | E48: =+'3 PROBABIL E IMPACTO INHERENTE'!N17 -> 0.4 | F48: 1 | G48: Responsable del proceso Talento humano | H48: Monitorea | I48: permanentemente alertas externas, normativas laborales, sociales, de orden público o continuidad del servicio que puedan afectar el proceso. | J48: =CONCATENATE(G48," ",H48," ",I48) -> Responsable del proceso Talento humano Monitorea permanentemente alertas externas, normativas laborales, sociales, de orden público o continuidad del servicio que puedan afectar el proceso. | K48: Preventivo | L48: =IFERROR(VLOOKUP($K48,'11 FORMULAS'!$B$51:$C$53,2,0),"") -> 0.25 | M48: =IFERROR(VLOOKUP($K48,'11 FORMULAS'!$B$51:$D$53,3,0),"") -> Probabilidad | N48: Automático | O48: =IFERROR(VLOOKUP($N48,'11 FORMULAS'!$B$54:$C$55,2,0),"") -> 0.25 | P48: Otros Esquemas | Q48: Continua | R48: Con registro electrónico | S48: Interna | T48: =IF(OR($L48="",$O48=""),"",IFERROR($L48+$O48,"")) -> 0.5 | U48: =IF($D48="","",IF($K48="",$D48,IF($M48='11 FORMULAS'!$D$51,$D48-($D48*$T48),$D48))) -> 0.2 | V48: =IF($E48="","",IF($K48="",$E48,IF($M48='11 FORMULAS'!$D$53,$E48-($E48*$T48),$E48))) -> 0.4 | W48: =IF(U53="","",U53) -> 0.025 | X48: =IF(V53="","",V53) -> 0.169 | Z48: Muy Baja | AA48: 0.01 | AB48: 0.2
F49: 2 | G49: Responsable del proceso Talento humano | H49: Activa | I49: el protocolo de continuidad o contingencia cuando encuentre inconsistencias en los datos de nomina, prestaciones sociales o demás aspectos de ley | J49: =CONCATENATE(G49," ",H49," ",I49) -> Responsable del proceso Talento humano Activa el protocolo de continuidad o contingencia cuando encuentre inconsistencias en los datos de nomina, prestaciones sociales o demás aspectos de ley | K49: Preventivo | L49: =IFERROR(VLOOKUP($K49,'11 FORMULAS'!$B$51:$C$53,2,0),"") -> 0.25 | M49: =IFERROR(VLOOKUP($K49,'11 FORMULAS'!$B$51:$D$53,3,0),"") -> Probabilidad | N49: Automático | O49: =IFERROR(VLOOKUP($N49,'11 FORMULAS'!$B$54:$C$55,2,0),"") -> 0.25 | P49: Otros Esquemas | Q49: Continua | R49: Con registro electrónico | S49: Interna | T49: =IF(OR($L49="",$O49=""),"",IFERROR($L49+$O49,"")) -> 0.5 | U49: =IF(U48="","",IF($K49="",U48,IF($M49='11 FORMULAS'!$D$51,U48-(U48*$T49),U48))) -> 0.1 | V49: =IF(V48="","",IF($K49="",V48,IF($M49='11 FORMULAS'!$D$53,V48-(V48*$T49),V48))) -> 0.4 | Z49: Baja | AA49: 0.21 | AB49: 0.4
F50: 3 | G50: Oficina Asesora de Planeación / Segunda línea de defensa | H50: Revisa | I50: la matriz de riesgos para evaluar la materialización de los mismos | J50: =CONCATENATE(G50," ",H50," ",I50) -> Oficina Asesora de Planeación / Segunda línea de defensa Revisa la matriz de riesgos para evaluar la materialización de los mismos | K50: Preventivo | L50: =IFERROR(VLOOKUP($K50,'11 FORMULAS'!$B$51:$C$53,2,0),"") -> 0.25 | M50: =IFERROR(VLOOKUP($K50,'11 FORMULAS'!$B$51:$D$53,3,0),"") -> Probabilidad | N50: Automático | O50: =IFERROR(VLOOKUP($N50,'11 FORMULAS'!$B$54:$C$55,2,0),"") -> 0.25 | P50: Procedimientos | Q50: Semestral | R50: Con registro electrónico | S50: Interna | T50: =IF(OR($L50="",$O50=""),"",IFERROR($L50+$O50,"")) -> 0.5 | U50: =IF(U49="","",IF($K50="",U49,IF($M50='11 FORMULAS'!$D$51,U49-(U49*$T50),U49))) -> 0.05 | V50: =IF(V49="","",IF($K50="",V49,IF($M50='11 FORMULAS'!$D$53,V49-(V49*$T50),V49))) -> 0.4 | Z50: Media | AA50: 0.41 | AB50: 0.6
F51: 4 | G51: Responsable del proceso Talento humano | H51: Comunica | I51: a usuarios, servidores y partes interesadas las medidas o novedades dejando evidencia documental | J51: =CONCATENATE(G51," ",H51," ",I51) -> Responsable del proceso Talento humano Comunica a usuarios, servidores y partes interesadas las medidas o novedades dejando evidencia documental | K51: Correctivo | L51: =IFERROR(VLOOKUP($K51,'11 FORMULAS'!$B$51:$C$53,2,0),"") -> 0.1 | M51: =IFERROR(VLOOKUP($K51,'11 FORMULAS'!$B$51:$D$53,3,0),"") -> Impacto | N51: Automático | O51: =IFERROR(VLOOKUP($N51,'11 FORMULAS'!$B$54:$C$55,2,0),"") -> 0.25 | P51: Procedimientos | Q51: Continua | R51: Con registro electrónico | S51: Interna | T51: =IF(OR($L51="",$O51=""),"",IFERROR($L51+$O51,"")) -> 0.35 | U51: =IF(U50="","",IF($K51="",U50,IF($M51='11 FORMULAS'!$D$51,U50-(U50*$T51),U50))) -> 0.05 | V51: =IF(V50="","",IF($K51="",V50,IF($M51='11 FORMULAS'!$D$53,V50-(V50*$T51),V50))) -> 0.26 | Z51: Alta | AA51: 0.61 | AB51: 0.8
F52: 5 | G52: Comité académico y administrativo | H52: Revisa | I52: Ejecución presupuestal para el efecto de la nomina y prestaciones por ley | J52: =CONCATENATE(G52," ",H52," ",I52) -> Comité académico y administrativo Revisa Ejecución presupuestal para el efecto de la nomina y prestaciones por ley | K52: Preventivo | L52: =IFERROR(VLOOKUP($K52,'11 FORMULAS'!$B$51:$C$53,2,0),"") -> 0.25 | M52: =IFERROR(VLOOKUP($K52,'11 FORMULAS'!$B$51:$D$53,3,0),"") -> Probabilidad | N52: Automático | O52: =IFERROR(VLOOKUP($N52,'11 FORMULAS'!$B$54:$C$55,2,0),"") -> 0.25 | P52: Procedimientos | Q52: Trimestral | R52: Con registro manual | S52: Interna | T52: =IF(OR($L52="",$O52=""),"",IFERROR($L52+$O52,"")) -> 0.5 | U52: =IF(U51="","",IF($K52="",U51,IF($M52='11 FORMULAS'!$D$51,U51-(U51*$T52),U51))) -> 0.025 | V52: =IF(V51="","",IF($K52="",V51,IF($M52='11 FORMULAS'!$D$53,V51-(V51*$T52),V51))) -> 0.26 | Z52: Muy Alta | AA52: 0.81 | AB52: 1
F53: 6 | G53: Oficina de Control Interno | H53: Evalúa | I53: las acciones de control y monitoreo del área de talento humano en cuanto a las liquidaciones, novedades y demás aspectos de la planta de personal | J53: =CONCATENATE(G53," ",H53," ",I53) -> Oficina de Control Interno Evalúa las acciones de control y monitoreo del área de talento humano en cuanto a las liquidaciones, novedades y demás aspectos de la planta de personal | K53: Correctivo | L53: =IFERROR(VLOOKUP($K53,'11 FORMULAS'!$B$51:$C$53,2,0),"") -> 0.1 | M53: =IFERROR(VLOOKUP($K53,'11 FORMULAS'!$B$51:$D$53,3,0),"") -> Impacto | N53: Automático | O53: =IFERROR(VLOOKUP($N53,'11 FORMULAS'!$B$54:$C$55,2,0),"") -> 0.25 | P53: Procedimientos | Q53: Semestral | R53: Con registro electrónico | S53: Interna | T53: =IF(OR($L53="",$O53=""),"",IFERROR($L53+$O53,"")) -> 0.35 | U53: =IF(U52="","",IF($K53="",U52,IF($M53='11 FORMULAS'!$D$51,U52-(U52*$T53),U52))) -> 0.025 | V53: =IF(V52="","",IF($K53="",V52,IF($M53='11 FORMULAS'!$D$53,V52-(V52*$T53),V52))) -> 0.169
A54: R8 | B54: Posibilidad de favorecimiento indebido en vinculación, contratación o permanencia de personal por manipulación de requisitos, evaluaciones, hojas de vida o decisiones de personal debido a controles insuficientes, baja trazabilidad y debilidades en la gestión de conflictos de interés | C54: Talento Humano | D54: =+'3 PROBABIL E IMPACTO INHERENTE'!F18 -> 0.4 | E54: =+'3 PROBABIL E IMPACTO INHERENTE'!N18 -> 0.4 | F54: 1 | G54: Responsable del proceso Talento humano | H54: Verifica | I54: mensualmente acciones relacionadas con la identificación de conflictos de intereses, recusaciones, etc | J54: =CONCATENATE(G54," ",H54," ",I54) -> Responsable del proceso Talento humano Verifica mensualmente acciones relacionadas con la identificación de conflictos de intereses, recusaciones, etc | K54: Preventivo | L54: =IFERROR(VLOOKUP($K54,'11 FORMULAS'!$B$51:$C$53,2,0),"") -> 0.25 | M54: =IFERROR(VLOOKUP($K54,'11 FORMULAS'!$B$51:$D$53,3,0),"") -> Probabilidad | N54: Manual | O54: =IFERROR(VLOOKUP($N54,'11 FORMULAS'!$B$54:$C$55,2,0),"") -> 0.15 | P54: Procedimientos | Q54: Mensual | R54: Con registro manual | S54: Interna | T54: =IF(OR($L54="",$O54=""),"",IFERROR($L54+$O54,"")) -> 0.4 | U54: =IF($D54="","",IF($K54="",$D54,IF($M54='11 FORMULAS'!$D$51,$D54-($D54*$T54),$D54))) -> 0.24 | V54: =IF($E54="","",IF($K54="",$E54,IF($M54='11 FORMULAS'!$D$53,$E54-($E54*$T54),$E54))) -> 0.4 | W54: =IF(U59="","",U59) -> 0.05184 | X54: =IF(V59="","",V59) -> 0.195 | Z54: Muy Baja | AA54: 0.01 | AB54: 0.2
F55: 2 | G55: Responsable del proceso Talento humano | H55: Actualiza | I55: los procedimientos, formatos, responsables y puntos de control cuando se identifiquen alguna situación de conflicto de interes o actos de corrupción | J55: =CONCATENATE(G55," ",H55," ",I55) -> Responsable del proceso Talento humano Actualiza los procedimientos, formatos, responsables y puntos de control cuando se identifiquen alguna situación de conflicto de interes o actos de corrupción | K55: Preventivo | L55: =IFERROR(VLOOKUP($K55,'11 FORMULAS'!$B$51:$C$53,2,0),"") -> 0.25 | M55: =IFERROR(VLOOKUP($K55,'11 FORMULAS'!$B$51:$D$53,3,0),"") -> Probabilidad | N55: Manual | O55: =IFERROR(VLOOKUP($N55,'11 FORMULAS'!$B$54:$C$55,2,0),"") -> 0.15 | P55: Procedimientos | Q55: Continua | R55: Con registro manual | S55: Interna | T55: =IF(OR($L55="",$O55=""),"",IFERROR($L55+$O55,"")) -> 0.4 | U55: =IF(U54="","",IF($K55="",U54,IF($M55='11 FORMULAS'!$D$51,U54-(U54*$T55),U54))) -> 0.144 | V55: =IF(V54="","",IF($K55="",V54,IF($M55='11 FORMULAS'!$D$53,V54-(V54*$T55),V54))) -> 0.4 | Z55: Baja | AA55: 0.21 | AB55: 0.4
F56: 3 | G56: Oficina Asesora de Planeación / Segunda línea de defensa | H56: Revisa | I56: los aspectos relacionados con la identificación y tratamiento de posibles conflictos de intereses o actos de corrupción | J56: =CONCATENATE(G56," ",H56," ",I56) -> Oficina Asesora de Planeación / Segunda línea de defensa Revisa los aspectos relacionados con la identificación y tratamiento de posibles conflictos de intereses o actos de corrupción | K56: Preventivo | L56: =IFERROR(VLOOKUP($K56,'11 FORMULAS'!$B$51:$C$53,2,0),"") -> 0.25 | M56: =IFERROR(VLOOKUP($K56,'11 FORMULAS'!$B$51:$D$53,3,0),"") -> Probabilidad | N56: Manual | O56: =IFERROR(VLOOKUP($N56,'11 FORMULAS'!$B$54:$C$55,2,0),"") -> 0.15 | P56: Procedimientos | Q56: Semestral | R56: Con registro manual | S56: Interna | T56: =IF(OR($L56="",$O56=""),"",IFERROR($L56+$O56,"")) -> 0.4 | U56: =IF(U55="","",IF($K56="",U55,IF($M56='11 FORMULAS'!$D$51,U55-(U55*$T56),U55))) -> 0.0864 | V56: =IF(V55="","",IF($K56="",V55,IF($M56='11 FORMULAS'!$D$53,V55-(V55*$T56),V55))) -> 0.4 | Z56: Media | AA56: 0.41 | AB56: 0.6
F57: 4 | G57: Responsable del proceso Talento humano | H57: Corrige | I57: de forma inmediata desviaciones de ejecución, reprocesos, incumplimientos o falta de soportes, con responsable y fecha de cierre. | J57: =CONCATENATE(G57," ",H57," ",I57) -> Responsable del proceso Talento humano Corrige de forma inmediata desviaciones de ejecución, reprocesos, incumplimientos o falta de soportes, con responsable y fecha de cierre. | K57: Correctivo | L57: =IFERROR(VLOOKUP($K57,'11 FORMULAS'!$B$51:$C$53,2,0),"") -> 0.1 | M57: =IFERROR(VLOOKUP($K57,'11 FORMULAS'!$B$51:$D$53,3,0),"") -> Impacto | N57: Manual | O57: =IFERROR(VLOOKUP($N57,'11 FORMULAS'!$B$54:$C$55,2,0),"") -> 0.15 | P57: Procedimientos | Q57: Continua | R57: Con registro manual | S57: Interna | T57: =IF(OR($L57="",$O57=""),"",IFERROR($L57+$O57,"")) -> 0.25 | U57: =IF(U56="","",IF($K57="",U56,IF($M57='11 FORMULAS'!$D$51,U56-(U56*$T57),U56))) -> 0.0864 | V57: =IF(V56="","",IF($K57="",V56,IF($M57='11 FORMULAS'!$D$53,V56-(V56*$T57),V56))) -> 0.3 | Z57: Alta | AA57: 0.61 | AB57: 0.8
F58: 5 | G58: Oficina Asesora de Planeación / Segunda línea de defensa | H58: Verifica | I58: la calidad de evidencias, cumplimiento de controles y coherencia del reporte del líder del proceso. | J58: =CONCATENATE(G58," ",H58," ",I58) -> Oficina Asesora de Planeación / Segunda línea de defensa Verifica la calidad de evidencias, cumplimiento de controles y coherencia del reporte del líder del proceso. | K58: Preventivo | L58: =IFERROR(VLOOKUP($K58,'11 FORMULAS'!$B$51:$C$53,2,0),"") -> 0.25 | M58: =IFERROR(VLOOKUP($K58,'11 FORMULAS'!$B$51:$D$53,3,0),"") -> Probabilidad | N58: Manual | O58: =IFERROR(VLOOKUP($N58,'11 FORMULAS'!$B$54:$C$55,2,0),"") -> 0.15 | P58: Procedimientos | Q58: Semestral | R58: Con registro manual | S58: Interna | T58: =IF(OR($L58="",$O58=""),"",IFERROR($L58+$O58,"")) -> 0.4 | U58: =IF(U57="","",IF($K58="",U57,IF($M58='11 FORMULAS'!$D$51,U57-(U57*$T58),U57))) -> 0.05184 | V58: =IF(V57="","",IF($K58="",V57,IF($M58='11 FORMULAS'!$D$53,V57-(V57*$T58),V57))) -> 0.3 | Z58: Muy Alta | AA58: 0.81 | AB58: 1
F59: 6 | G59: Oficina de Control Interno | H59: Evalúa | I59: mediante seguimiento independiente la efectividad del control y formula recomendaciones o acciones correctivas institucionales. | J59: =CONCATENATE(G59," ",H59," ",I59) -> Oficina de Control Interno Evalúa mediante seguimiento independiente la efectividad del control y formula recomendaciones o acciones correctivas institucionales. | K59: Correctivo | L59: =IFERROR(VLOOKUP($K59,'11 FORMULAS'!$B$51:$C$53,2,0),"") -> 0.1 | M59: =IFERROR(VLOOKUP($K59,'11 FORMULAS'!$B$51:$D$53,3,0),"") -> Impacto | N59: Automático | O59: =IFERROR(VLOOKUP($N59,'11 FORMULAS'!$B$54:$C$55,2,0),"") -> 0.25 | P59: Procedimientos | Q59: Semestral | R59: Con registro manual | S59: Interna | T59: =IF(OR($L59="",$O59=""),"",IFERROR($L59+$O59,"")) -> 0.35 | U59: =IF(U58="","",IF($K59="",U58,IF($M59='11 FORMULAS'!$D$51,U58-(U58*$T59),U58))) -> 0.05184 | V59: =IF(V58="","",IF($K59="",V58,IF($M59='11 FORMULAS'!$D$53,V58-(V58*$T59),V58))) -> 0.195
A60: R9 | B60: Posibilidad de afectación de recursos públicos por pagos indebidos o mayores valores en nómina, prestaciones, seguridad social u honorarios debido a validaciones insuficientes de novedades, liquidaciones, soportes y autorizaciones de pago | C60: Talento Humano | D60: =+'3 PROBABIL E IMPACTO INHERENTE'!F19 -> 0.4 | E60: =+'3 PROBABIL E IMPACTO INHERENTE'!N19 -> 0.4 | F60: 1 | G60: Responsable del proceso Talento humano | H60: Monitorea | I60: permanentemente alertas externas, normativas laborales, sociales, de orden público o continuidad del servicio que puedan afectar el proceso. | J60: =CONCATENATE(G60," ",H60," ",I60) -> Responsable del proceso Talento humano Monitorea permanentemente alertas externas, normativas laborales, sociales, de orden público o continuidad del servicio que puedan afectar el proceso. | K60: Preventivo | L60: =IFERROR(VLOOKUP($K60,'11 FORMULAS'!$B$51:$C$53,2,0),"") -> 0.25 | M60: =IFERROR(VLOOKUP($K60,'11 FORMULAS'!$B$51:$D$53,3,0),"") -> Probabilidad | N60: Automático | O60: =IFERROR(VLOOKUP($N60,'11 FORMULAS'!$B$54:$C$55,2,0),"") -> 0.25 | P60: Procedimientos | Q60: Continua | R60: Con registro electrónico | S60: Interna | T60: =IF(OR($L60="",$O60=""),"",IFERROR($L60+$O60,"")) -> 0.5 | U60: =IF($D60="","",IF($K60="",$D60,IF($M60='11 FORMULAS'!$D$51,$D60-($D60*$T60),$D60))) -> 0.2 | V60: =IF($E60="","",IF($K60="",$E60,IF($M60='11 FORMULAS'!$D$53,$E60-($E60*$T60),$E60))) -> 0.4 | W60: =IF(U65="","",U65) -> 0.025 | X60: =IF(V65="","",V65) -> 0.169 | Z60: Muy Baja | AA60: 0.01 | AB60: 0.2
F61: 2 | G61: Responsable del proceso Talento humano | H61: Activa | I61: el protocolo de continuidad o contingencia cuando encuentre inconsistencias en los datos de nomina, prestaciones sociales o demás aspectos de ley | J61: =CONCATENATE(G61," ",H61," ",I61) -> Responsable del proceso Talento humano Activa el protocolo de continuidad o contingencia cuando encuentre inconsistencias en los datos de nomina, prestaciones sociales o demás aspectos de ley | K61: Preventivo | L61: =IFERROR(VLOOKUP($K61,'11 FORMULAS'!$B$51:$C$53,2,0),"") -> 0.25 | M61: =IFERROR(VLOOKUP($K61,'11 FORMULAS'!$B$51:$D$53,3,0),"") -> Probabilidad | N61: Automático | O61: =IFERROR(VLOOKUP($N61,'11 FORMULAS'!$B$54:$C$55,2,0),"") -> 0.25 | P61: Procedimientos | Q61: Continua | R61: Con registro electrónico | S61: Interna | T61: =IF(OR($L61="",$O61=""),"",IFERROR($L61+$O61,"")) -> 0.5 | U61: =IF(U60="","",IF($K61="",U60,IF($M61='11 FORMULAS'!$D$51,U60-(U60*$T61),U60))) -> 0.1 | V61: =IF(V60="","",IF($K61="",V60,IF($M61='11 FORMULAS'!$D$53,V60-(V60*$T61),V60))) -> 0.4 | Z61: Baja | AA61: 0.21 | AB61: 0.4
F62: 3 | G62: Oficina Asesora de Planeación / Segunda línea de defensa | H62: Revisa | I62: la matriz de riesgos para evaluar la materialización de los mismos | J62: =CONCATENATE(G62," ",H62," ",I62) -> Oficina Asesora de Planeación / Segunda línea de defensa Revisa la matriz de riesgos para evaluar la materialización de los mismos | K62: Preventivo | L62: =IFERROR(VLOOKUP($K62,'11 FORMULAS'!$B$51:$C$53,2,0),"") -> 0.25 | M62: =IFERROR(VLOOKUP($K62,'11 FORMULAS'!$B$51:$D$53,3,0),"") -> Probabilidad | N62: Automático | O62: =IFERROR(VLOOKUP($N62,'11 FORMULAS'!$B$54:$C$55,2,0),"") -> 0.25 | P62: Procedimientos | Q62: Semestral | R62: Con registro electrónico | S62: Interna | T62: =IF(OR($L62="",$O62=""),"",IFERROR($L62+$O62,"")) -> 0.5 | U62: =IF(U61="","",IF($K62="",U61,IF($M62='11 FORMULAS'!$D$51,U61-(U61*$T62),U61))) -> 0.05 | V62: =IF(V61="","",IF($K62="",V61,IF($M62='11 FORMULAS'!$D$53,V61-(V61*$T62),V61))) -> 0.4 | Z62: Media | AA62: 0.41 | AB62: 0.6
F63: 4 | G63: Responsable del proceso Talento humano | H63: Comunica | I63: a usuarios, servidores y partes interesadas las medidas o novedades dejando evidencia documental | J63: =CONCATENATE(G63," ",H63," ",I63) -> Responsable del proceso Talento humano Comunica a usuarios, servidores y partes interesadas las medidas o novedades dejando evidencia documental | K63: Correctivo | L63: =IFERROR(VLOOKUP($K63,'11 FORMULAS'!$B$51:$C$53,2,0),"") -> 0.1 | M63: =IFERROR(VLOOKUP($K63,'11 FORMULAS'!$B$51:$D$53,3,0),"") -> Impacto | N63: Automático | O63: =IFERROR(VLOOKUP($N63,'11 FORMULAS'!$B$54:$C$55,2,0),"") -> 0.25 | P63: Procedimientos | Q63: Continua | R63: Con registro electrónico | S63: Interna | T63: =IF(OR($L63="",$O63=""),"",IFERROR($L63+$O63,"")) -> 0.35 | U63: =IF(U62="","",IF($K63="",U62,IF($M63='11 FORMULAS'!$D$51,U62-(U62*$T63),U62))) -> 0.05 | V63: =IF(V62="","",IF($K63="",V62,IF($M63='11 FORMULAS'!$D$53,V62-(V62*$T63),V62))) -> 0.26 | Z63: Alta | AA63: 0.61 | AB63: 0.8
F64: 5 | G64: Comité académico y administrativo | H64: Revisa | I64: Ejecución presupuestal para el efecto de la nomina y prestaciones por ley | J64: =CONCATENATE(G64," ",H64," ",I64) -> Comité académico y administrativo Revisa Ejecución presupuestal para el efecto de la nomina y prestaciones por ley | K64: Preventivo | L64: =IFERROR(VLOOKUP($K64,'11 FORMULAS'!$B$51:$C$53,2,0),"") -> 0.25 | M64: =IFERROR(VLOOKUP($K64,'11 FORMULAS'!$B$51:$D$53,3,0),"") -> Probabilidad | N64: Automático | O64: =IFERROR(VLOOKUP($N64,'11 FORMULAS'!$B$54:$C$55,2,0),"") -> 0.25 | P64: Procedimientos | Q64: Trimestral | R64: Con registro electrónico | S64: Interna | T64: =IF(OR($L64="",$O64=""),"",IFERROR($L64+$O64,"")) -> 0.5 | U64: =IF(U63="","",IF($K64="",U63,IF($M64='11 FORMULAS'!$D$51,U63-(U63*$T64),U63))) -> 0.025 | V64: =IF(V63="","",IF($K64="",V63,IF($M64='11 FORMULAS'!$D$53,V63-(V63*$T64),V63))) -> 0.26 | Z64: Muy Alta | AA64: 0.81 | AB64: 1
F65: 6 | G65: Oficina de Control Interno | H65: Evalúa | I65: las acciones de control y monitoreo del área de talento humano en cuanto a las liquidaciones, novedades y demás aspectos de la planta de personal | J65: =CONCATENATE(G65," ",H65," ",I65) -> Oficina de Control Interno Evalúa las acciones de control y monitoreo del área de talento humano en cuanto a las liquidaciones, novedades y demás aspectos de la planta de personal | K65: Correctivo | L65: =IFERROR(VLOOKUP($K65,'11 FORMULAS'!$B$51:$C$53,2,0),"") -> 0.1 | M65: =IFERROR(VLOOKUP($K65,'11 FORMULAS'!$B$51:$D$53,3,0),"") -> Impacto | N65: Automático | O65: =IFERROR(VLOOKUP($N65,'11 FORMULAS'!$B$54:$C$55,2,0),"") -> 0.25 | P65: Procedimientos | Q65: Semestral | R65: Con registro electrónico | S65: Interna | T65: =IF(OR($L65="",$O65=""),"",IFERROR($L65+$O65,"")) -> 0.35 | U65: =IF(U64="","",IF($K65="",U64,IF($M65='11 FORMULAS'!$D$51,U64-(U64*$T65),U64))) -> 0.025 | V65: =IF(V64="","",IF($K65="",V64,IF($M65='11 FORMULAS'!$D$53,V64-(V64*$T65),V64))) -> 0.169
A66: R10 | B66: Posibilidad de pérdida de confidencialidad de datos personales y laborales por acceso, divulgación o custodia inadecuada de historias laborales, nómina y datos sensibles debido a controles insuficientes de acceso, archivo, permisos y tratamiento de información reservada | C66: Talento Humano | D66: =+'3 PROBABIL E IMPACTO INHERENTE'!F20 -> 0.4 | E66: =+'3 PROBABIL E IMPACTO INHERENTE'!N20 -> 0.6 | F66: 1 | G66: Responsable del proceso Talento humano | H66: Verifica | I66: el acceso al área de talento humano y mantiene claves de acceso en los computadores | J66: =CONCATENATE(G66," ",H66," ",I66) -> Responsable del proceso Talento humano Verifica el acceso al área de talento humano y mantiene claves de acceso en los computadores | K66: Preventivo | L66: =IFERROR(VLOOKUP($K66,'11 FORMULAS'!$B$51:$C$53,2,0),"") -> 0.25 | M66: =IFERROR(VLOOKUP($K66,'11 FORMULAS'!$B$51:$D$53,3,0),"") -> Probabilidad | N66: Manual | O66: =IFERROR(VLOOKUP($N66,'11 FORMULAS'!$B$54:$C$55,2,0),"") -> 0.15 | P66: Procedimientos | Q66: Continua | R66: Con registro manual | S66: Interna | T66: =IF(OR($L66="",$O66=""),"",IFERROR($L66+$O66,"")) -> 0.4 | U66: =IF($D66="","",IF($K66="",$D66,IF($M66='11 FORMULAS'!$D$51,$D66-($D66*$T66),$D66))) -> 0.24 | V66: =IF($E66="","",IF($K66="",$E66,IF($M66='11 FORMULAS'!$D$53,$E66-($E66*$T66),$E66))) -> 0.6 | W66: =IF(U71="","",U71) -> 0.0432 | X66: =IF(V71="","",V71) -> 0.2925 | Z66: Muy Baja | AA66: 0.01 | AB66: 0.2
F67: 2 | G67: Responsable del proceso Talento humano | H67: Restringe | I67: Las reuniones dentro del área para evitar manipulaciones indebidas o evitar pérdida de información física y electrónica | J67: =CONCATENATE(G67," ",H67," ",I67) -> Responsable del proceso Talento humano Restringe Las reuniones dentro del área para evitar manipulaciones indebidas o evitar pérdida de información física y electrónica | K67: Preventivo | L67: =IFERROR(VLOOKUP($K67,'11 FORMULAS'!$B$51:$C$53,2,0),"") -> 0.25 | M67: =IFERROR(VLOOKUP($K67,'11 FORMULAS'!$B$51:$D$53,3,0),"") -> Probabilidad | N67: Automático | O67: =IFERROR(VLOOKUP($N67,'11 FORMULAS'!$B$54:$C$55,2,0),"") -> 0.25 | P67: Procedimientos | Q67: Continua | R67: Con registro manual | S67: Interna | T67: =IF(OR($L67="",$O67=""),"",IFERROR($L67+$O67,"")) -> 0.5 | U67: =IF(U66="","",IF($K67="",U66,IF($M67='11 FORMULAS'!$D$51,U66-(U66*$T67),U66))) -> 0.12 | V67: =IF(V66="","",IF($K67="",V66,IF($M67='11 FORMULAS'!$D$53,V66-(V66*$T67),V66))) -> 0.6 | Z67: Baja | AA67: 0.21 | AB67: 0.4
F68: 3 | G68: Oficina Asesora de Planeación / Segunda línea de defensa | H68: Revisa | I68: la matriz de riesgos para evaluar la materialización de los mismos | J68: =CONCATENATE(G68," ",H68," ",I68) -> Oficina Asesora de Planeación / Segunda línea de defensa Revisa la matriz de riesgos para evaluar la materialización de los mismos | K68: Preventivo | L68: =IFERROR(VLOOKUP($K68,'11 FORMULAS'!$B$51:$C$53,2,0),"") -> 0.25 | M68: =IFERROR(VLOOKUP($K68,'11 FORMULAS'!$B$51:$D$53,3,0),"") -> Probabilidad | N68: Manual | O68: =IFERROR(VLOOKUP($N68,'11 FORMULAS'!$B$54:$C$55,2,0),"") -> 0.15 | P68: Procedimientos | Q68: Semestral | R68: Con registro electrónico | S68: Interna | T68: =IF(OR($L68="",$O68=""),"",IFERROR($L68+$O68,"")) -> 0.4 | U68: =IF(U67="","",IF($K68="",U67,IF($M68='11 FORMULAS'!$D$51,U67-(U67*$T68),U67))) -> 0.072 | V68: =IF(V67="","",IF($K68="",V67,IF($M68='11 FORMULAS'!$D$53,V67-(V67*$T68),V67))) -> 0.6 | Z68: Media | AA68: 0.41 | AB68: 0.6
F69: 4 | G69: Responsable del proceso Talento humano | H69: Corrige | I69: de forma inmediata desviaciones de ejecución, reprocesos, incumplimientos o falta de soportes, con responsable y fecha de cierre. | J69: =CONCATENATE(G69," ",H69," ",I69) -> Responsable del proceso Talento humano Corrige de forma inmediata desviaciones de ejecución, reprocesos, incumplimientos o falta de soportes, con responsable y fecha de cierre. | K69: Correctivo | L69: =IFERROR(VLOOKUP($K69,'11 FORMULAS'!$B$51:$C$53,2,0),"") -> 0.1 | M69: =IFERROR(VLOOKUP($K69,'11 FORMULAS'!$B$51:$D$53,3,0),"") -> Impacto | N69: Manual | O69: =IFERROR(VLOOKUP($N69,'11 FORMULAS'!$B$54:$C$55,2,0),"") -> 0.15 | P69: Procedimientos | Q69: Continua | R69: Con registro electrónico | S69: Interna | T69: =IF(OR($L69="",$O69=""),"",IFERROR($L69+$O69,"")) -> 0.25 | U69: =IF(U68="","",IF($K69="",U68,IF($M69='11 FORMULAS'!$D$51,U68-(U68*$T69),U68))) -> 0.072 | V69: =IF(V68="","",IF($K69="",V68,IF($M69='11 FORMULAS'!$D$53,V68-(V68*$T69),V68))) -> 0.45 | Z69: Alta | AA69: 0.61 | AB69: 0.8
F70: 5 | G70: Vicerrectoría Administrativa y Financiera | H70: Garantiza | I70: La seguridad en el acceso a la oficina de talento humano para evitar la entrada de personal no autorizado | J70: =CONCATENATE(G70," ",H70," ",I70) -> Vicerrectoría Administrativa y Financiera Garantiza La seguridad en el acceso a la oficina de talento humano para evitar la entrada de personal no autorizado | K70: Preventivo | L70: =IFERROR(VLOOKUP($K70,'11 FORMULAS'!$B$51:$C$53,2,0),"") -> 0.25 | M70: =IFERROR(VLOOKUP($K70,'11 FORMULAS'!$B$51:$D$53,3,0),"") -> Probabilidad | N70: Manual | O70: =IFERROR(VLOOKUP($N70,'11 FORMULAS'!$B$54:$C$55,2,0),"") -> 0.15 | P70: Procedimientos | Q70: Continua | R70: Con registro electrónico | S70: Interna | T70: =IF(OR($L70="",$O70=""),"",IFERROR($L70+$O70,"")) -> 0.4 | U70: =IF(U69="","",IF($K70="",U69,IF($M70='11 FORMULAS'!$D$51,U69-(U69*$T70),U69))) -> 0.0432 | V70: =IF(V69="","",IF($K70="",V69,IF($M70='11 FORMULAS'!$D$53,V69-(V69*$T70),V69))) -> 0.45 | Z70: Muy Alta | AA70: 0.81 | AB70: 1
F71: 6 | G71: Oficina de Control Interno | H71: Evalúa | I71: mediante seguimiento independiente la efectividad del control y formula recomendaciones o acciones correctivas institucionales. | J71: =CONCATENATE(G71," ",H71," ",I71) -> Oficina de Control Interno Evalúa mediante seguimiento independiente la efectividad del control y formula recomendaciones o acciones correctivas institucionales. | K71: Correctivo | L71: =IFERROR(VLOOKUP($K71,'11 FORMULAS'!$B$51:$C$53,2,0),"") -> 0.1 | M71: =IFERROR(VLOOKUP($K71,'11 FORMULAS'!$B$51:$D$53,3,0),"") -> Impacto | N71: Automático | O71: =IFERROR(VLOOKUP($N71,'11 FORMULAS'!$B$54:$C$55,2,0),"") -> 0.25 | P71: Procedimientos | Q71: Semestral | R71: Con registro electrónico | S71: Interna | T71: =IF(OR($L71="",$O71=""),"",IFERROR($L71+$O71,"")) -> 0.35 | U71: =IF(U70="","",IF($K71="",U70,IF($M71='11 FORMULAS'!$D$51,U70-(U70*$T71),U70))) -> 0.0432 | V71: =IF(V70="","",IF($K71="",V70,IF($M71='11 FORMULAS'!$D$53,V70-(V70*$T71),V70))) -> 0.2925
A72: R11 | B72: Posibilidad de afectación en la prestación de programas de bienestar oor incumplimiento o ejecución parcial de las actividades programadas, a causa de debilidades en la planeación, seguimiento y disponibilidad de recursos. | C72: Bienestar | D72: =+'3 PROBABIL E IMPACTO INHERENTE'!F21 -> 0.4 | E72: =+'3 PROBABIL E IMPACTO INHERENTE'!N21 -> 0.4 | F72: 1 | G72: Responsable del proceso Bienestar | H72: Verifica | I72: mensualmente el cumplimiento del plan operativo indicadores, cronograma, procedimientos y evidencias del proceso. | J72: =CONCATENATE(G72," ",H72," ",I72) -> Responsable del proceso Bienestar Verifica mensualmente el cumplimiento del plan operativo indicadores, cronograma, procedimientos y evidencias del proceso. | K72: Preventivo | L72: =IFERROR(VLOOKUP($K72,'11 FORMULAS'!$B$51:$C$53,2,0),"") -> 0.25 | M72: =IFERROR(VLOOKUP($K72,'11 FORMULAS'!$B$51:$D$53,3,0),"") -> Probabilidad | N72: Automático | O72: =IFERROR(VLOOKUP($N72,'11 FORMULAS'!$B$54:$C$55,2,0),"") -> 0.25 | P72: Procedimientos | Q72: Mensual | R72: Con registro electrónico | S72: Interna | T72: =IF(OR($L72="",$O72=""),"",IFERROR($L72+$O72,"")) -> 0.5 | U72: =IF($D72="","",IF($K72="",$D72,IF($M72='11 FORMULAS'!$D$51,$D72-($D72*$T72),$D72))) -> 0.2 | V72: =IF($E72="","",IF($K72="",$E72,IF($M72='11 FORMULAS'!$D$53,$E72-($E72*$T72),$E72))) -> 0.4 | W72: =IF(U77="","",U77) -> 0.0432 | X72: =IF(V77="","",V77) -> 0.225 | Z72: Muy Baja | AA72: 0.01 | AB72: 0.2
F73: 2 | G73: Responsable del proceso Bienestar | H73: Actualiza | I73: los procedimientos, formatos, responsables y medidas de control cuando se identifiquen cambios normativos u operativos. | J73: =CONCATENATE(G73," ",H73," ",I73) -> Responsable del proceso Bienestar Actualiza los procedimientos, formatos, responsables y medidas de control cuando se identifiquen cambios normativos u operativos. | K73: Preventivo | L73: =IFERROR(VLOOKUP($K73,'11 FORMULAS'!$B$51:$C$53,2,0),"") -> 0.25 | M73: =IFERROR(VLOOKUP($K73,'11 FORMULAS'!$B$51:$D$53,3,0),"") -> Probabilidad | N73: Manual | O73: =IFERROR(VLOOKUP($N73,'11 FORMULAS'!$B$54:$C$55,2,0),"") -> 0.15 | P73: Procedimientos | Q73: Continua | R73: Con registro manual | S73: Interna | T73: =IF(OR($L73="",$O73=""),"",IFERROR($L73+$O73,"")) -> 0.4 | U73: =IF(U72="","",IF($K73="",U72,IF($M73='11 FORMULAS'!$D$51,U72-(U72*$T73),U72))) -> 0.12 | V73: =IF(V72="","",IF($K73="",V72,IF($M73='11 FORMULAS'!$D$53,V72-(V72*$T73),V72))) -> 0.4 | Z73: Baja | AA73: 0.21 | AB73: 0.4
F74: 3 | G74: Oficina Asesora de Planeación / Segunda línea de defensa | H74: Monitorea | I74: el avance de metas, indicadores, riesgos y acciones de mejora del proceso, dejando evidencia en matriz de seguimiento. | J74: =CONCATENATE(G74," ",H74," ",I74) -> Oficina Asesora de Planeación / Segunda línea de defensa Monitorea el avance de metas, indicadores, riesgos y acciones de mejora del proceso, dejando evidencia en matriz de seguimiento. | K74: Preventivo | L74: =IFERROR(VLOOKUP($K74,'11 FORMULAS'!$B$51:$C$53,2,0),"") -> 0.25 | M74: =IFERROR(VLOOKUP($K74,'11 FORMULAS'!$B$51:$D$53,3,0),"") -> Probabilidad | N74: Manual | O74: =IFERROR(VLOOKUP($N74,'11 FORMULAS'!$B$54:$C$55,2,0),"") -> 0.15 | P74: Procedimientos | Q74: Trimestral | R74: Con registro manual | S74: Interna | T74: =IF(OR($L74="",$O74=""),"",IFERROR($L74+$O74,"")) -> 0.4 | U74: =IF(U73="","",IF($K74="",U73,IF($M74='11 FORMULAS'!$D$51,U73-(U73*$T74),U73))) -> 0.072 | V74: =IF(V73="","",IF($K74="",V73,IF($M74='11 FORMULAS'!$D$53,V73-(V73*$T74),V73))) -> 0.4 | Z74: Media | AA74: 0.41 | AB74: 0.6
F75: 4 | G75: Responsable del proceso Bienestar | H75: Corrige | I75: de forma inmediata desviaciones de ejecución, reprocesos, incumplimientos o falta de soportes, con responsable y fecha de cierre. | J75: =CONCATENATE(G75," ",H75," ",I75) -> Responsable del proceso Bienestar Corrige de forma inmediata desviaciones de ejecución, reprocesos, incumplimientos o falta de soportes, con responsable y fecha de cierre. | K75: Correctivo | L75: =IFERROR(VLOOKUP($K75,'11 FORMULAS'!$B$51:$C$53,2,0),"") -> 0.1 | M75: =IFERROR(VLOOKUP($K75,'11 FORMULAS'!$B$51:$D$53,3,0),"") -> Impacto | N75: Manual | O75: =IFERROR(VLOOKUP($N75,'11 FORMULAS'!$B$54:$C$55,2,0),"") -> 0.15 | P75: Procedimientos | Q75: Continua | R75: Con registro manual | S75: Interna | T75: =IF(OR($L75="",$O75=""),"",IFERROR($L75+$O75,"")) -> 0.25 | U75: =IF(U74="","",IF($K75="",U74,IF($M75='11 FORMULAS'!$D$51,U74-(U74*$T75),U74))) -> 0.072 | V75: =IF(V74="","",IF($K75="",V74,IF($M75='11 FORMULAS'!$D$53,V74-(V74*$T75),V74))) -> 0.3 | Z75: Alta | AA75: 0.61 | AB75: 0.8
F76: 5 | G76: Oficina Asesora de Planeación / Segunda línea de defensa | H76: Verifica | I76: la calidad de evidencias, cumplimiento de controles y coherencia del reporte del líder del proceso. | J76: =CONCATENATE(G76," ",H76," ",I76) -> Oficina Asesora de Planeación / Segunda línea de defensa Verifica la calidad de evidencias, cumplimiento de controles y coherencia del reporte del líder del proceso. | K76: Preventivo | L76: =IFERROR(VLOOKUP($K76,'11 FORMULAS'!$B$51:$C$53,2,0),"") -> 0.25 | M76: =IFERROR(VLOOKUP($K76,'11 FORMULAS'!$B$51:$D$53,3,0),"") -> Probabilidad | N76: Manual | O76: =IFERROR(VLOOKUP($N76,'11 FORMULAS'!$B$54:$C$55,2,0),"") -> 0.15 | P76: Procedimientos | Q76: Semestral | R76: Con registro manual | S76: Interna | T76: =IF(OR($L76="",$O76=""),"",IFERROR($L76+$O76,"")) -> 0.4 | U76: =IF(U75="","",IF($K76="",U75,IF($M76='11 FORMULAS'!$D$51,U75-(U75*$T76),U75))) -> 0.0432 | V76: =IF(V75="","",IF($K76="",V75,IF($M76='11 FORMULAS'!$D$53,V75-(V75*$T76),V75))) -> 0.3 | Z76: Muy Alta | AA76: 0.81 | AB76: 1
F77: 6 | G77: Oficina de Control Interno | H77: Evalúa | I77: mediante seguimiento independiente la efectividad del control y formula recomendaciones o acciones correctivas institucionales. | J77: =CONCATENATE(G77," ",H77," ",I77) -> Oficina de Control Interno Evalúa mediante seguimiento independiente la efectividad del control y formula recomendaciones o acciones correctivas institucionales. | K77: Correctivo | L77: =IFERROR(VLOOKUP($K77,'11 FORMULAS'!$B$51:$C$53,2,0),"") -> 0.1 | M77: =IFERROR(VLOOKUP($K77,'11 FORMULAS'!$B$51:$D$53,3,0),"") -> Impacto | N77: Manual | O77: =IFERROR(VLOOKUP($N77,'11 FORMULAS'!$B$54:$C$55,2,0),"") -> 0.15 | P77: Procedimientos | Q77: Anual | R77: Con registro manual | S77: Interna | T77: =IF(OR($L77="",$O77=""),"",IFERROR($L77+$O77,"")) -> 0.25 | U77: =IF(U76="","",IF($K77="",U76,IF($M77='11 FORMULAS'!$D$51,U76-(U76*$T77),U76))) -> 0.0432 | V77: =IF(V76="","",IF($K77="",V76,IF($M77='11 FORMULAS'!$D$53,V76-(V76*$T77),V76))) -> 0.225
A78: R12 | B78: Posibilidad de uso inadecuado de recursos destinados a bienestar institucional por entrega de apoyos, contratación de actividades o pagos sin soportes suficientes debido a debilidades en supervisión, verificación de beneficiarios, evidencias de ejecución y control presupuestal | C78: Bienestar | D78: =+'3 PROBABIL E IMPACTO INHERENTE'!F22 -> 0.4 | E78: =+'3 PROBABIL E IMPACTO INHERENTE'!N22 -> 0.6 | F78: 1 | G78: Responsable del proceso Bienestar | H78: Elabora | I78: el Plan operativo de Bienestar con actividades, cronograma y responsables | J78: =CONCATENATE(G78," ",H78," ",I78) -> Responsable del proceso Bienestar Elabora el Plan operativo de Bienestar con actividades, cronograma y responsables | K78: Preventivo | L78: =IFERROR(VLOOKUP($K78,'11 FORMULAS'!$B$51:$C$53,2,0),"") -> 0.25 | M78: =IFERROR(VLOOKUP($K78,'11 FORMULAS'!$B$51:$D$53,3,0),"") -> Probabilidad | N78: Manual | O78: =IFERROR(VLOOKUP($N78,'11 FORMULAS'!$B$54:$C$55,2,0),"") -> 0.15 | P78: Procedimientos | Q78: Anual | R78: Con registro manual | S78: Interna | T78: =IF(OR($L78="",$O78=""),"",IFERROR($L78+$O78,"")) -> 0.4 | U78: =IF($D78="","",IF($K78="",$D78,IF($M78='11 FORMULAS'!$D$51,$D78-($D78*$T78),$D78))) -> 0.24 | V78: =IF($E78="","",IF($K78="",$E78,IF($M78='11 FORMULAS'!$D$53,$E78-($E78*$T78),$E78))) -> 0.6 | W78: =IF(U83="","",U83) -> 0.0432 | X78: =IF(V83="","",V83) -> 0.3375 | Z78: Muy Baja | AA78: 0.01 | AB78: 0.2
F79: 2 | G79: Responsable del proceso Bienestar | H79: Revisa | I79: las actividades programadas con las ejecutadas y el cumplimiento de los indicadores dentro de la planeación estrátegica | J79: =CONCATENATE(G79," ",H79," ",I79) -> Responsable del proceso Bienestar Revisa las actividades programadas con las ejecutadas y el cumplimiento de los indicadores dentro de la planeación estrátegica | K79: Preventivo | L79: =IFERROR(VLOOKUP($K79,'11 FORMULAS'!$B$51:$C$53,2,0),"") -> 0.25 | M79: =IFERROR(VLOOKUP($K79,'11 FORMULAS'!$B$51:$D$53,3,0),"") -> Probabilidad | N79: Manual | O79: =IFERROR(VLOOKUP($N79,'11 FORMULAS'!$B$54:$C$55,2,0),"") -> 0.15 | P79: Procedimientos | Q79: Trimestral | R79: Con registro manual | S79: Interna | T79: =IF(OR($L79="",$O79=""),"",IFERROR($L79+$O79,"")) -> 0.4 | U79: =IF(U78="","",IF($K79="",U78,IF($M79='11 FORMULAS'!$D$51,U78-(U78*$T79),U78))) -> 0.144 | V79: =IF(V78="","",IF($K79="",V78,IF($M79='11 FORMULAS'!$D$53,V78-(V78*$T79),V78))) -> 0.6 | Z79: Baja | AA79: 0.21 | AB79: 0.4
F80: 3 | G80: Oficina Asesora de Planeación / Segunda línea de defensa | H80: Monitorea | I80: el avance de metas, indicadores, riesgos y acciones de mejora del proceso, dejando evidencia en matriz de seguimiento. | J80: =CONCATENATE(G80," ",H80," ",I80) -> Oficina Asesora de Planeación / Segunda línea de defensa Monitorea el avance de metas, indicadores, riesgos y acciones de mejora del proceso, dejando evidencia en matriz de seguimiento. | K80: Preventivo | L80: =IFERROR(VLOOKUP($K80,'11 FORMULAS'!$B$51:$C$53,2,0),"") -> 0.25 | M80: =IFERROR(VLOOKUP($K80,'11 FORMULAS'!$B$51:$D$53,3,0),"") -> Probabilidad | N80: Automático | O80: =IFERROR(VLOOKUP($N80,'11 FORMULAS'!$B$54:$C$55,2,0),"") -> 0.25 | P80: Procedimientos | Q80: Trimestral | R80: Con registro manual | S80: Interna | T80: =IF(OR($L80="",$O80=""),"",IFERROR($L80+$O80,"")) -> 0.5 | U80: =IF(U79="","",IF($K80="",U79,IF($M80='11 FORMULAS'!$D$51,U79-(U79*$T80),U79))) -> 0.072 | V80: =IF(V79="","",IF($K80="",V79,IF($M80='11 FORMULAS'!$D$53,V79-(V79*$T80),V79))) -> 0.6 | Z80: Media | AA80: 0.41 | AB80: 0.6
F81: 4 | G81: Responsable del proceso Bienestar | H81: Corrige | I81: de forma inmediata desviaciones de ejecución, reprocesos, incumplimientos o falta de soportes, con responsable y fecha de cierre. | J81: =CONCATENATE(G81," ",H81," ",I81) -> Responsable del proceso Bienestar Corrige de forma inmediata desviaciones de ejecución, reprocesos, incumplimientos o falta de soportes, con responsable y fecha de cierre. | K81: Correctivo | L81: =IFERROR(VLOOKUP($K81,'11 FORMULAS'!$B$51:$C$53,2,0),"") -> 0.1 | M81: =IFERROR(VLOOKUP($K81,'11 FORMULAS'!$B$51:$D$53,3,0),"") -> Impacto | N81: Manual | O81: =IFERROR(VLOOKUP($N81,'11 FORMULAS'!$B$54:$C$55,2,0),"") -> 0.15 | P81: Procedimientos | Q81: Continua | R81: Con registro manual | S81: Interna | T81: =IF(OR($L81="",$O81=""),"",IFERROR($L81+$O81,"")) -> 0.25 | U81: =IF(U80="","",IF($K81="",U80,IF($M81='11 FORMULAS'!$D$51,U80-(U80*$T81),U80))) -> 0.072 | V81: =IF(V80="","",IF($K81="",V80,IF($M81='11 FORMULAS'!$D$53,V80-(V80*$T81),V80))) -> 0.45 | Z81: Alta | AA81: 0.61 | AB81: 0.8
F82: 5 | G82: Oficina Asesora de Planeación / Segunda línea de defensa | H82: Solicita | I82: reportes periódicos de avance del Plan de Bienestar para identificar retrasos y recomendar ajustes oportunos en la programación | J82: =CONCATENATE(G82," ",H82," ",I82) -> Oficina Asesora de Planeación / Segunda línea de defensa Solicita reportes periódicos de avance del Plan de Bienestar para identificar retrasos y recomendar ajustes oportunos en la programación | K82: Preventivo | L82: =IFERROR(VLOOKUP($K82,'11 FORMULAS'!$B$51:$C$53,2,0),"") -> 0.25 | M82: =IFERROR(VLOOKUP($K82,'11 FORMULAS'!$B$51:$D$53,3,0),"") -> Probabilidad | N82: Manual | O82: =IFERROR(VLOOKUP($N82,'11 FORMULAS'!$B$54:$C$55,2,0),"") -> 0.15 | P82: Procedimientos | Q82: Semestral | R82: Con registro manual | S82: Interna | T82: =IF(OR($L82="",$O82=""),"",IFERROR($L82+$O82,"")) -> 0.4 | U82: =IF(U81="","",IF($K82="",U81,IF($M82='11 FORMULAS'!$D$51,U81-(U81*$T82),U81))) -> 0.0432 | V82: =IF(V81="","",IF($K82="",V81,IF($M82='11 FORMULAS'!$D$53,V81-(V81*$T82),V81))) -> 0.45 | Z82: Muy Alta | AA82: 0.81 | AB82: 1
F83: 6 | G83: Oficina de Control Interno | H83: Evalúa | I83: mediante seguimiento independiente la efectividad del control y formula recomendaciones o acciones correctivas institucionales. | J83: =CONCATENATE(G83," ",H83," ",I83) -> Oficina de Control Interno Evalúa mediante seguimiento independiente la efectividad del control y formula recomendaciones o acciones correctivas institucionales. | K83: Correctivo | L83: =IFERROR(VLOOKUP($K83,'11 FORMULAS'!$B$51:$C$53,2,0),"") -> 0.1 | M83: =IFERROR(VLOOKUP($K83,'11 FORMULAS'!$B$51:$D$53,3,0),"") -> Impacto | N83: Manual | O83: =IFERROR(VLOOKUP($N83,'11 FORMULAS'!$B$54:$C$55,2,0),"") -> 0.15 | P83: Procedimientos | Q83: Semestral | R83: Con registro electrónico | S83: Interna | T83: =IF(OR($L83="",$O83=""),"",IFERROR($L83+$O83,"")) -> 0.25 | U83: =IF(U82="","",IF($K83="",U82,IF($M83='11 FORMULAS'!$D$51,U82-(U82*$T83),U82))) -> 0.0432 | V83: =IF(V82="","",IF($K83="",V82,IF($M83='11 FORMULAS'!$D$53,V82-(V82*$T83),V82))) -> 0.3375
A84: R13 | B84: Posibilidad de favorecimiento indebido en la asignación de beneficios de bienestar por selección de beneficiarios sin criterios objetivos o con trato preferente debido a controles insuficientes, baja trazabilidad y verificación incompleta de requisitos | C84: Bienestar | D84: =+'3 PROBABIL E IMPACTO INHERENTE'!F23 -> 0.6 | E84: =+'3 PROBABIL E IMPACTO INHERENTE'!N23 -> 0.4 | F84: 1 | G84: Responsable del proceso Bienestar | H84: Definir | I84: Previamente los criterios objetivos de asignación de beneficios, estímulos o actividades de bienestar, indicando requisitos, población beneficiaria, cupos disponibles y forma de selección. | J84: =CONCATENATE(G84," ",H84," ",I84) -> Responsable del proceso Bienestar Definir Previamente los criterios objetivos de asignación de beneficios, estímulos o actividades de bienestar, indicando requisitos, población beneficiaria, cupos disponibles y forma de selección. | K84: Preventivo | L84: =IFERROR(VLOOKUP($K84,'11 FORMULAS'!$B$51:$C$53,2,0),"") -> 0.25 | M84: =IFERROR(VLOOKUP($K84,'11 FORMULAS'!$B$51:$D$53,3,0),"") -> Probabilidad | N84: Manual | O84: =IFERROR(VLOOKUP($N84,'11 FORMULAS'!$B$54:$C$55,2,0),"") -> 0.15 | P84: Procedimientos | Q84: Continua | R84: Con registro manual | S84: Interna | T84: =IF(OR($L84="",$O84=""),"",IFERROR($L84+$O84,"")) -> 0.4 | U84: =IF($D84="","",IF($K84="",$D84,IF($M84='11 FORMULAS'!$D$51,$D84-($D84*$T84),$D84))) -> 0.36 | V84: =IF($E84="","",IF($K84="",$E84,IF($M84='11 FORMULAS'!$D$53,$E84-($E84*$T84),$E84))) -> 0.4 | W84: =IF(U89="","",U89) -> 0.0756 | X84: =IF(V89="","",V89) -> 0.195 | Z84: Muy Baja | AA84: 0.01 | AB84: 0.2
F85: 2 | G85: Responsable del proceso Bienestar | H85: Verifica | I85: que la comunidad institucional beneficiada cumpla los requisitos establecidos antes de otorgar el beneficio con soporte de la entrega | J85: =CONCATENATE(G85," ",H85," ",I85) -> Responsable del proceso Bienestar Verifica que la comunidad institucional beneficiada cumpla los requisitos establecidos antes de otorgar el beneficio con soporte de la entrega | K85: Preventivo | L85: =IFERROR(VLOOKUP($K85,'11 FORMULAS'!$B$51:$C$53,2,0),"") -> 0.25 | M85: =IFERROR(VLOOKUP($K85,'11 FORMULAS'!$B$51:$D$53,3,0),"") -> Probabilidad | N85: Manual | O85: =IFERROR(VLOOKUP($N85,'11 FORMULAS'!$B$54:$C$55,2,0),"") -> 0.15 | P85: Procedimientos | Q85: Continua | R85: Con registro manual | S85: Interna | T85: =IF(OR($L85="",$O85=""),"",IFERROR($L85+$O85,"")) -> 0.4 | U85: =IF(U84="","",IF($K85="",U84,IF($M85='11 FORMULAS'!$D$51,U84-(U84*$T85),U84))) -> 0.216 | V85: =IF(V84="","",IF($K85="",V84,IF($M85='11 FORMULAS'!$D$53,V84-(V84*$T85),V84))) -> 0.4 | Z85: Baja | AA85: 0.21 | AB85: 0.4
F86: 3 | G86: Responsable del proceso Bienestar | H86: Lleva | I86: Un registro actualizado de los beneficiarios indicando fecha, beneficio recibido y soporte de entrega | J86: =CONCATENATE(G86," ",H86," ",I86) -> Responsable del proceso Bienestar Lleva Un registro actualizado de los beneficiarios indicando fecha, beneficio recibido y soporte de entrega | K86: Detectivo | L86: =IFERROR(VLOOKUP($K86,'11 FORMULAS'!$B$51:$C$53,2,0),"") -> 0.15 | M86: =IFERROR(VLOOKUP($K86,'11 FORMULAS'!$B$51:$D$53,3,0),"") -> Probabilidad | N86: Manual | O86: =IFERROR(VLOOKUP($N86,'11 FORMULAS'!$B$54:$C$55,2,0),"") -> 0.15 | P86: Procedimientos | Q86: Semestral | R86: Con registro manual | S86: Interna | T86: =IF(OR($L86="",$O86=""),"",IFERROR($L86+$O86,"")) -> 0.3 | U86: =IF(U85="","",IF($K86="",U85,IF($M86='11 FORMULAS'!$D$51,U85-(U85*$T86),U85))) -> 0.1512 | V86: =IF(V85="","",IF($K86="",V85,IF($M86='11 FORMULAS'!$D$53,V85-(V85*$T86),V85))) -> 0.4 | Z86: Media | AA86: 0.41 | AB86: 0.6
F87: 4 | G87: Responsable del proceso Bienestar | H87: Corrige | I87: de forma inmediata desviaciones de ejecución, reprocesos, incumplimientos o falta de soportes, con responsable y fecha de cierre. | J87: =CONCATENATE(G87," ",H87," ",I87) -> Responsable del proceso Bienestar Corrige de forma inmediata desviaciones de ejecución, reprocesos, incumplimientos o falta de soportes, con responsable y fecha de cierre. | K87: Correctivo | L87: =IFERROR(VLOOKUP($K87,'11 FORMULAS'!$B$51:$C$53,2,0),"") -> 0.1 | M87: =IFERROR(VLOOKUP($K87,'11 FORMULAS'!$B$51:$D$53,3,0),"") -> Impacto | N87: Manual | O87: =IFERROR(VLOOKUP($N87,'11 FORMULAS'!$B$54:$C$55,2,0),"") -> 0.15 | P87: Procedimientos | Q87: Continua | R87: Con registro manual | S87: Interna | T87: =IF(OR($L87="",$O87=""),"",IFERROR($L87+$O87,"")) -> 0.25 | U87: =IF(U86="","",IF($K87="",U86,IF($M87='11 FORMULAS'!$D$51,U86-(U86*$T87),U86))) -> 0.1512 | V87: =IF(V86="","",IF($K87="",V86,IF($M87='11 FORMULAS'!$D$53,V86-(V86*$T87),V86))) -> 0.3 | Z87: Alta | AA87: 0.61 | AB87: 0.8
F88: 5 | G88: Oficina Asesora de Planeación / Segunda línea de defensa | H88: Verifica | I88: trimestralmente la calidad de evidencias, cumplimiento de controles y coherencia del reporte del líder del proceso. | J88: =CONCATENATE(G88," ",H88," ",I88) -> Oficina Asesora de Planeación / Segunda línea de defensa Verifica trimestralmente la calidad de evidencias, cumplimiento de controles y coherencia del reporte del líder del proceso. | K88: Preventivo | L88: =IFERROR(VLOOKUP($K88,'11 FORMULAS'!$B$51:$C$53,2,0),"") -> 0.25 | M88: =IFERROR(VLOOKUP($K88,'11 FORMULAS'!$B$51:$D$53,3,0),"") -> Probabilidad | N88: Automático | O88: =IFERROR(VLOOKUP($N88,'11 FORMULAS'!$B$54:$C$55,2,0),"") -> 0.25 | P88: Procedimientos | Q88: Trimestral | R88: Con registro manual | S88: Interna | T88: =IF(OR($L88="",$O88=""),"",IFERROR($L88+$O88,"")) -> 0.5 | U88: =IF(U87="","",IF($K88="",U87,IF($M88='11 FORMULAS'!$D$51,U87-(U87*$T88),U87))) -> 0.0756 | V88: =IF(V87="","",IF($K88="",V87,IF($M88='11 FORMULAS'!$D$53,V87-(V87*$T88),V87))) -> 0.3 | Z88: Muy Alta | AA88: 0.81 | AB88: 1
F89: 6 | G89: Oficina de Control Interno | H89: Evalúa | I89: mediante seguimiento independiente la efectividad del control y formula recomendaciones o acciones correctivas institucionales. | J89: =CONCATENATE(G89," ",H89," ",I89) -> Oficina de Control Interno Evalúa mediante seguimiento independiente la efectividad del control y formula recomendaciones o acciones correctivas institucionales. | K89: Correctivo | L89: =IFERROR(VLOOKUP($K89,'11 FORMULAS'!$B$51:$C$53,2,0),"") -> 0.1 | M89: =IFERROR(VLOOKUP($K89,'11 FORMULAS'!$B$51:$D$53,3,0),"") -> Impacto | N89: Automático | O89: =IFERROR(VLOOKUP($N89,'11 FORMULAS'!$B$54:$C$55,2,0),"") -> 0.25 | P89: Procedimientos | Q89: Semestral | R89: Con registro electrónico | S89: Interna | T89: =IF(OR($L89="",$O89=""),"",IFERROR($L89+$O89,"")) -> 0.35 | U89: =IF(U88="","",IF($K89="",U88,IF($M89='11 FORMULAS'!$D$51,U88-(U88*$T89),U88))) -> 0.0756 | V89: =IF(V88="","",IF($K89="",V88,IF($M89='11 FORMULAS'!$D$53,V88-(V88*$T89),V88))) -> 0.195
A90: R14 | B90: Posibilidad de afectación jurídica, contractual y administrativa por errores en trámites contractuales, administrativos, gestión de bienes o atención de obligaciones institucionales debido a aplicación incompleta de procedimientos, revisión jurídica insuficiente y debilidades en archivo y seguimiento | C90: Legal Administrativa | D90: =+'3 PROBABIL E IMPACTO INHERENTE'!F24 -> 0.6 | E90: =+'3 PROBABIL E IMPACTO INHERENTE'!N24 -> 0.4 | F90: 1 | G90: Responsable del proceso Legal Administrativa | H90: Verifica | I90: Que cada trámite contractual, administrativo o de bienes cuente con solicitud, justificación, soportes mínimos y responsable asignado antes de iniciar su gestión. | J90: =CONCATENATE(G90," ",H90," ",I90) -> Responsable del proceso Legal Administrativa Verifica Que cada trámite contractual, administrativo o de bienes cuente con solicitud, justificación, soportes mínimos y responsable asignado antes de iniciar su gestión. | K90: Preventivo | L90: =IFERROR(VLOOKUP($K90,'11 FORMULAS'!$B$51:$C$53,2,0),"") -> 0.25 | M90: =IFERROR(VLOOKUP($K90,'11 FORMULAS'!$B$51:$D$53,3,0),"") -> Probabilidad | N90: Manual | O90: =IFERROR(VLOOKUP($N90,'11 FORMULAS'!$B$54:$C$55,2,0),"") -> 0.15 | P90: Procedimientos | Q90: Continua | R90: Con registro manual | S90: Interna | T90: =IF(OR($L90="",$O90=""),"",IFERROR($L90+$O90,"")) -> 0.4 | U90: =IF($D90="","",IF($K90="",$D90,IF($M90='11 FORMULAS'!$D$51,$D90-($D90*$T90),$D90))) -> 0.36 | V90: =IF($E90="","",IF($K90="",$E90,IF($M90='11 FORMULAS'!$D$53,$E90-($E90*$T90),$E90))) -> 0.4 | W90: =IF(U95="","",U95) -> 0.0648 | X90: =IF(V95="","",V95) -> 0.169 | Z90: Muy Baja | AA90: 0.01 | AB90: 0.2
